Workbook
Name _: DATE(YEAR('10% spread plus 5% lumpsum'!Loan_Start),MONTH('10% spread plus 5% lumpsum'!Loan_Start)+Payment_Number,DAY('10% spread plus 5% lumpsum'!Loan_Start))
Name _: DATE(YEAR('10% step up plus 5% lumpsum'!Loan_Start),MONTH('10% step up plus 5% lumpsum'!Loan_Start)+Payment_Number,DAY('10% step up plus 5% lumpsum'!Loan_Start))
Name _: DATE(YEAR(Loan_Start),MONTH(Loan_Start)+Payment_Number,DAY(Loan_Start))
Name _: DATE(YEAR(Loan_Start),MONTH(Loan_Start)+Payment_Number,DAY(Loan_Start))
Name Ancheta: #N/A
Name Beg_Bal: #REF!
Name Beg_Bal: #REF!
Name Beg_Bal: 'Amort Computation'!$C$25:$C$384
Name Beg_Bal: #REF!
Name Calaca: #N/A
Name Data: 'Amort Computation'!$A$25:$I$384
Name DocTemplates: OFFSET(#REF!,,,COUNTA(#REF!),1)
Name DocTemplates: OFFSET(#REF!,,,COUNTA(#REF!),1)
Name DocTemplates: OFFSET(#REF!,,,COUNTA(#REF!),1)
Name DocTemplates: OFFSET(#REF!,,,COUNTA(#REF!),1)
Name DocTemplates: OFFSET(#REF!,,,COUNTA(#REF!),1)
Name DocTemplates: OFFSET(#REF!,,,COUNTA(#REF!),1)
Name DocTemplates: OFFSET(#REF!,,,COUNTA(#REF!),1)
Name DocTemplates: OFFSET(#REF!,,,COUNTA(#REF!),1)
Name End_Bal: #REF!
Name End_Bal: #REF!
Name End_Bal: 'Amort Computation'!$I$25:$I$384
Name End_Bal: #REF!
Name Extra_Pay: #REF!
Name Extra_Pay: #REF!
Name Extra_Pay: 'Amort Computation'!$E$25:$E$384
Name Extra_Pay: #REF!
Name Full_Print: '[1]Amort Computation'!$A$1:$I$384
Name Full_Print: '[2]Amort Computation'!$A$1:$I$384
Name Full_Print: 'Amort Computation'!$A$1:$I$384
Name Header_Row: ROW(#REF!)
Name Header_Row: ROW(#REF!)
Name Header_Row: ROW('Amort Computation'!$24:$24)
Name Header_Row: ROW(#REF!)
Name Int: #REF!
Name Int: #REF!
Name Int: 'Amort Computation'!$H$25:$H$384
Name Int: #REF!
Name Interest_Rate: #REF!
Name Interest_Rate: #REF!
Name Interest_Rate: 'Amort Computation'!$D$15
Name Interest_Rate: #REF!
Name Last_Row: IF('10% spread plus 5% lumpsum'!Values_Entered,'10% spread plus 5% lumpsum'!Header_Row+'10% spread plus 5% lumpsum'!Number_of_Payments,'10% spread plus 5% lumpsum'!Header_Row)
Name Last_Row: IF('10% step up plus 5% lumpsum'!Values_Entered,'10% step up plus 5% lumpsum'!Header_Row+'10% step up plus 5% lumpsum'!Number_of_Payments,'10% step up plus 5% lumpsum'!Header_Row)
Name Last_Row: IF('Amort Computation'!Values_Entered,'Amort Computation'!Header_Row+'Amort Computation'!Number_of_Payments,'Amort Computation'!Header_Row)
Name Last_Row: IF(RECOVERIES!Values_Entered,Header_Row+RECOVERIES!Number_of_Payments,Header_Row)
Name Last_Row: IF(Values_Entered,Header_Row+Number_of_Payments,Header_Row)
Name Loan_Amount: #REF!
Name Loan_Amount: #REF!
Name Loan_Amount: 'Amort Computation'!$D$14
Name Loan_Amount: #REF!
Name Loan_Start: #REF!
Name Loan_Start: #REF!
Name Loan_Start: 'Amort Computation'!$D$18
Name Loan_Start: #REF!
Name Loan_Years: #REF!
Name Loan_Years: #REF!
Name Loan_Years: 'Amort Computation'!$D$16
Name Loan_Years: #REF!
Name Num_Pmt_Per_Year: #REF!

Sheet Construction Sched 2023
O7: *Internal applied to Equity term plus 2 months buffer
B12: Aug. 2023
B13: Current term | C13: New Term
A14: B1 | B14: 27 | C14: 30
A15: B2 | B15: 32 | C15: 35
A16: B3 | B16: 37 | C16: 40
A20: NEW | B20: as of Sept. 28,2023
B41: NEW
B42: B1 | C42: 45748
B43: B2 | C43: 45931
B44: B3 | C44: 46174

Sheet Amort Computation
H2: ANNEX "A"
A4: ILOILO SOUTHPRIME DEVELOPERS INC. | G4: Date and Time Printed: | I4: =NOW() -> 45902.531
A7: Buyer's Name:
A8: Project Name: | C8: EMERALD ESTATES
A9: Unit No.: | C9: BLOCK LOT | G9: Financing:
B13: Payment Schedule | F13: Outstanding Balance Summary
C14: Loan Amount | D14: ='Corrected and Updated TSF 2'!FO225 -> 0 | G14: Scheduled Payment | H14: =IF(Values_Entered,-PMT(Interest_Rate/Num_Pmt_Per_Year,Loan_Years*Num_Pmt_Per_Year,Loan_Amount),"")
C15: Annual Interest Rate | D15: 0.085 | G15: Scheduled Number of Payments
C16: Loan Period in Years | D16: 10 | G16: Actual Number of Payments | H16: =IF(Values_Entered,Number_of_Payments,"")
C17: Number of Payments Per Year | D17: 12 | G17: Total Early Payments | H17: 0
C18: Start Date of Loan | D18: 45005 | G18: Total Interest | H18: =IF(Values_Entered,SUMIF(Beg_Bal,">0",Int),"") | M18: PROJECTION
C19: Optional Extra Payments | M19: LINK GOING TO LD OR INHS MASTERLIST
L21: MONTH | M21: =INDEX($B$25:$B$135,COLUMN(A1),1) -> 45005 | N21: =INDEX($B$25:$B$135,COLUMN(B1),1) -> 45036 | O21: =INDEX($B$25:$B$135,COLUMN(C1),1) -> 45066 | P21: =INDEX($B$25:$B$135,COLUMN(D1),1) -> 45097 | Q21: =INDEX($B$25:$B$135,COLUMN(E1),1) -> 45127 | R21: =INDEX($B$25:$B$135,COLUMN(F1),1) -> 45158 | S21: =INDEX($B$25:$B$135,COLUMN(G1),1) -> 45189 | T21: =INDEX($B$25:$B$135,COLUMN(H1),1) -> 45219 | ... BT21: =INDEX($B$25:$B$135,COLUMN(BH1),1) -> 46803 | BW21: amount | BX21: prin cipal | BY21: interest | BZ21: balance
A23: PmtNo. | B23: Payment Date | C23: Beginning Balance | D23: Scheduled Payment | E23: Extra Payment | F23: Total Payment | G23: Principal | H23: Interest | I23: Ending Balance | J23: Paid/Credited | L23: TRANCHES | M23: 1 | N23: =M23+1 -> 2 | O23: =N23+1 -> 3 | P23: =O23+1 -> 4 | Q23: =P23+1 -> 5 | R23: =Q23+1 -> 6 | S23: =R23+1 -> 7 | T23: =S23+1 -> 8 | U23: =T23+1 -> 9 | ... BT23: =BS23+1 -> 60 | BZ23: =Loan_Amount -> 0 | CA23: =PMT(16%/12,60,BZ23) -> 0
A25: =IF(Values_Entered,1,"") | B25: =Loan_Start -> 45005 | C25: =IF(Values_Entered,Loan_Amount,"") | D25: =IF(Pay_Num<>"",Scheduled_Monthly_Payment,"") | F25: =IF(AND(Pay_Num<>"",Sched_Pay+Extra_Pay<Beg_Bal),Sched_Pay+Extra_Pay,IF(Pay_Num<>"",Beg_Bal,"")) -> #VALUE! | G25: =IF(Pay_Num<>"",Total_Pay-Int,"") | H25: =IF(Pay_Num<>"",Beg_Bal*(Interest_Rate/Num_Pmt_Per_Year),"") | I25: =IF(AND(Pay_Num<>"",Sched_Pay+Extra_Pay<Beg_Bal),Beg_Bal-Princ,IF(Pay_Num<>"",0,"")) -> #VALUE! | J25: ='[4]B11-L8'!J32 -> PAID | L25: =G23 -> Principal | M25: =INDEX($G$25:$H$288,COLUMN(A1),1) | N25: =INDEX($G$25:$H$288,COLUMN(B1),1) | O25: =INDEX($G$25:$H$288,COLUMN(C1),1) | P25: =INDEX($G$25:$H$288,COLUMN(D1),1) | Q25: =INDEX($G$25:$H$288,COLUMN(E1),1) | R25: =INDEX($G$25:$H$288,COLUMN(F1),1) | S25: =INDEX($G$25:$H$288,COLUMN(G1),1) | T25: =INDEX($G$25:$H$288,COLUMN(H1),1) | ... BT25: =INDEX($G$25:$H$288,COLUMN(BH1),1) | BW25: 34058 | BX25: =BW25-BY25 -> 34058 | BY25: =BZ23*16%/12 -> 0 | BZ25: =BZ23-BX25 -> -34058
A26: =IF(Values_Entered,A25+1,"") | B26: =Loan_Start+31 -> 45036 | C26: =IF(Pay_Num<>"",I25,"") | D26: =IF(Pay_Num<>"",Scheduled_Monthly_Payment,"") | F26: =IF(AND(Pay_Num<>"",Sched_Pay+Extra_Pay<Beg_Bal),Sched_Pay+Extra_Pay,IF(Pay_Num<>"",Beg_Bal,"")) -> #VALUE! | G26: =IF(Pay_Num<>"",Total_Pay-Int,"") | H26: =IF(Pay_Num<>"",Beg_Bal*Interest_Rate/Num_Pmt_Per_Year,"") | I26: =IF(AND(Pay_Num<>"",Sched_Pay+Extra_Pay<Beg_Bal),Beg_Bal-Princ,IF(Pay_Num<>"",0,"")) -> #VALUE! | J26: ='[4]B11-L8'!J33 -> PAID | L26: =H23 -> Interest | M26: =INDEX($H$25:$H$164,COLUMN(A2),1) | N26: =INDEX($H$25:$H$164,COLUMN(B2),1) | O26: =INDEX($H$25:$H$164,COLUMN(C2),1) | P26: =INDEX($H$25:$H$164,COLUMN(D2),1) | Q26: =INDEX($H$25:$H$164,COLUMN(E2),1) | R26: =INDEX($H$25:$H$164,COLUMN(F2),1) | S26: =INDEX($H$25:$H$164,COLUMN(G2),1) | T26: =INDEX($H$25:$H$164,COLUMN(H2),1) | ... BT26: =INDEX($H$25:$H$164,COLUMN(BH2),1) | BW26: 34058 | BX26: =BW26-BY26 -> 34512.107 | BY26: =BZ25*16%/12 -> -454.10667 | BZ26: =BZ25-BX26 -> -68570.107
A27: =IF(Values_Entered,A26+1,"") | B27: =B26+30 -> 45066 | C27: =IF(Pay_Num<>"",I26,"") | D27: =IF(Pay_Num<>"",Scheduled_Monthly_Payment,"") | F27: =IF(AND(Pay_Num<>"",Sched_Pay+Extra_Pay<Beg_Bal),Sched_Pay+Extra_Pay,IF(Pay_Num<>"",Beg_Bal,"")) -> #VALUE! | G27: =IF(Pay_Num<>"",Total_Pay-Int,"") | H27: =IF(Pay_Num<>"",Beg_Bal*Interest_Rate/Num_Pmt_Per_Year,"") | I27: =IF(AND(Pay_Num<>"",Sched_Pay+Extra_Pay<Beg_Bal),Beg_Bal-Princ,IF(Pay_Num<>"",0,"")) -> #VALUE! | J27: ='[4]B11-L8'!J34 -> PAID | L27: TOTAL | M27: =SUM(M25:M26) -> 0 | N27: =SUM(N25:N26) -> 0 | O27: =SUM(O25:O26) -> 0 | P27: =SUM(P25:P26) -> 0 | Q27: =SUM(Q25:Q26) -> 0 | R27: =SUM(R25:R26) -> 0 | S27: =SUM(S25:S26) -> 0 | T27: =SUM(T25:T26) -> 0 | ... BT27: =SUM(BT25:BT26) -> 0 | BW27: 34058 | BX27: =BW27-BY27 -> 34972.268 | BY27: =BZ26*16%/12 -> -914.26809 | BZ27: =BZ26-BX27 -> -103542.37
A28: =IF(Values_Entered,A27+1,"") | B28: =B27+31 -> 45097 | C28: =IF(Pay_Num<>"",I27,"") | D28: =IF(Pay_Num<>"",Scheduled_Monthly_Payment,"") | F28: =IF(AND(Pay_Num<>"",Sched_Pay+Extra_Pay<Beg_Bal),Sched_Pay+Extra_Pay,IF(Pay_Num<>"",Beg_Bal,"")) -> #VALUE! | G28: =IF(Pay_Num<>"",Total_Pay-Int,"") | H28: =IF(Pay_Num<>"",Beg_Bal*Interest_Rate/Num_Pmt_Per_Year,"") | I28: =IF(AND(Pay_Num<>"",Sched_Pay+Extra_Pay<Beg_Bal),Beg_Bal-Princ,IF(Pay_Num<>"",0,"")) -> #VALUE! | J28: ='[4]B11-L8'!J35 -> PAID | M28: =J25 -> PAID | N28: =K25 -> 0 | BW28: 34058 | BX28: =BW28-BY28 -> 35438.565 | BY28: =BZ27*16%/12 -> -1380.565 | BZ28: =BZ27-BX28 -> -138980.94
A29: =IF(Values_Entered,A28+1,"") | B29: =B28+30 -> 45127 | C29: =IF(Pay_Num<>"",I28,"") | D29: =IF(Pay_Num<>"",Scheduled_Monthly_Payment,"") | F29: =IF(AND(Pay_Num<>"",Sched_Pay+Extra_Pay<Beg_Bal),Sched_Pay+Extra_Pay,IF(Pay_Num<>"",Beg_Bal,"")) -> #VALUE! | G29: =IF(Pay_Num<>"",Total_Pay-Int,"") | H29: =IF(Pay_Num<>"",Beg_Bal*Interest_Rate/Num_Pmt_Per_Year,"") | I29: =IF(AND(Pay_Num<>"",Sched_Pay+Extra_Pay<Beg_Bal),Beg_Bal-Princ,IF(Pay_Num<>"",0,"")) -> #VALUE! | J29: ='[4]B11-L8'!J36 -> PAID | BW29: 34058 | BX29: =BW29-BY29 -> 35911.079 | BY29: =BZ28*16%/12 -> -1853.0792 | BZ29: =BZ28-BX29 -> -174892.02
A30: =IF(Values_Entered,A29+1,"") | B30: =B29+31 -> 45158 | C30: =IF(Pay_Num<>"",I29,"") | D30: =IF(Pay_Num<>"",Scheduled_Monthly_Payment,"") | F30: =IF(AND(Pay_Num<>"",Sched_Pay+Extra_Pay<Beg_Bal),Sched_Pay+Extra_Pay,IF(Pay_Num<>"",Beg_Bal,"")) -> #VALUE! | G30: =IF(Pay_Num<>"",Total_Pay-Int,"") | H30: =IF(Pay_Num<>"",Beg_Bal*Interest_Rate/Num_Pmt_Per_Year,"") | I30: =IF(AND(Pay_Num<>"",Sched_Pay+Extra_Pay<Beg_Bal),Beg_Bal-Princ,IF(Pay_Num<>"",0,"")) -> #VALUE! | J30: ='[4]B11-L8'!J37 -> PAID | BW30: 34058 | BX30: =BW30-BY30 -> 36389.894 | BY30: =BZ29*16%/12 -> -2331.8936 | BZ30: =BZ29-BX30 -> -211281.91
A31: =IF(Values_Entered,A30+1,"") | B31: =B30+31 -> 45189 | C31: =IF(Pay_Num<>"",I30,"") | D31: =IF(Pay_Num<>"",Scheduled_Monthly_Payment,"") | F31: =IF(AND(Pay_Num<>"",Sched_Pay+Extra_Pay<Beg_Bal),Sched_Pay+Extra_Pay,IF(Pay_Num<>"",Beg_Bal,"")) -> #VALUE! | G31: =IF(Pay_Num<>"",Total_Pay-Int,"") | H31: =IF(Pay_Num<>"",Beg_Bal*Interest_Rate/Num_Pmt_Per_Year,"") | I31: =IF(AND(Pay_Num<>"",Sched_Pay+Extra_Pay<Beg_Bal),Beg_Bal-Princ,IF(Pay_Num<>"",0,"")) -> #VALUE! | J31: ='[4]B11-L8'!J38 -> PAID | BW31: 34058 | BX31: =BW31-BY31 -> 36875.092 | BY31: =BZ30*16%/12 -> -2817.0922 | BZ31: =BZ30-BX31 -> -248157 | CJ31: Total Interest for 9 months
A32: =IF(Values_Entered,A31+1,"") | B32: =B31+30 -> 45219 | C32: =IF(Pay_Num<>"",I31,"") | D32: =IF(Pay_Num<>"",Scheduled_Monthly_Payment,"") | F32: =IF(AND(Pay_Num<>"",Sched_Pay+Extra_Pay<Beg_Bal),Sched_Pay+Extra_Pay,IF(Pay_Num<>"",Beg_Bal,"")) -> #VALUE! | G32: =IF(Pay_Num<>"",Total_Pay-Int,"") | H32: =IF(Pay_Num<>"",Beg_Bal*Interest_Rate/Num_Pmt_Per_Year,"") | I32: =IF(AND(Pay_Num<>"",Sched_Pay+Extra_Pay<Beg_Bal),Beg_Bal-Princ,IF(Pay_Num<>"",0,"")) -> #VALUE! | J32: ='[4]B11-L8'!J39 -> PAID | BW32: 34058 | BX32: =BW32-BY32 -> 37366.76 | BY32: =BZ31*16%/12 -> -3308.7601 | BZ32: =BZ31-BX32 -> -285523.76 | CJ32: =SUM(H25:H33) -> 0
A33: =IF(Values_Entered,A32+1,"") | B33: =B32+31 -> 45250 | C33: =IF(Pay_Num<>"",I32,"") | D33: =IF(Pay_Num<>"",Scheduled_Monthly_Payment,"") | F33: =IF(AND(Pay_Num<>"",Sched_Pay+Extra_Pay<Beg_Bal),Sched_Pay+Extra_Pay,IF(Pay_Num<>"",Beg_Bal,"")) -> #VALUE! | G33: =IF(Pay_Num<>"",Total_Pay-Int,"") | H33: =IF(Pay_Num<>"",Beg_Bal*Interest_Rate/Num_Pmt_Per_Year,"") | I33: =IF(AND(Pay_Num<>"",Sched_Pay+Extra_Pay<Beg_Bal),Beg_Bal-Princ,IF(Pay_Num<>"",0,"")) -> #VALUE! | J33: ='[4]B11-L8'!J40 -> PAID | BW33: 34058 | BX33: =BW33-BY33 -> 37864.984 | BY33: =BZ32*16%/12 -> -3806.9835 | BZ33: =BZ32-BX33 -> -323388.75
A34: =IF(Values_Entered,A33+1,"") | B34: =B33+30 -> 45280 | C34: =IF(Pay_Num<>"",I33,"") | D34: =IF(Pay_Num<>"",Scheduled_Monthly_Payment,"") | F34: =IF(AND(Pay_Num<>"",Sched_Pay+Extra_Pay<Beg_Bal),Sched_Pay+Extra_Pay,IF(Pay_Num<>"",Beg_Bal,"")) -> #VALUE! | G34: =IF(Pay_Num<>"",Total_Pay-Int,"") | H34: =IF(Pay_Num<>"",Beg_Bal*Interest_Rate/Num_Pmt_Per_Year,"") | I34: =IF(AND(Pay_Num<>"",Sched_Pay+Extra_Pay<Beg_Bal),Beg_Bal-Princ,IF(Pay_Num<>"",0,"")) -> #VALUE! | J34: ='[4]B11-L8'!J41 -> PAID | BW34: 34058 | BX34: =BW34-BY34 -> 38369.85 | BY34: =BZ33*16%/12 -> -4311.85 | BZ34: =BZ33-BX34 -> -361758.6
A35: =IF(Values_Entered,A34+1,"") | B35: =B34+31 -> 45311 | C35: =IF(Pay_Num<>"",I34,"") | D35: =IF(Pay_Num<>"",Scheduled_Monthly_Payment,"") | F35: =IF(AND(Pay_Num<>"",Sched_Pay+Extra_Pay<Beg_Bal),Sched_Pay+Extra_Pay,IF(Pay_Num<>"",Beg_Bal,"")) -> #VALUE! | G35: =IF(Pay_Num<>"",Total_Pay-Int,"") | H35: =IF(Pay_Num<>"",Beg_Bal*Interest_Rate/Num_Pmt_Per_Year,"") | I35: =IF(AND(Pay_Num<>"",Sched_Pay+Extra_Pay<Beg_Bal),Beg_Bal-Princ,IF(Pay_Num<>"",0,"")) -> #VALUE! | J35: ='[4]B11-L8'!J42 -> PAID | L35: TOTAL AMOUNT | BW35: 34058 | BX35: =BW35-BY35 -> 38881.448 | BY35: =BZ34*16%/12 -> -4823.448 | BZ35: =BZ34-BX35 -> -400640.05
A36: =IF(Values_Entered,A35+1,"") | B36: =B35+31 -> 45342 | C36: =IF(Pay_Num<>"",I35,"") | D36: =IF(Pay_Num<>"",Scheduled_Monthly_Payment,"") | F36: =IF(AND(Pay_Num<>"",Sched_Pay+Extra_Pay<Beg_Bal),Sched_Pay+Extra_Pay,IF(Pay_Num<>"",Beg_Bal,"")) -> #VALUE! | G36: =IF(Pay_Num<>"",Total_Pay-Int,"") | H36: =IF(Pay_Num<>"",Beg_Bal*Interest_Rate/Num_Pmt_Per_Year,"") | I36: =IF(AND(Pay_Num<>"",Sched_Pay+Extra_Pay<Beg_Bal),Beg_Bal-Princ,IF(Pay_Num<>"",0,"")) -> #VALUE! | J36: ='[4]B11-L8'!J43 -> PAID | L36: =SUM(F25:F84) -> #VALUE! | BW36: 34058 | BX36: =BW36-BY36 -> 39399.867 | BY36: =BZ35*16%/12 -> -5341.8673 | BZ36: =BZ35-BX36 -> -440039.91
A37: =IF(Values_Entered,A36+1,"") | B37: =B36+29 -> 45371 | C37: =IF(Pay_Num<>"",I36,"") | D37: =IF(Pay_Num<>"",Scheduled_Monthly_Payment,"") | F37: =IF(AND(Pay_Num<>"",Sched_Pay+Extra_Pay<Beg_Bal),Sched_Pay+Extra_Pay,IF(Pay_Num<>"",Beg_Bal,"")) -> #VALUE! | G37: =IF(Pay_Num<>"",Total_Pay-Int,"") | H37: =IF(Pay_Num<>"",Beg_Bal*Interest_Rate/Num_Pmt_Per_Year,"") | I37: =IF(AND(Pay_Num<>"",Sched_Pay+Extra_Pay<Beg_Bal),Beg_Bal-Princ,IF(Pay_Num<>"",0,"")) -> #VALUE! | J37: ='[4]B11-L8'!J44 -> PAID | BW37: 34058 | BX37: =BW37-BY37 -> 39925.199 | BY37: =BZ36*16%/12 -> -5867.1988 | BZ37: =BZ36-BX37 -> -479965.11
A38: =IF(Values_Entered,A37+1,"") | B38: =B37+31 -> 45402 | C38: =IF(Pay_Num<>"",I37,"") | D38: =IF(Pay_Num<>"",Scheduled_Monthly_Payment,"") | F38: =IF(AND(Pay_Num<>"",Sched_Pay+Extra_Pay<Beg_Bal),Sched_Pay+Extra_Pay,IF(Pay_Num<>"",Beg_Bal,"")) -> #VALUE! | G38: =IF(Pay_Num<>"",Total_Pay-Int,"") | H38: =IF(Pay_Num<>"",Beg_Bal*Interest_Rate/Num_Pmt_Per_Year,"") | I38: =IF(AND(Pay_Num<>"",Sched_Pay+Extra_Pay<Beg_Bal),Beg_Bal-Princ,IF(Pay_Num<>"",0,"")) -> #VALUE! | J38: ='[4]B11-L8'!J45 -> PAID | BW38: 34058 | BX38: =BW38-BY38 -> 40457.535 | BY38: =BZ37*16%/12 -> -6399.5348 | BZ38: =BZ37-BX38 -> -520422.65
A39: =IF(Values_Entered,A38+1,"") | B39: =B38+30 -> 45432 | C39: =IF(Pay_Num<>"",I38,"") | D39: =IF(Pay_Num<>"",Scheduled_Monthly_Payment,"") | F39: =IF(AND(Pay_Num<>"",Sched_Pay+Extra_Pay<Beg_Bal),Sched_Pay+Extra_Pay,IF(Pay_Num<>"",Beg_Bal,"")) -> #VALUE! | G39: =IF(Pay_Num<>"",Total_Pay-Int,"") | H39: =IF(Pay_Num<>"",Beg_Bal*Interest_Rate/Num_Pmt_Per_Year,"") | I39: =IF(AND(Pay_Num<>"",Sched_Pay+Extra_Pay<Beg_Bal),Beg_Bal-Princ,IF(Pay_Num<>"",0,"")) -> #VALUE! | J39: ='[4]B11-L8'!J46 -> PAID | BW39: 34058 | BX39: =BW39-BY39 -> 40996.969 | BY39: =BZ38*16%/12 -> -6938.9686 | BZ39: =BZ38-BX39 -> -561419.62
A40: =IF(Values_Entered,A39+1,"") | B40: =B39+31 -> 45463 | C40: =IF(Pay_Num<>"",I39,"") | D40: =IF(Pay_Num<>"",Scheduled_Monthly_Payment,"") | F40: =IF(AND(Pay_Num<>"",Sched_Pay+Extra_Pay<Beg_Bal),Sched_Pay+Extra_Pay,IF(Pay_Num<>"",Beg_Bal,"")) -> #VALUE! | G40: =IF(Pay_Num<>"",Total_Pay-Int,"") | H40: =IF(Pay_Num<>"",Beg_Bal*Interest_Rate/Num_Pmt_Per_Year,"") | I40: =IF(AND(Pay_Num<>"",Sched_Pay+Extra_Pay<Beg_Bal),Beg_Bal-Princ,IF(Pay_Num<>"",0,"")) -> #VALUE! | J40: ='[4]B11-L8'!J47 -> PAID | BW40: 34058 | BX40: =BW40-BY40 -> 41543.595 | BY40: =BZ39*16%/12 -> -7485.5949 | BZ40: =BZ39-BX40 -> -602963.21
A41: =IF(Values_Entered,A40+1,"") | B41: =B40+30 -> 45493 | C41: =IF(Pay_Num<>"",I40,"") | D41: =IF(Pay_Num<>"",Scheduled_Monthly_Payment,"") | F41: =IF(AND(Pay_Num<>"",Sched_Pay+Extra_Pay<Beg_Bal),Sched_Pay+Extra_Pay,IF(Pay_Num<>"",Beg_Bal,"")) -> #VALUE! | G41: =IF(Pay_Num<>"",Total_Pay-Int,"") | H41: =IF(Pay_Num<>"",Beg_Bal*Interest_Rate/Num_Pmt_Per_Year,"") | I41: =IF(AND(Pay_Num<>"",Sched_Pay+Extra_Pay<Beg_Bal),Beg_Bal-Princ,IF(Pay_Num<>"",0,"")) -> #VALUE! | J41: ='[4]B11-L8'!J48 -> PAID | BW41: 34058 | BX41: =BW41-BY41 -> 42097.509 | BY41: =BZ40*16%/12 -> -8039.5095 | BZ41: =BZ40-BX41 -> -645060.72
A42: =IF(Values_Entered,A41+1,"") | B42: =B41+31 -> 45524 | C42: =IF(Pay_Num<>"",I41,"") | D42: =IF(Pay_Num<>"",Scheduled_Monthly_Payment,"") | F42: =IF(AND(Pay_Num<>"",Sched_Pay+Extra_Pay<Beg_Bal),Sched_Pay+Extra_Pay,IF(Pay_Num<>"",Beg_Bal,"")) -> #VALUE! | G42: =IF(Pay_Num<>"",Total_Pay-Int,"") | H42: =IF(Pay_Num<>"",Beg_Bal*Interest_Rate/Num_Pmt_Per_Year,"") | I42: =IF(AND(Pay_Num<>"",Sched_Pay+Extra_Pay<Beg_Bal),Beg_Bal-Princ,IF(Pay_Num<>"",0,"")) -> #VALUE! | J42: ='[4]B11-L8'!J49 -> PAID | BW42: 34058 | BX42: =BW42-BY42 -> 42658.81 | BY42: =BZ41*16%/12 -> -8600.8096 | BZ42: =BZ41-BX42 -> -687719.53
A43: =IF(Values_Entered,A42+1,"") | B43: =B42+31 -> 45555 | C43: =IF(Pay_Num<>"",I42,"") | D43: =IF(Pay_Num<>"",Scheduled_Monthly_Payment,"") | F43: =IF(AND(Pay_Num<>"",Sched_Pay+Extra_Pay<Beg_Bal),Sched_Pay+Extra_Pay,IF(Pay_Num<>"",Beg_Bal,"")) -> #VALUE! | G43: =IF(Pay_Num<>"",Total_Pay-Int,"") | H43: =IF(Pay_Num<>"",Beg_Bal*Interest_Rate/Num_Pmt_Per_Year,"") | I43: =IF(AND(Pay_Num<>"",Sched_Pay+Extra_Pay<Beg_Bal),Beg_Bal-Princ,IF(Pay_Num<>"",0,"")) -> #VALUE! | J43: ='[4]B11-L8'!J50 -> PAID | BW43: 34058 | BX43: =BW43-BY43 -> 43227.594 | BY43: =BZ42*16%/12 -> -9169.5937 | BZ43: =BZ42-BX43 -> -730947.12
A44: =IF(Values_Entered,A43+1,"") | B44: =B43+30 -> 45585 | C44: =IF(Pay_Num<>"",I43,"") | D44: =IF(Pay_Num<>"",Scheduled_Monthly_Payment,"") | F44: =IF(AND(Pay_Num<>"",Sched_Pay+Extra_Pay<Beg_Bal),Sched_Pay+Extra_Pay,IF(Pay_Num<>"",Beg_Bal,"")) -> #VALUE! | G44: =IF(Pay_Num<>"",Total_Pay-Int,"") | H44: =IF(Pay_Num<>"",Beg_Bal*Interest_Rate/Num_Pmt_Per_Year,"") | I44: =IF(AND(Pay_Num<>"",Sched_Pay+Extra_Pay<Beg_Bal),Beg_Bal-Princ,IF(Pay_Num<>"",0,"")) -> #VALUE! | J44: ='[4]B11-L8'!J51 -> PAID | BW44: 34058 | BX44: =BW44-BY44 -> 43803.962 | BY44: =BZ43*16%/12 -> -9745.9616 | BZ44: =BZ43-BX44 -> -774751.09
A45: =IF(Values_Entered,A44+1,"") | B45: =B44+31 -> 45616 | C45: =IF(Pay_Num<>"",I44,"") | D45: =IF(Pay_Num<>"",Scheduled_Monthly_Payment,"") | F45: =IF(AND(Pay_Num<>"",Sched_Pay+Extra_Pay<Beg_Bal),Sched_Pay+Extra_Pay,IF(Pay_Num<>"",Beg_Bal,"")) -> #VALUE! | G45: =IF(Pay_Num<>"",Total_Pay-Int,"") | H45: =IF(Pay_Num<>"",Beg_Bal*Interest_Rate/Num_Pmt_Per_Year,"") | I45: =IF(AND(Pay_Num<>"",Sched_Pay+Extra_Pay<Beg_Bal),Beg_Bal-Princ,IF(Pay_Num<>"",0,"")) -> #VALUE! | J45: ='[4]B11-L8'!J52 -> PAID | BW45: 34058 | BX45: =BW45-BY45 -> 44388.014 | BY45: =BZ44*16%/12 -> -10330.014 | BZ45: =BZ44-BX45 -> -819139.1
A46: =IF(Values_Entered,A45+1,"") | B46: =B45+30 -> 45646 | C46: =IF(Pay_Num<>"",I45,"") | D46: =IF(Pay_Num<>"",Scheduled_Monthly_Payment,"") | F46: =IF(AND(Pay_Num<>"",Sched_Pay+Extra_Pay<Beg_Bal),Sched_Pay+Extra_Pay,IF(Pay_Num<>"",Beg_Bal,"")) -> #VALUE! | G46: =IF(Pay_Num<>"",Total_Pay-Int,"") | H46: =IF(Pay_Num<>"",Beg_Bal*Interest_Rate/Num_Pmt_Per_Year,"") | I46: =IF(AND(Pay_Num<>"",Sched_Pay+Extra_Pay<Beg_Bal),Beg_Bal-Princ,IF(Pay_Num<>"",0,"")) -> #VALUE! | J46: ='[4]B11-L8'!J53 -> PAID | BW46: 34058 | BX46: =BW46-BY46 -> 44979.855 | BY46: =BZ45*16%/12 -> -10921.855 | BZ46: =BZ45-BX46 -> -864118.95
A47: =IF(Values_Entered,A46+1,"") | B47: =B46+31 -> 45677 | C47: =IF(Pay_Num<>"",I46,"") | D47: =IF(Pay_Num<>"",Scheduled_Monthly_Payment,"") | F47: =IF(AND(Pay_Num<>"",Sched_Pay+Extra_Pay<Beg_Bal),Sched_Pay+Extra_Pay,IF(Pay_Num<>"",Beg_Bal,"")) -> #VALUE! | G47: =IF(Pay_Num<>"",Total_Pay-Int,"") | H47: =IF(Pay_Num<>"",Beg_Bal*Interest_Rate/Num_Pmt_Per_Year,"") | I47: =IF(AND(Pay_Num<>"",Sched_Pay+Extra_Pay<Beg_Bal),Beg_Bal-Princ,IF(Pay_Num<>"",0,"")) -> #VALUE! | J47: ='[4]B11-L8'!J54 -> PAID | BW47: 34058 | BX47: =BW47-BY47 -> 45579.586 | BY47: =BZ46*16%/12 -> -11521.586 | BZ47: =BZ46-BX47 -> -909698.54
A48: =IF(Values_Entered,A47+1,"") | B48: =B47+31 -> 45708 | C48: =IF(Pay_Num<>"",I47,"") | D48: =IF(Pay_Num<>"",Scheduled_Monthly_Payment,"") | F48: =IF(AND(Pay_Num<>"",Sched_Pay+Extra_Pay<Beg_Bal),Sched_Pay+Extra_Pay,IF(Pay_Num<>"",Beg_Bal,"")) -> #VALUE! | G48: =IF(Pay_Num<>"",Total_Pay-Int,"") | H48: =IF(Pay_Num<>"",Beg_Bal*Interest_Rate/Num_Pmt_Per_Year,"") | I48: =IF(AND(Pay_Num<>"",Sched_Pay+Extra_Pay<Beg_Bal),Beg_Bal-Princ,IF(Pay_Num<>"",0,"")) -> #VALUE! | J48: ='[4]B11-L8'!J55 -> PAID | BW48: 34058 | BX48: =BW48-BY48 -> 46187.314 | BY48: =BZ47*16%/12 -> -12129.314 | BZ48: =BZ47-BX48 -> -955885.85
A49: =IF(Values_Entered,A48+1,"") | B49: =B48+28 -> 45736 | C49: =IF(Pay_Num<>"",I48,"") | D49: =IF(Pay_Num<>"",Scheduled_Monthly_Payment,"") | F49: =IF(AND(Pay_Num<>"",Sched_Pay+Extra_Pay<Beg_Bal),Sched_Pay+Extra_Pay,IF(Pay_Num<>"",Beg_Bal,"")) -> #VALUE! | G49: =IF(Pay_Num<>"",Total_Pay-Int,"") | H49: =IF(Pay_Num<>"",Beg_Bal*Interest_Rate/Num_Pmt_Per_Year,"") | I49: =IF(AND(Pay_Num<>"",Sched_Pay+Extra_Pay<Beg_Bal),Beg_Bal-Princ,IF(Pay_Num<>"",0,"")) -> #VALUE! | J49: ='[4]B11-L8'!J56 -> PAID | BW49: 34058 | BX49: =BW49-BY49 -> 46803.145 | BY49: =BZ48*16%/12 -> -12745.145 | BZ49: =BZ48-BX49 -> -1002689
A50: =IF(Values_Entered,A49+1,"") | B50: =B49+31 -> 45767 | C50: =IF(Pay_Num<>"",I49,"") | D50: =IF(Pay_Num<>"",Scheduled_Monthly_Payment,"") | F50: =IF(AND(Pay_Num<>"",Sched_Pay+Extra_Pay<Beg_Bal),Sched_Pay+Extra_Pay,IF(Pay_Num<>"",Beg_Bal,"")) -> #VALUE! | G50: =IF(Pay_Num<>"",Total_Pay-Int,"") | H50: =IF(Pay_Num<>"",Beg_Bal*Interest_Rate/Num_Pmt_Per_Year,"") | I50: =IF(AND(Pay_Num<>"",Sched_Pay+Extra_Pay<Beg_Bal),Beg_Bal-Princ,IF(Pay_Num<>"",0,"")) -> #VALUE! | J50: ='[4]B11-L8'!J57 -> PAID | BW50: 34058 | BX50: =BW50-BY50 -> 47427.187 | BY50: =BZ49*16%/12 -> -13369.187 | BZ50: =BZ49-BX50 -> -1050116.2
A51: =IF(Values_Entered,A50+1,"") | B51: =B50+30 -> 45797 | C51: =IF(Pay_Num<>"",I50,"") | D51: =IF(Pay_Num<>"",Scheduled_Monthly_Payment,"") | F51: =IF(AND(Pay_Num<>"",Sched_Pay+Extra_Pay<Beg_Bal),Sched_Pay+Extra_Pay,IF(Pay_Num<>"",Beg_Bal,"")) -> #VALUE! | G51: =IF(Pay_Num<>"",Total_Pay-Int,"") | H51: =IF(Pay_Num<>"",Beg_Bal*Interest_Rate/Num_Pmt_Per_Year,"") | I51: =IF(AND(Pay_Num<>"",Sched_Pay+Extra_Pay<Beg_Bal),Beg_Bal-Princ,IF(Pay_Num<>"",0,"")) -> #VALUE! | J51: ='[4]B11-L8'!J58 -> PAID | BW51: 34058 | BX51: =BW51-BY51 -> 48059.549 | BY51: =BZ50*16%/12 -> -14001.549 | BZ51: =BZ50-BX51 -> -1098175.7
A52: =IF(Values_Entered,A51+1,"") | B52: =B51+31 -> 45828 | C52: =IF(Pay_Num<>"",I51,"") | D52: =IF(Pay_Num<>"",Scheduled_Monthly_Payment,"") | F52: =IF(AND(Pay_Num<>"",Sched_Pay+Extra_Pay<Beg_Bal),Sched_Pay+Extra_Pay,IF(Pay_Num<>"",Beg_Bal,"")) -> #VALUE! | G52: =IF(Pay_Num<>"",Total_Pay-Int,"") | H52: =IF(Pay_Num<>"",Beg_Bal*Interest_Rate/Num_Pmt_Per_Year,"") | I52: =IF(AND(Pay_Num<>"",Sched_Pay+Extra_Pay<Beg_Bal),Beg_Bal-Princ,IF(Pay_Num<>"",0,"")) -> #VALUE! | J52: ='[4]B11-L8'!J59 -> PAID | BW52: 34058 | BX52: =BW52-BY52 -> 48700.343 | BY52: =BZ51*16%/12 -> -14642.343 | BZ52: =BZ51-BX52 -> -1146876.1
A53: =IF(Values_Entered,A52+1,"") | B53: =B52+30 -> 45858 | C53: =IF(Pay_Num<>"",I52,"") | D53: =IF(Pay_Num<>"",Scheduled_Monthly_Payment,"") | F53: =IF(AND(Pay_Num<>"",Sched_Pay+Extra_Pay<Beg_Bal),Sched_Pay+Extra_Pay,IF(Pay_Num<>"",Beg_Bal,"")) -> #VALUE! | G53: =IF(Pay_Num<>"",Total_Pay-Int,"") | H53: =IF(Pay_Num<>"",Beg_Bal*Interest_Rate/Num_Pmt_Per_Year,"") | I53: =IF(AND(Pay_Num<>"",Sched_Pay+Extra_Pay<Beg_Bal),Beg_Bal-Princ,IF(Pay_Num<>"",0,"")) -> #VALUE! | J53: ='[4]B11-L8'!J60 -> PAID | BW53: 34058 | BX53: =BW53-BY53 -> 49349.681 | BY53: =BZ52*16%/12 -> -15291.681 | BZ53: =BZ52-BX53 -> -1196225.8
A54: =IF(Values_Entered,A53+1,"") | B54: =B53+31 -> 45889 | C54: =IF(Pay_Num<>"",I53,"") | D54: =IF(Pay_Num<>"",Scheduled_Monthly_Payment,"") | F54: =IF(AND(Pay_Num<>"",Sched_Pay+Extra_Pay<Beg_Bal),Sched_Pay+Extra_Pay,IF(Pay_Num<>"",Beg_Bal,"")) -> #VALUE! | G54: =IF(Pay_Num<>"",Total_Pay-Int,"") | H54: =IF(Pay_Num<>"",Beg_Bal*Interest_Rate/Num_Pmt_Per_Year,"") | I54: =IF(AND(Pay_Num<>"",Sched_Pay+Extra_Pay<Beg_Bal),Beg_Bal-Princ,IF(Pay_Num<>"",0,"")) -> #VALUE! | J54: ='[4]B11-L8'!J61 -> PAID | BW54: 34058 | BX54: =BW54-BY54 -> 50007.677 | BY54: =BZ53*16%/12 -> -15949.677 | BZ54: =BZ53-BX54 -> -1246233.4
A55: =IF(Values_Entered,A54+1,"") | B55: =B54+31 -> 45920 | C55: =IF(Pay_Num<>"",I54,"") | D55: =IF(Pay_Num<>"",Scheduled_Monthly_Payment,"") | F55: =IF(AND(Pay_Num<>"",Sched_Pay+Extra_Pay<Beg_Bal),Sched_Pay+Extra_Pay,IF(Pay_Num<>"",Beg_Bal,"")) -> #VALUE! | G55: =IF(Pay_Num<>"",Total_Pay-Int,"") | H55: =IF(Pay_Num<>"",Beg_Bal*Interest_Rate/Num_Pmt_Per_Year,"") | I55: =IF(AND(Pay_Num<>"",Sched_Pay+Extra_Pay<Beg_Bal),Beg_Bal-Princ,IF(Pay_Num<>"",0,"")) -> #VALUE! | J55: ='[4]B11-L8'!J62 -> PAID | BW55: 34058 | BX55: =BW55-BY55 -> 50674.446 | BY55: =BZ54*16%/12 -> -16616.446 | BZ55: =BZ54-BX55 -> -1296907.9
A56: =IF(Values_Entered,A55+1,"") | B56: =B55+30 -> 45950 | C56: =IF(Pay_Num<>"",I55,"") | D56: =IF(Pay_Num<>"",Scheduled_Monthly_Payment,"") | F56: =IF(AND(Pay_Num<>"",Sched_Pay+Extra_Pay<Beg_Bal),Sched_Pay+Extra_Pay,IF(Pay_Num<>"",Beg_Bal,"")) -> #VALUE! | G56: =IF(Pay_Num<>"",Total_Pay-Int,"") | H56: =IF(Pay_Num<>"",Beg_Bal*Interest_Rate/Num_Pmt_Per_Year,"") | I56: =IF(AND(Pay_Num<>"",Sched_Pay+Extra_Pay<Beg_Bal),Beg_Bal-Princ,IF(Pay_Num<>"",0,"")) -> #VALUE! | J56: ='[4]B11-L8'!J63 -> PAID | BW56: 34058 | BX56: =BW56-BY56 -> 51350.105 | BY56: =BZ55*16%/12 -> -17292.105 | BZ56: =BZ55-BX56 -> -1348258
A57: =IF(Values_Entered,A56+1,"") | B57: =B56+31 -> 45981 | C57: =IF(Pay_Num<>"",I56,"") | D57: =IF(Pay_Num<>"",Scheduled_Monthly_Payment,"") | F57: =IF(AND(Pay_Num<>"",Sched_Pay+Extra_Pay<Beg_Bal),Sched_Pay+Extra_Pay,IF(Pay_Num<>"",Beg_Bal,"")) -> #VALUE! | G57: =IF(Pay_Num<>"",Total_Pay-Int,"") | H57: =IF(Pay_Num<>"",Beg_Bal*Interest_Rate/Num_Pmt_Per_Year,"") | I57: =IF(AND(Pay_Num<>"",Sched_Pay+Extra_Pay<Beg_Bal),Beg_Bal-Princ,IF(Pay_Num<>"",0,"")) -> #VALUE! | J57: ='[4]B11-L8'!J64 -> PAID | BW57: 34058 | BX57: =BW57-BY57 -> 52034.773 | BY57: =BZ56*16%/12 -> -17976.773 | BZ57: =BZ56-BX57 -> -1400292.8
A58: =IF(Values_Entered,A57+1,"") | B58: =B57+30 -> 46011 | C58: =IF(Pay_Num<>"",I57,"") | D58: =IF(Pay_Num<>"",Scheduled_Monthly_Payment,"") | F58: =IF(AND(Pay_Num<>"",Sched_Pay+Extra_Pay<Beg_Bal),Sched_Pay+Extra_Pay,IF(Pay_Num<>"",Beg_Bal,"")) -> #VALUE! | G58: =IF(Pay_Num<>"",Total_Pay-Int,"") | H58: =IF(Pay_Num<>"",Beg_Bal*Interest_Rate/Num_Pmt_Per_Year,"") | I58: =IF(AND(Pay_Num<>"",Sched_Pay+Extra_Pay<Beg_Bal),Beg_Bal-Princ,IF(Pay_Num<>"",0,"")) -> #VALUE! | J58: ='[4]B11-L8'!J65 -> PAID | BW58: 34058 | BX58: =BW58-BY58 -> 52728.57 | BY58: =BZ57*16%/12 -> -18670.57 | BZ58: =BZ57-BX58 -> -1453021.3
A59: =IF(Values_Entered,A58+1,"") | B59: =B58+31 -> 46042 | C59: =IF(Pay_Num<>"",I58,"") | D59: =IF(Pay_Num<>"",Scheduled_Monthly_Payment,"") | F59: =IF(AND(Pay_Num<>"",Sched_Pay+Extra_Pay<Beg_Bal),Sched_Pay+Extra_Pay,IF(Pay_Num<>"",Beg_Bal,"")) -> #VALUE! | G59: =IF(Pay_Num<>"",Total_Pay-Int,"") | H59: =IF(Pay_Num<>"",Beg_Bal*Interest_Rate/Num_Pmt_Per_Year,"") | I59: =IF(AND(Pay_Num<>"",Sched_Pay+Extra_Pay<Beg_Bal),Beg_Bal-Princ,IF(Pay_Num<>"",0,"")) -> #VALUE! | J59: ='[4]B11-L8'!J66 -> PAID | BW59: 34058 | BX59: =BW59-BY59 -> 53431.618 | BY59: =BZ58*16%/12 -> -19373.618 | BZ59: =BZ58-BX59 -> -1506452.9
A60: =IF(Values_Entered,A59+1,"") | B60: =B59+31 -> 46073 | C60: =IF(Pay_Num<>"",I59,"") | D60: =IF(Pay_Num<>"",Scheduled_Monthly_Payment,"") | F60: =IF(AND(Pay_Num<>"",Sched_Pay+Extra_Pay<Beg_Bal),Sched_Pay+Extra_Pay,IF(Pay_Num<>"",Beg_Bal,"")) -> #VALUE! | G60: =IF(Pay_Num<>"",Total_Pay-Int,"") | H60: =IF(Pay_Num<>"",Beg_Bal*Interest_Rate/Num_Pmt_Per_Year,"") | I60: =IF(AND(Pay_Num<>"",Sched_Pay+Extra_Pay<Beg_Bal),Beg_Bal-Princ,IF(Pay_Num<>"",0,"")) -> #VALUE! | J60: ='[4]B11-L8'!J67 -> PAID | BW60: 34058 | BX60: =BW60-BY60 -> 54144.039 | BY60: =BZ59*16%/12 -> -20086.039 | BZ60: =BZ59-BX60 -> -1560597
A61: =IF(Values_Entered,A60+1,"") | B61: =B60+28 -> 46101 | C61: =IF(Pay_Num<>"",I60,"") | D61: =IF(Pay_Num<>"",Scheduled_Monthly_Payment,"") | F61: =IF(AND(Pay_Num<>"",Sched_Pay+Extra_Pay<Beg_Bal),Sched_Pay+Extra_Pay,IF(Pay_Num<>"",Beg_Bal,"")) -> #VALUE! | G61: =IF(Pay_Num<>"",Total_Pay-Int,"") | H61: =IF(Pay_Num<>"",Beg_Bal*Interest_Rate/Num_Pmt_Per_Year,"") | I61: =IF(AND(Pay_Num<>"",Sched_Pay+Extra_Pay<Beg_Bal),Beg_Bal-Princ,IF(Pay_Num<>"",0,"")) -> #VALUE! | J61: ='[4]B11-L8'!J68 -> PAID | BW61: 34058 | BX61: =BW61-BY61 -> 54865.96 | BY61: =BZ60*16%/12 -> -20807.96 | BZ61: =BZ60-BX61 -> -1615462.9
A62: =IF(Values_Entered,A61+1,"") | B62: =B61+31 -> 46132 | C62: =IF(Pay_Num<>"",I61,"") | D62: =IF(Pay_Num<>"",Scheduled_Monthly_Payment,"") | F62: =IF(AND(Pay_Num<>"",Sched_Pay+Extra_Pay<Beg_Bal),Sched_Pay+Extra_Pay,IF(Pay_Num<>"",Beg_Bal,"")) -> #VALUE! | G62: =IF(Pay_Num<>"",Total_Pay-Int,"") | H62: =IF(Pay_Num<>"",Beg_Bal*Interest_Rate/Num_Pmt_Per_Year,"") | I62: =IF(AND(Pay_Num<>"",Sched_Pay+Extra_Pay<Beg_Bal),Beg_Bal-Princ,IF(Pay_Num<>"",0,"")) -> #VALUE! | J62: ='[4]B11-L8'!J69 -> BOUNCED CHECK 2.28.2024 | BW62: 34058 | BX62: =BW62-BY62 -> 55597.506 | BY62: =BZ61*16%/12 -> -21539.506 | BZ62: =BZ61-BX62 -> -1671060.5
A63: =IF(Values_Entered,A62+1,"") | B63: =B62+30 -> 46162 | C63: =IF(Pay_Num<>"",I62,"") | D63: =IF(Pay_Num<>"",Scheduled_Monthly_Payment,"") | F63: =IF(AND(Pay_Num<>"",Sched_Pay+Extra_Pay<Beg_Bal),Sched_Pay+Extra_Pay,IF(Pay_Num<>"",Beg_Bal,"")) -> #VALUE! | G63: =IF(Pay_Num<>"",Total_Pay-Int,"") | H63: =IF(Pay_Num<>"",Beg_Bal*Interest_Rate/Num_Pmt_Per_Year,"") | I63: =IF(AND(Pay_Num<>"",Sched_Pay+Extra_Pay<Beg_Bal),Beg_Bal-Princ,IF(Pay_Num<>"",0,"")) -> #VALUE! | J63: ='[4]B11-L8'!J70 -> 0 | BW63: 34058 | BX63: =BW63-BY63 -> 56338.806 | BY63: =BZ62*16%/12 -> -22280.806 | BZ63: =BZ62-BX63 -> -1727399.3
A64: =IF(Values_Entered,A63+1,"") | B64: =B63+31 -> 46193 | C64: =IF(Pay_Num<>"",I63,"") | D64: =IF(Pay_Num<>"",Scheduled_Monthly_Payment,"") | F64: =IF(AND(Pay_Num<>"",Sched_Pay+Extra_Pay<Beg_Bal),Sched_Pay+Extra_Pay,IF(Pay_Num<>"",Beg_Bal,"")) -> #VALUE! | G64: =IF(Pay_Num<>"",Total_Pay-Int,"") | H64: =IF(Pay_Num<>"",Beg_Bal*Interest_Rate/Num_Pmt_Per_Year,"") | I64: =IF(AND(Pay_Num<>"",Sched_Pay+Extra_Pay<Beg_Bal),Beg_Bal-Princ,IF(Pay_Num<>"",0,"")) -> #VALUE! | J64: ='[4]B11-L8'!J71 -> PAID | BW64: 34058 | BX64: =BW64-BY64 -> 57089.99 | BY64: =BZ63*16%/12 -> -23031.99 | BZ64: =BZ63-BX64 -> -1784489.2
A65: =IF(Values_Entered,A64+1,"") | B65: =B64+30 -> 46223 | C65: =IF(Pay_Num<>"",I64,"") | D65: =IF(Pay_Num<>"",Scheduled_Monthly_Payment,"") | F65: =IF(AND(Pay_Num<>"",Sched_Pay+Extra_Pay<Beg_Bal),Sched_Pay+Extra_Pay,IF(Pay_Num<>"",Beg_Bal,"")) -> #VALUE! | G65: =IF(Pay_Num<>"",Total_Pay-Int,"") | H65: =IF(Pay_Num<>"",Beg_Bal*Interest_Rate/Num_Pmt_Per_Year,"") | I65: =IF(AND(Pay_Num<>"",Sched_Pay+Extra_Pay<Beg_Bal),Beg_Bal-Princ,IF(Pay_Num<>"",0,"")) -> #VALUE! | J65: ='[4]B11-L8'!J72 -> PAID | BW65: 34058 | BX65: =BW65-BY65 -> 57851.19 | BY65: =BZ64*16%/12 -> -23793.19 | BZ65: =BZ64-BX65 -> -1842340.4
A66: =IF(Values_Entered,A65+1,"") | B66: =B65+31 -> 46254 | C66: =IF(Pay_Num<>"",I65,"") | D66: =IF(Pay_Num<>"",Scheduled_Monthly_Payment,"") | F66: =IF(AND(Pay_Num<>"",Sched_Pay+Extra_Pay<Beg_Bal),Sched_Pay+Extra_Pay,IF(Pay_Num<>"",Beg_Bal,"")) -> #VALUE! | G66: =IF(Pay_Num<>"",Total_Pay-Int,"") | H66: =IF(Pay_Num<>"",Beg_Bal*Interest_Rate/Num_Pmt_Per_Year,"") | I66: =IF(AND(Pay_Num<>"",Sched_Pay+Extra_Pay<Beg_Bal),Beg_Bal-Princ,IF(Pay_Num<>"",0,"")) -> #VALUE! | J66: ='[4]B11-L8'!J73 -> PAID | BW66: 34058 | BX66: =BW66-BY66 -> 58622.539 | BY66: =BZ65*16%/12 -> -24564.539 | BZ66: =BZ65-BX66 -> -1900963
A67: =IF(Values_Entered,A66+1,"") | B67: =B66+31 -> 46285 | C67: =IF(Pay_Num<>"",I66,"") | D67: =IF(Pay_Num<>"",Scheduled_Monthly_Payment,"") | F67: =IF(AND(Pay_Num<>"",Sched_Pay+Extra_Pay<Beg_Bal),Sched_Pay+Extra_Pay,IF(Pay_Num<>"",Beg_Bal,"")) -> #VALUE! | G67: =IF(Pay_Num<>"",Total_Pay-Int,"") | H67: =IF(Pay_Num<>"",Beg_Bal*Interest_Rate/Num_Pmt_Per_Year,"") | I67: =IF(AND(Pay_Num<>"",Sched_Pay+Extra_Pay<Beg_Bal),Beg_Bal-Princ,IF(Pay_Num<>"",0,"")) -> #VALUE! | J67: ='[4]B11-L8'!J74 -> PAID | BW67: 34058 | BX67: =BW67-BY67 -> 59404.173 | BY67: =BZ66*16%/12 -> -25346.173 | BZ67: =BZ66-BX67 -> -1960367.2
A68: =IF(Values_Entered,A67+1,"") | B68: =B67+30 -> 46315 | C68: =IF(Pay_Num<>"",I67,"") | D68: =IF(Pay_Num<>"",Scheduled_Monthly_Payment,"") | F68: =IF(AND(Pay_Num<>"",Sched_Pay+Extra_Pay<Beg_Bal),Sched_Pay+Extra_Pay,IF(Pay_Num<>"",Beg_Bal,"")) -> #VALUE! | G68: =IF(Pay_Num<>"",Total_Pay-Int,"") | H68: =IF(Pay_Num<>"",Beg_Bal*Interest_Rate/Num_Pmt_Per_Year,"") | I68: =IF(AND(Pay_Num<>"",Sched_Pay+Extra_Pay<Beg_Bal),Beg_Bal-Princ,IF(Pay_Num<>"",0,"")) -> #VALUE! | J68: ='[4]B11-L8'!J75 -> PAID | BW68: 34058 | BX68: =BW68-BY68 -> 60196.229 | BY68: =BZ67*16%/12 -> -26138.229 | BZ68: =BZ67-BX68 -> -2020563.4
A69: =IF(Values_Entered,A68+1,"") | B69: =B68+31 -> 46346 | C69: =IF(Pay_Num<>"",I68,"") | D69: =IF(Pay_Num<>"",Scheduled_Monthly_Payment,"") | F69: =IF(AND(Pay_Num<>"",Sched_Pay+Extra_Pay<Beg_Bal),Sched_Pay+Extra_Pay,IF(Pay_Num<>"",Beg_Bal,"")) -> #VALUE! | G69: =IF(Pay_Num<>"",Total_Pay-Int,"") | H69: =IF(Pay_Num<>"",Beg_Bal*Interest_Rate/Num_Pmt_Per_Year,"") | I69: =IF(AND(Pay_Num<>"",Sched_Pay+Extra_Pay<Beg_Bal),Beg_Bal-Princ,IF(Pay_Num<>"",0,"")) -> #VALUE! | J69: ='[4]B11-L8'!J76 -> PAID | BW69: 34058 | BX69: =BW69-BY69 -> 60998.845 | BY69: =BZ68*16%/12 -> -26940.845 | BZ69: =BZ68-BX69 -> -2081562.2
A70: =IF(Values_Entered,A69+1,"") | B70: =B69+30 -> 46376 | C70: =IF(Pay_Num<>"",I69,"") | D70: =IF(Pay_Num<>"",Scheduled_Monthly_Payment,"") | F70: =IF(AND(Pay_Num<>"",Sched_Pay+Extra_Pay<Beg_Bal),Sched_Pay+Extra_Pay,IF(Pay_Num<>"",Beg_Bal,"")) -> #VALUE! | G70: =IF(Pay_Num<>"",Total_Pay-Int,"") | H70: =IF(Pay_Num<>"",Beg_Bal*Interest_Rate/Num_Pmt_Per_Year,"") | I70: =IF(AND(Pay_Num<>"",Sched_Pay+Extra_Pay<Beg_Bal),Beg_Bal-Princ,IF(Pay_Num<>"",0,"")) -> #VALUE! | J70: ='[4]B11-L8'!J77 -> PAID | BW70: 34058 | BX70: =BW70-BY70 -> 61812.163 | BY70: =BZ69*16%/12 -> -27754.163 | BZ70: =BZ69-BX70 -> -2143374.4
A71: =IF(Values_Entered,A70+1,"") | B71: =B70+31 -> 46407 | C71: =IF(Pay_Num<>"",I70,"") | D71: =IF(Pay_Num<>"",Scheduled_Monthly_Payment,"") | F71: =IF(AND(Pay_Num<>"",Sched_Pay+Extra_Pay<Beg_Bal),Sched_Pay+Extra_Pay,IF(Pay_Num<>"",Beg_Bal,"")) -> #VALUE! | G71: =IF(Pay_Num<>"",Total_Pay-Int,"") | H71: =IF(Pay_Num<>"",Beg_Bal*Interest_Rate/Num_Pmt_Per_Year,"") | I71: =IF(AND(Pay_Num<>"",Sched_Pay+Extra_Pay<Beg_Bal),Beg_Bal-Princ,IF(Pay_Num<>"",0,"")) -> #VALUE! | J71: ='[4]B11-L8'!J78 -> PAID | BW71: 34058 | BX71: =BW71-BY71 -> 62636.325 | BY71: =BZ70*16%/12 -> -28578.325 | BZ71: =BZ70-BX71 -> -2206010.7
A72: =IF(Values_Entered,A71+1,"") | B72: =B71+31 -> 46438 | C72: =IF(Pay_Num<>"",I71,"") | D72: =IF(Pay_Num<>"",Scheduled_Monthly_Payment,"") | F72: =IF(AND(Pay_Num<>"",Sched_Pay+Extra_Pay<Beg_Bal),Sched_Pay+Extra_Pay,IF(Pay_Num<>"",Beg_Bal,"")) -> #VALUE! | G72: =IF(Pay_Num<>"",Total_Pay-Int,"") | H72: =IF(Pay_Num<>"",Beg_Bal*Interest_Rate/Num_Pmt_Per_Year,"") | I72: =IF(AND(Pay_Num<>"",Sched_Pay+Extra_Pay<Beg_Bal),Beg_Bal-Princ,IF(Pay_Num<>"",0,"")) -> #VALUE! | J72: ='[4]B11-L8'!J79 -> PAID | BW72: 34058 | BX72: =BW72-BY72 -> 63471.476 | BY72: =BZ71*16%/12 -> -29413.476 | BZ72: =BZ71-BX72 -> -2269482.2
A73: =IF(Values_Entered,A72+1,"") | B73: =B72+28 -> 46466 | C73: =IF(Pay_Num<>"",I72,"") | D73: =IF(Pay_Num<>"",Scheduled_Monthly_Payment,"") | F73: =IF(AND(Pay_Num<>"",Sched_Pay+Extra_Pay<Beg_Bal),Sched_Pay+Extra_Pay,IF(Pay_Num<>"",Beg_Bal,"")) -> #VALUE! | G73: =IF(Pay_Num<>"",Total_Pay-Int,"") | H73: =IF(Pay_Num<>"",Beg_Bal*Interest_Rate/Num_Pmt_Per_Year,"") | I73: =IF(AND(Pay_Num<>"",Sched_Pay+Extra_Pay<Beg_Bal),Beg_Bal-Princ,IF(Pay_Num<>"",0,"")) -> #VALUE! | J73: ='[4]B11-L8'!J80 -> PAID | BW73: 34058 | BX73: =BW73-BY73 -> 64317.763 | BY73: =BZ72*16%/12 -> -30259.763 | BZ73: =BZ72-BX73 -> -2333800
A74: =IF(Values_Entered,A73+1,"") | B74: =B73+31 -> 46497 | C74: =IF(Pay_Num<>"",I73,"") | D74: =IF(Pay_Num<>"",Scheduled_Monthly_Payment,"") | F74: =IF(AND(Pay_Num<>"",Sched_Pay+Extra_Pay<Beg_Bal),Sched_Pay+Extra_Pay,IF(Pay_Num<>"",Beg_Bal,"")) -> #VALUE! | G74: =IF(Pay_Num<>"",Total_Pay-Int,"") | H74: =IF(Pay_Num<>"",Beg_Bal*Interest_Rate/Num_Pmt_Per_Year,"") | I74: =IF(AND(Pay_Num<>"",Sched_Pay+Extra_Pay<Beg_Bal),Beg_Bal-Princ,IF(Pay_Num<>"",0,"")) -> #VALUE! | J74: ='[4]B11-L8'!J81 -> PAID | BW74: 34058 | BX74: =BW74-BY74 -> 65175.333 | BY74: =BZ73*16%/12 -> -31117.333 | BZ74: =BZ73-BX74 -> -2398975.3
A75: =IF(Values_Entered,A74+1,"") | B75: =B74+30 -> 46527 | C75: =IF(Pay_Num<>"",I74,"") | D75: =IF(Pay_Num<>"",Scheduled_Monthly_Payment,"") | F75: =IF(AND(Pay_Num<>"",Sched_Pay+Extra_Pay<Beg_Bal),Sched_Pay+Extra_Pay,IF(Pay_Num<>"",Beg_Bal,"")) -> #VALUE! | G75: =IF(Pay_Num<>"",Total_Pay-Int,"") | H75: =IF(Pay_Num<>"",Beg_Bal*Interest_Rate/Num_Pmt_Per_Year,"") | I75: =IF(AND(Pay_Num<>"",Sched_Pay+Extra_Pay<Beg_Bal),Beg_Bal-Princ,IF(Pay_Num<>"",0,"")) -> #VALUE! | J75: ='[4]B11-L8'!J82 -> PAID | BW75: 34058 | BX75: =BW75-BY75 -> 66044.337 | BY75: =BZ74*16%/12 -> -31986.337 | BZ75: =BZ74-BX75 -> -2465019.6
A76: =IF(Values_Entered,A75+1,"") | B76: =B75+31 -> 46558 | C76: =IF(Pay_Num<>"",I75,"") | D76: =IF(Pay_Num<>"",Scheduled_Monthly_Payment,"") | F76: =IF(AND(Pay_Num<>"",Sched_Pay+Extra_Pay<Beg_Bal),Sched_Pay+Extra_Pay,IF(Pay_Num<>"",Beg_Bal,"")) -> #VALUE! | G76: =IF(Pay_Num<>"",Total_Pay-Int,"") | H76: =IF(Pay_Num<>"",Beg_Bal*Interest_Rate/Num_Pmt_Per_Year,"") | I76: =IF(AND(Pay_Num<>"",Sched_Pay+Extra_Pay<Beg_Bal),Beg_Bal-Princ,IF(Pay_Num<>"",0,"")) -> #VALUE! | J76: ='[4]B11-L8'!J83 -> PAID | BW76: 34058 | BX76: =BW76-BY76 -> 66924.928 | BY76: =BZ75*16%/12 -> -32866.928 | BZ76: =BZ75-BX76 -> -2531944.5
A77: =IF(Values_Entered,A76+1,"") | B77: =B76+30 -> 46588 | C77: =IF(Pay_Num<>"",I76,"") | D77: =IF(Pay_Num<>"",Scheduled_Monthly_Payment,"") | F77: =IF(AND(Pay_Num<>"",Sched_Pay+Extra_Pay<Beg_Bal),Sched_Pay+Extra_Pay,IF(Pay_Num<>"",Beg_Bal,"")) -> #VALUE! | G77: =IF(Pay_Num<>"",Total_Pay-Int,"") | H77: =IF(Pay_Num<>"",Beg_Bal*Interest_Rate/Num_Pmt_Per_Year,"") | I77: =IF(AND(Pay_Num<>"",Sched_Pay+Extra_Pay<Beg_Bal),Beg_Bal-Princ,IF(Pay_Num<>"",0,"")) -> #VALUE! | J77: ='[4]B11-L8'!J84 -> PAID | BW77: 34058 | BX77: =BW77-BY77 -> 67817.261 | BY77: =BZ76*16%/12 -> -33759.261 | BZ77: =BZ76-BX77 -> -2599761.8
A78: =IF(Values_Entered,A77+1,"") | B78: =B77+31 -> 46619 | C78: =IF(Pay_Num<>"",I77,"") | D78: =IF(Pay_Num<>"",Scheduled_Monthly_Payment,"") | F78: =IF(AND(Pay_Num<>"",Sched_Pay+Extra_Pay<Beg_Bal),Sched_Pay+Extra_Pay,IF(Pay_Num<>"",Beg_Bal,"")) -> #VALUE! | G78: =IF(Pay_Num<>"",Total_Pay-Int,"") | H78: =IF(Pay_Num<>"",Beg_Bal*Interest_Rate/Num_Pmt_Per_Year,"") | I78: =IF(AND(Pay_Num<>"",Sched_Pay+Extra_Pay<Beg_Bal),Beg_Bal-Princ,IF(Pay_Num<>"",0,"")) -> #VALUE! | J78: ='[4]B11-L8'!J85 -> PAID | BW78: 34058 | BX78: =BW78-BY78 -> 68721.491 | BY78: =BZ77*16%/12 -> -34663.491 | BZ78: =BZ77-BX78 -> -2668483.3
A79: =IF(Values_Entered,A78+1,"") | B79: =B78+31 -> 46650 | C79: =IF(Pay_Num<>"",I78,"") | D79: =IF(Pay_Num<>"",Scheduled_Monthly_Payment,"") | F79: =IF(AND(Pay_Num<>"",Sched_Pay+Extra_Pay<Beg_Bal),Sched_Pay+Extra_Pay,IF(Pay_Num<>"",Beg_Bal,"")) -> #VALUE! | G79: =IF(Pay_Num<>"",Total_Pay-Int,"") | H79: =IF(Pay_Num<>"",Beg_Bal*Interest_Rate/Num_Pmt_Per_Year,"") | I79: =IF(AND(Pay_Num<>"",Sched_Pay+Extra_Pay<Beg_Bal),Beg_Bal-Princ,IF(Pay_Num<>"",0,"")) -> #VALUE! | J79: ='[4]B11-L8'!J86 -> PAID | BW79: 34058 | BX79: =BW79-BY79 -> 69637.777 | BY79: =BZ78*16%/12 -> -35579.777 | BZ79: =BZ78-BX79 -> -2738121.1
A80: =IF(Values_Entered,A79+1,"") | B80: =B79+30 -> 46680 | C80: =IF(Pay_Num<>"",I79,"") | D80: =IF(Pay_Num<>"",Scheduled_Monthly_Payment,"") | F80: =IF(AND(Pay_Num<>"",Sched_Pay+Extra_Pay<Beg_Bal),Sched_Pay+Extra_Pay,IF(Pay_Num<>"",Beg_Bal,"")) -> #VALUE! | G80: =IF(Pay_Num<>"",Total_Pay-Int,"") | H80: =IF(Pay_Num<>"",Beg_Bal*Interest_Rate/Num_Pmt_Per_Year,"") | I80: =IF(AND(Pay_Num<>"",Sched_Pay+Extra_Pay<Beg_Bal),Beg_Bal-Princ,IF(Pay_Num<>"",0,"")) -> #VALUE! | J80: ='[4]B11-L8'!J87 -> 0 | BW80: 34058 | BX80: =BW80-BY80 -> 70566.281 | BY80: =BZ79*16%/12 -> -36508.281 | BZ80: =BZ79-BX80 -> -2808687.4
A81: =IF(Values_Entered,A80+1,"") | B81: =B80+31 -> 46711 | C81: =IF(Pay_Num<>"",I80,"") | D81: =IF(Pay_Num<>"",Scheduled_Monthly_Payment,"") | F81: =IF(AND(Pay_Num<>"",Sched_Pay+Extra_Pay<Beg_Bal),Sched_Pay+Extra_Pay,IF(Pay_Num<>"",Beg_Bal,"")) -> #VALUE! | G81: =IF(Pay_Num<>"",Total_Pay-Int,"") | H81: =IF(Pay_Num<>"",Beg_Bal*Interest_Rate/Num_Pmt_Per_Year,"") | I81: =IF(AND(Pay_Num<>"",Sched_Pay+Extra_Pay<Beg_Bal),Beg_Bal-Princ,IF(Pay_Num<>"",0,"")) -> #VALUE! | J81: ='[4]B11-L8'!J88 -> 0 | BW81: 34058 | BX81: =BW81-BY81 -> 71507.165 | BY81: =BZ80*16%/12 -> -37449.165 | BZ81: =BZ80-BX81 -> -2880194.5
A82: =IF(Values_Entered,A81+1,"") | B82: =B81+30 -> 46741 | C82: =IF(Pay_Num<>"",I81,"") | D82: =IF(Pay_Num<>"",Scheduled_Monthly_Payment,"") | F82: =IF(AND(Pay_Num<>"",Sched_Pay+Extra_Pay<Beg_Bal),Sched_Pay+Extra_Pay,IF(Pay_Num<>"",Beg_Bal,"")) -> #VALUE! | G82: =IF(Pay_Num<>"",Total_Pay-Int,"") | H82: =IF(Pay_Num<>"",Beg_Bal*Interest_Rate/Num_Pmt_Per_Year,"") | I82: =IF(AND(Pay_Num<>"",Sched_Pay+Extra_Pay<Beg_Bal),Beg_Bal-Princ,IF(Pay_Num<>"",0,"")) -> #VALUE! | J82: ='[4]B11-L8'!J89 -> 0 | BW82: 34058 | BX82: =BW82-BY82 -> 72460.594 | BY82: =BZ81*16%/12 -> -38402.594 | BZ82: =BZ81-BX82 -> -2952655.1
A83: =IF(Values_Entered,A82+1,"") | B83: =B82+31 -> 46772 | C83: =IF(Pay_Num<>"",I82,"") | D83: =IF(Pay_Num<>"",Scheduled_Monthly_Payment,"") | F83: =IF(AND(Pay_Num<>"",Sched_Pay+Extra_Pay<Beg_Bal),Sched_Pay+Extra_Pay,IF(Pay_Num<>"",Beg_Bal,"")) -> #VALUE! | G83: =IF(Pay_Num<>"",Total_Pay-Int,"") | H83: =IF(Pay_Num<>"",Beg_Bal*Interest_Rate/Num_Pmt_Per_Year,"") | I83: =IF(AND(Pay_Num<>"",Sched_Pay+Extra_Pay<Beg_Bal),Beg_Bal-Princ,IF(Pay_Num<>"",0,"")) -> #VALUE! | J83: ='[4]B11-L8'!J90 -> 0 | BW83: 34058 | BX83: =BW83-BY83 -> 73426.735 | BY83: =BZ82*16%/12 -> -39368.735 | BZ83: =BZ82-BX83 -> -3026081.9
A84: =IF(Values_Entered,A83+1,"") | B84: =B83+31 -> 46803 | C84: =IF(Pay_Num<>"",I83,"") | D84: =IF(Pay_Num<>"",Scheduled_Monthly_Payment,"") | F84: =IF(AND(Pay_Num<>"",Sched_Pay+Extra_Pay<Beg_Bal),Sched_Pay+Extra_Pay,IF(Pay_Num<>"",Beg_Bal,"")) -> #VALUE! | G84: =IF(Pay_Num<>"",Total_Pay-Int,"") | H84: =IF(Pay_Num<>"",Beg_Bal*Interest_Rate/Num_Pmt_Per_Year,"") | I84: =IF(AND(Pay_Num<>"",Sched_Pay+Extra_Pay<Beg_Bal),Beg_Bal-Princ,IF(Pay_Num<>"",0,"")) -> #VALUE! | J84: ='[4]B11-L8'!J91 -> 0 | BW84: 34058 | BX84: =BW84-BY84-0.44 -> 74405.318 | BY84: =BZ83*16%/12 -> -40347.758 | BZ84: =BZ83-BX84 -> -3100487.2
A85: =IF(Values_Entered,A84+1,"") | B85: =B84+29 -> 46832 | C85: =IF(Pay_Num<>"",I84,"") | D85: =IF(Pay_Num<>"",Scheduled_Monthly_Payment,"") | F85: =IF(AND(Pay_Num<>"",Sched_Pay+Extra_Pay<Beg_Bal),Sched_Pay+Extra_Pay,IF(Pay_Num<>"",Beg_Bal,"")) -> #VALUE! | G85: =IF(Pay_Num<>"",Total_Pay-Int,"") | H85: =IF(Pay_Num<>"",Beg_Bal*Interest_Rate/Num_Pmt_Per_Year,"") | I85: =IF(AND(Pay_Num<>"",Sched_Pay+Extra_Pay<Beg_Bal),Beg_Bal-Princ,IF(Pay_Num<>"",0,"")) -> #VALUE!
A86: =IF(Values_Entered,A85+1,"") | B86: =B85+31 -> 46863 | C86: =IF(Pay_Num<>"",I85,"") | D86: =IF(Pay_Num<>"",Scheduled_Monthly_Payment,"") | F86: =IF(AND(Pay_Num<>"",Sched_Pay+Extra_Pay<Beg_Bal),Sched_Pay+Extra_Pay,IF(Pay_Num<>"",Beg_Bal,"")) -> #VALUE! | G86: =IF(Pay_Num<>"",Total_Pay-Int,"") | H86: =IF(Pay_Num<>"",Beg_Bal*Interest_Rate/Num_Pmt_Per_Year,"") | I86: =IF(AND(Pay_Num<>"",Sched_Pay+Extra_Pay<Beg_Bal),Beg_Bal-Princ,IF(Pay_Num<>"",0,"")) -> #VALUE!
A87: =IF(Values_Entered,A86+1,"") | B87: =B86+30 -> 46893 | C87: =IF(Pay_Num<>"",I86,"") | D87: =IF(Pay_Num<>"",Scheduled_Monthly_Payment,"") | F87: =IF(AND(Pay_Num<>"",Sched_Pay+Extra_Pay<Beg_Bal),Sched_Pay+Extra_Pay,IF(Pay_Num<>"",Beg_Bal,"")) -> #VALUE! | G87: =F84-H8 -> #VALUE! | H87: =IF(Pay_Num<>"",Beg_Bal*Interest_Rate/Num_Pmt_Per_Year,"") | I87: =IF(AND(Pay_Num<>"",Sched_Pay+Extra_Pay<Beg_Bal),Beg_Bal-Princ,IF(Pay_Num<>"",0,"")) -> #VALUE!
A88: =IF(Values_Entered,A87+1,"") | B88: =B87+31 -> 46924 | C88: =IF(Pay_Num<>"",I87,"") | D88: =IF(Pay_Num<>"",Scheduled_Monthly_Payment,"") | F88: =IF(AND(Pay_Num<>"",Sched_Pay+Extra_Pay<Beg_Bal),Sched_Pay+Extra_Pay,IF(Pay_Num<>"",Beg_Bal,"")) -> #VALUE! | G88: =IF(Pay_Num<>"",Total_Pay-Int,"") | H88: =IF(Pay_Num<>"",Beg_Bal*Interest_Rate/Num_Pmt_Per_Year,"") | I88: =IF(AND(Pay_Num<>"",Sched_Pay+Extra_Pay<Beg_Bal),Beg_Bal-Princ,IF(Pay_Num<>"",0,"")) -> #VALUE!
A89: =IF(Values_Entered,A88+1,"") | B89: =B88+30 -> 46954 | C89: =IF(Pay_Num<>"",I88,"") | D89: =IF(Pay_Num<>"",Scheduled_Monthly_Payment,"") | F89: =IF(AND(Pay_Num<>"",Sched_Pay+Extra_Pay<Beg_Bal),Sched_Pay+Extra_Pay,IF(Pay_Num<>"",Beg_Bal,"")) -> #VALUE! | G89: =IF(Pay_Num<>"",Total_Pay-Int,"") | H89: =IF(Pay_Num<>"",Beg_Bal*Interest_Rate/Num_Pmt_Per_Year,"") | I89: =IF(AND(Pay_Num<>"",Sched_Pay+Extra_Pay<Beg_Bal),Beg_Bal-Princ,IF(Pay_Num<>"",0,"")) -> #VALUE!
A90: =IF(Values_Entered,A89+1,"") | B90: =B89+31 -> 46985 | C90: =IF(Pay_Num<>"",I89,"") | D90: =IF(Pay_Num<>"",Scheduled_Monthly_Payment,"") | F90: =IF(AND(Pay_Num<>"",Sched_Pay+Extra_Pay<Beg_Bal),Sched_Pay+Extra_Pay,IF(Pay_Num<>"",Beg_Bal,"")) -> #VALUE! | G90: =IF(Pay_Num<>"",Total_Pay-Int,"") | H90: =IF(Pay_Num<>"",Beg_Bal*Interest_Rate/Num_Pmt_Per_Year,"") | I90: =IF(AND(Pay_Num<>"",Sched_Pay+Extra_Pay<Beg_Bal),Beg_Bal-Princ,IF(Pay_Num<>"",0,"")) -> #VALUE!
A91: =IF(Values_Entered,A90+1,"") | B91: =B90+31 -> 47016 | C91: =IF(Pay_Num<>"",I90,"") | D91: =IF(Pay_Num<>"",Scheduled_Monthly_Payment,"") | F91: =IF(AND(Pay_Num<>"",Sched_Pay+Extra_Pay<Beg_Bal),Sched_Pay+Extra_Pay,IF(Pay_Num<>"",Beg_Bal,"")) -> #VALUE! | G91: =IF(Pay_Num<>"",Total_Pay-Int,"") | H91: =IF(Pay_Num<>"",Beg_Bal*Interest_Rate/Num_Pmt_Per_Year,"") | I91: =IF(AND(Pay_Num<>"",Sched_Pay+Extra_Pay<Beg_Bal),Beg_Bal-Princ,IF(Pay_Num<>"",0,"")) -> #VALUE!
A92: =IF(Values_Entered,A91+1,"") | B92: =B91+30 -> 47046 | C92: =IF(Pay_Num<>"",I91,"") | D92: =IF(Pay_Num<>"",Scheduled_Monthly_Payment,"") | F92: =IF(AND(Pay_Num<>"",Sched_Pay+Extra_Pay<Beg_Bal),Sched_Pay+Extra_Pay,IF(Pay_Num<>"",Beg_Bal,"")) -> #VALUE! | G92: =IF(Pay_Num<>"",Total_Pay-Int,"") | H92: =IF(Pay_Num<>"",Beg_Bal*Interest_Rate/Num_Pmt_Per_Year,"") | I92: =IF(AND(Pay_Num<>"",Sched_Pay+Extra_Pay<Beg_Bal),Beg_Bal-Princ,IF(Pay_Num<>"",0,"")) -> #VALUE!
A93: =IF(Values_Entered,A92+1,"") | B93: =B92+31 -> 47077 | C93: =IF(Pay_Num<>"",I92,"") | D93: =IF(Pay_Num<>"",Scheduled_Monthly_Payment,"") | F93: =IF(AND(Pay_Num<>"",Sched_Pay+Extra_Pay<Beg_Bal),Sched_Pay+Extra_Pay,IF(Pay_Num<>"",Beg_Bal,"")) -> #VALUE! | G93: =IF(Pay_Num<>"",Total_Pay-Int,"") | H93: =IF(Pay_Num<>"",Beg_Bal*Interest_Rate/Num_Pmt_Per_Year,"") | I93: =IF(AND(Pay_Num<>"",Sched_Pay+Extra_Pay<Beg_Bal),Beg_Bal-Princ,IF(Pay_Num<>"",0,"")) -> #VALUE!
A94: =IF(Values_Entered,A93+1,"") | B94: =B93+30 -> 47107 | C94: =IF(Pay_Num<>"",I93,"") | D94: =IF(Pay_Num<>"",Scheduled_Monthly_Payment,"") | F94: =IF(AND(Pay_Num<>"",Sched_Pay+Extra_Pay<Beg_Bal),Sched_Pay+Extra_Pay,IF(Pay_Num<>"",Beg_Bal,"")) -> #VALUE! | G94: =IF(Pay_Num<>"",Total_Pay-Int,"") | H94: =IF(Pay_Num<>"",Beg_Bal*Interest_Rate/Num_Pmt_Per_Year,"") | I94: =IF(AND(Pay_Num<>"",Sched_Pay+Extra_Pay<Beg_Bal),Beg_Bal-Princ,IF(Pay_Num<>"",0,"")) -> #VALUE!
A95: =IF(Values_Entered,A94+1,"") | B95: =B94+31 -> 47138 | C95: =IF(Pay_Num<>"",I94,"") | D95: =IF(Pay_Num<>"",Scheduled_Monthly_Payment,"") | F95: =IF(AND(Pay_Num<>"",Sched_Pay+Extra_Pay<Beg_Bal),Sched_Pay+Extra_Pay,IF(Pay_Num<>"",Beg_Bal,"")) -> #VALUE! | G95: =IF(Pay_Num<>"",Total_Pay-Int,"") | H95: =IF(Pay_Num<>"",Beg_Bal*Interest_Rate/Num_Pmt_Per_Year,"") | I95: =IF(AND(Pay_Num<>"",Sched_Pay+Extra_Pay<Beg_Bal),Beg_Bal-Princ,IF(Pay_Num<>"",0,"")) -> #VALUE!
A96: =IF(Values_Entered,A95+1,"") | B96: =B95+31 -> 47169 | C96: =IF(Pay_Num<>"",I95,"") | D96: =IF(Pay_Num<>"",Scheduled_Monthly_Payment,"") | F96: =IF(AND(Pay_Num<>"",Sched_Pay+Extra_Pay<Beg_Bal),Sched_Pay+Extra_Pay,IF(Pay_Num<>"",Beg_Bal,"")) -> #VALUE! | G96: =IF(Pay_Num<>"",Total_Pay-Int,"") | H96: =IF(Pay_Num<>"",Beg_Bal*Interest_Rate/Num_Pmt_Per_Year,"") | I96: =IF(AND(Pay_Num<>"",Sched_Pay+Extra_Pay<Beg_Bal),Beg_Bal-Princ,IF(Pay_Num<>"",0,"")) -> #VALUE!
A97: =IF(Values_Entered,A96+1,"") | B97: =B96+28 -> 47197 | C97: =IF(Pay_Num<>"",I96,"") | D97: =IF(Pay_Num<>"",Scheduled_Monthly_Payment,"") | F97: =IF(AND(Pay_Num<>"",Sched_Pay+Extra_Pay<Beg_Bal),Sched_Pay+Extra_Pay,IF(Pay_Num<>"",Beg_Bal,"")) -> #VALUE! | G97: =IF(Pay_Num<>"",Total_Pay-Int,"") | H97: =IF(Pay_Num<>"",Beg_Bal*Interest_Rate/Num_Pmt_Per_Year,"") | I97: =IF(AND(Pay_Num<>"",Sched_Pay+Extra_Pay<Beg_Bal),Beg_Bal-Princ,IF(Pay_Num<>"",0,"")) -> #VALUE!
A98: =IF(Values_Entered,A97+1,"") | B98: =B97+31 -> 47228 | C98: =IF(Pay_Num<>"",I97,"") | D98: =IF(Pay_Num<>"",Scheduled_Monthly_Payment,"") | F98: =IF(AND(Pay_Num<>"",Sched_Pay+Extra_Pay<Beg_Bal),Sched_Pay+Extra_Pay,IF(Pay_Num<>"",Beg_Bal,"")) -> #VALUE! | G98: =IF(Pay_Num<>"",Total_Pay-Int,"") | H98: =IF(Pay_Num<>"",Beg_Bal*Interest_Rate/Num_Pmt_Per_Year,"") | I98: =IF(AND(Pay_Num<>"",Sched_Pay+Extra_Pay<Beg_Bal),Beg_Bal-Princ,IF(Pay_Num<>"",0,"")) -> #VALUE!
A99: =IF(Values_Entered,A98+1,"") | B99: =B98+30 -> 47258 | C99: =IF(Pay_Num<>"",I98,"") | D99: =IF(Pay_Num<>"",Scheduled_Monthly_Payment,"") | F99: =IF(AND(Pay_Num<>"",Sched_Pay+Extra_Pay<Beg_Bal),Sched_Pay+Extra_Pay,IF(Pay_Num<>"",Beg_Bal,"")) -> #VALUE! | G99: =IF(Pay_Num<>"",Total_Pay-Int,"") | H99: =IF(Pay_Num<>"",Beg_Bal*Interest_Rate/Num_Pmt_Per_Year,"") | I99: =IF(AND(Pay_Num<>"",Sched_Pay+Extra_Pay<Beg_Bal),Beg_Bal-Princ,IF(Pay_Num<>"",0,"")) -> #VALUE!
A100: =IF(Values_Entered,A99+1,"") | B100: =B99+31 -> 47289 | C100: =IF(Pay_Num<>"",I99,"") | D100: =IF(Pay_Num<>"",Scheduled_Monthly_Payment,"") | F100: =IF(AND(Pay_Num<>"",Sched_Pay+Extra_Pay<Beg_Bal),Sched_Pay+Extra_Pay,IF(Pay_Num<>"",Beg_Bal,"")) -> #VALUE! | G100: =IF(Pay_Num<>"",Total_Pay-Int,"") | H100: =IF(Pay_Num<>"",Beg_Bal*Interest_Rate/Num_Pmt_Per_Year,"") | I100: =IF(AND(Pay_Num<>"",Sched_Pay+Extra_Pay<Beg_Bal),Beg_Bal-Princ,IF(Pay_Num<>"",0,"")) -> #VALUE!
A101: =IF(Values_Entered,A100+1,"") | B101: =B100+30 -> 47319 | C101: =IF(Pay_Num<>"",I100,"") | D101: =IF(Pay_Num<>"",Scheduled_Monthly_Payment,"") | F101: =IF(AND(Pay_Num<>"",Sched_Pay+Extra_Pay<Beg_Bal),Sched_Pay+Extra_Pay,IF(Pay_Num<>"",Beg_Bal,"")) -> #VALUE! | G101: =IF(Pay_Num<>"",Total_Pay-Int,"") | H101: =IF(Pay_Num<>"",Beg_Bal*Interest_Rate/Num_Pmt_Per_Year,"") | I101: =IF(AND(Pay_Num<>"",Sched_Pay+Extra_Pay<Beg_Bal),Beg_Bal-Princ,IF(Pay_Num<>"",0,"")) -> #VALUE!
A102: =IF(Values_Entered,A101+1,"") | B102: =B101+31 -> 47350 | C102: =IF(Pay_Num<>"",I101,"") | D102: =IF(Pay_Num<>"",Scheduled_Monthly_Payment,"") | F102: =IF(AND(Pay_Num<>"",Sched_Pay+Extra_Pay<Beg_Bal),Sched_Pay+Extra_Pay,IF(Pay_Num<>"",Beg_Bal,"")) -> #VALUE! | G102: =IF(Pay_Num<>"",Total_Pay-Int,"") | H102: =IF(Pay_Num<>"",Beg_Bal*Interest_Rate/Num_Pmt_Per_Year,"") | I102: =IF(AND(Pay_Num<>"",Sched_Pay+Extra_Pay<Beg_Bal),Beg_Bal-Princ,IF(Pay_Num<>"",0,"")) -> #VALUE!
A103: =IF(Values_Entered,A102+1,"") | B103: =B102+31 -> 47381 | C103: =IF(Pay_Num<>"",I102,"") | D103: =IF(Pay_Num<>"",Scheduled_Monthly_Payment,"") | F103: =IF(AND(Pay_Num<>"",Sched_Pay+Extra_Pay<Beg_Bal),Sched_Pay+Extra_Pay,IF(Pay_Num<>"",Beg_Bal,"")) -> #VALUE! | G103: =IF(Pay_Num<>"",Total_Pay-Int,"") | H103: =IF(Pay_Num<>"",Beg_Bal*Interest_Rate/Num_Pmt_Per_Year,"") | I103: =IF(AND(Pay_Num<>"",Sched_Pay+Extra_Pay<Beg_Bal),Beg_Bal-Princ,IF(Pay_Num<>"",0,"")) -> #VALUE!
A104: =IF(Values_Entered,A103+1,"") | B104: =B103+30 -> 47411 | C104: =IF(Pay_Num<>"",I103,"") | D104: =IF(Pay_Num<>"",Scheduled_Monthly_Payment,"") | F104: =IF(AND(Pay_Num<>"",Sched_Pay+Extra_Pay<Beg_Bal),Sched_Pay+Extra_Pay,IF(Pay_Num<>"",Beg_Bal,"")) -> #VALUE! | G104: =IF(Pay_Num<>"",Total_Pay-Int,"") | H104: =IF(Pay_Num<>"",Beg_Bal*Interest_Rate/Num_Pmt_Per_Year,"") | I104: =IF(AND(Pay_Num<>"",Sched_Pay+Extra_Pay<Beg_Bal),Beg_Bal-Princ,IF(Pay_Num<>"",0,"")) -> #VALUE!
A105: =IF(Values_Entered,A104+1,"") | B105: =B104+31 -> 47442 | C105: =IF(Pay_Num<>"",I104,"") | D105: =IF(Pay_Num<>"",Scheduled_Monthly_Payment,"") | F105: =IF(AND(Pay_Num<>"",Sched_Pay+Extra_Pay<Beg_Bal),Sched_Pay+Extra_Pay,IF(Pay_Num<>"",Beg_Bal,"")) -> #VALUE! | G105: =IF(Pay_Num<>"",Total_Pay-Int,"") | H105: =IF(Pay_Num<>"",Beg_Bal*Interest_Rate/Num_Pmt_Per_Year,"") | I105: =IF(AND(Pay_Num<>"",Sched_Pay+Extra_Pay<Beg_Bal),Beg_Bal-Princ,IF(Pay_Num<>"",0,"")) -> #VALUE!
A106: =IF(Values_Entered,A105+1,"") | B106: =B105+30 -> 47472 | C106: =IF(Pay_Num<>"",I105,"") | D106: =IF(Pay_Num<>"",Scheduled_Monthly_Payment,"") | F106: =IF(AND(Pay_Num<>"",Sched_Pay+Extra_Pay<Beg_Bal),Sched_Pay+Extra_Pay,IF(Pay_Num<>"",Beg_Bal,"")) -> #VALUE! | G106: =IF(Pay_Num<>"",Total_Pay-Int,"") | H106: =IF(Pay_Num<>"",Beg_Bal*Interest_Rate/Num_Pmt_Per_Year,"") | I106: =IF(AND(Pay_Num<>"",Sched_Pay+Extra_Pay<Beg_Bal),Beg_Bal-Princ,IF(Pay_Num<>"",0,"")) -> #VALUE!
A107: =IF(Values_Entered,A106+1,"") | B107: =B106+31 -> 47503 | C107: =IF(Pay_Num<>"",I106,"") | D107: =IF(Pay_Num<>"",Scheduled_Monthly_Payment,"") | F107: =IF(AND(Pay_Num<>"",Sched_Pay+Extra_Pay<Beg_Bal),Sched_Pay+Extra_Pay,IF(Pay_Num<>"",Beg_Bal,"")) -> #VALUE! | G107: =IF(Pay_Num<>"",Total_Pay-Int,"") | H107: =IF(Pay_Num<>"",Beg_Bal*Interest_Rate/Num_Pmt_Per_Year,"") | I107: =IF(AND(Pay_Num<>"",Sched_Pay+Extra_Pay<Beg_Bal),Beg_Bal-Princ,IF(Pay_Num<>"",0,"")) -> #VALUE!
A108: =IF(Values_Entered,A107+1,"") | B108: =B107+31 -> 47534 | C108: =IF(Pay_Num<>"",I107,"") | D108: =IF(Pay_Num<>"",Scheduled_Monthly_Payment,"") | F108: =IF(AND(Pay_Num<>"",Sched_Pay+Extra_Pay<Beg_Bal),Sched_Pay+Extra_Pay,IF(Pay_Num<>"",Beg_Bal,"")) -> #VALUE! | G108: =IF(Pay_Num<>"",Total_Pay-Int,"") | H108: =IF(Pay_Num<>"",Beg_Bal*Interest_Rate/Num_Pmt_Per_Year,"") | I108: =IF(AND(Pay_Num<>"",Sched_Pay+Extra_Pay<Beg_Bal),Beg_Bal-Princ,IF(Pay_Num<>"",0,"")) -> #VALUE!
A109: =IF(Values_Entered,A108+1,"") | B109: =B108+28 -> 47562 | C109: =IF(Pay_Num<>"",I108,"") | D109: =IF(Pay_Num<>"",Scheduled_Monthly_Payment,"") | F109: =IF(AND(Pay_Num<>"",Sched_Pay+Extra_Pay<Beg_Bal),Sched_Pay+Extra_Pay,IF(Pay_Num<>"",Beg_Bal,"")) -> #VALUE! | G109: =IF(Pay_Num<>"",Total_Pay-Int,"") | H109: =IF(Pay_Num<>"",Beg_Bal*Interest_Rate/Num_Pmt_Per_Year,"") | I109: =IF(AND(Pay_Num<>"",Sched_Pay+Extra_Pay<Beg_Bal),Beg_Bal-Princ,IF(Pay_Num<>"",0,"")) -> #VALUE!
A110: =IF(Values_Entered,A109+1,"") | B110: =B109+31 -> 47593 | C110: =IF(Pay_Num<>"",I109,"") | D110: =IF(Pay_Num<>"",Scheduled_Monthly_Payment,"") | F110: =IF(AND(Pay_Num<>"",Sched_Pay+Extra_Pay<Beg_Bal),Sched_Pay+Extra_Pay,IF(Pay_Num<>"",Beg_Bal,"")) -> #VALUE! | G110: =IF(Pay_Num<>"",Total_Pay-Int,"") | H110: =IF(Pay_Num<>"",Beg_Bal*Interest_Rate/Num_Pmt_Per_Year,"") | I110: =IF(AND(Pay_Num<>"",Sched_Pay+Extra_Pay<Beg_Bal),Beg_Bal-Princ,IF(Pay_Num<>"",0,"")) -> #VALUE!
...

Sheet INTERNAL PRICELIST
A1: The Southprime Flats | R1: linked to computation - pls update as needed
A2: Mandurriao, Iloilo | R2: VAT Threshold | S2: 3199200
A3: Building 2 Pricelist (Ver.01) | J3: Part of LMF
A4: July 2022 | G4: HIDE | H4: HIDE | I4: HIDE | J4: HIDE | M4: 100000 | N4: NOT INCLUDED | O4: NOT INCLUDED | AA4: 7% @ 15 years
H5: 5000 | I5: 0.12 | J5: 0.91 | K5: Part of LMF | L5: Part of LMF | M5: 90000 | P5: 0.075 | Q5: 0.025 | S5: 0.1 | U5: 15000 | W5: 22 | Z5: 0.0077529894 | AA5: 0.0089882827 | AB5: 0.011610848 | AC5: 0.019801199
A6: Level | B6: Tagging | C6: Description | D6: Unit | E6: Area (sqm) | F6: Unit Type | G6: Selling Price | H6: HIC AMOUNT | I6: HIC VAT | J6: Smart home cost + recovery | K6: (+) Price Increase | L6: (+) Price Increase | M6: New Selling Price | N6: (+)Smart Home Cost | O6: (+)Recovery Program | P6: LMF | Q6: BF | R6: Total Contract Price | S6: Equity Rate | T6: Equity | U6: Reservation Fee | V6: Net Equity | W6: Equity Term (Months) | X6: Monthly Equity | Y6: Loanable Amount | Z6: Monthly Amort. 20 years @ 7% | AA6: Monthly Amort. 15 years @ 7% | AB6: Monthly Amort. 10 years @ 7% | AC6: Monthly Amort. 5 years @ 7% | AE6: Step-Up Computation | AN6: STATUS | AR6: FROM AREA TAB
A7: UPPER GROUND | B7: =M7/E7 -> 105880.05 | C7: Inner | D7: 1A | E7: 22 | F7: Studio Unit | G7: 2000000 | H7: =H$5*E7 -> 110000 | I7: =H7*I$5 -> 13200 | J7: =+(N7+O7)*$J$5 -> 63700 | K7: 75000 | L7: =(G7+H7+J7+K7)*3% -> 67461 | M7: =G7+H7+I7+J7+K7+L7 -> 2329361 | N7: 20000 | O7: 50000 | P7: =M7*P$5 -> 174702.07 | Q7: =M7*Q$5 -> 58234.025 | R7: =+M7+P7+Q7 -> 2562297.1 | S7: =S$5 -> 0.1 | T7: =R7*S7 -> 256229.71 | U7: =U$5 -> 15000 | V7: =T7-U7 -> 241229.71 | W7: =W$5 -> 22 | X7: =V7/W7 -> 10964.987 | Y7: =R7-T7 -> 2306067.4 | Z7: =Y7*Z$5 -> 17878.916 | AA7: =Y7*AA$5 -> 20727.586 | AB7: =Y7*AB$5 -> 26775.398 | AC7: =Y7*AC$5 -> 45662.898 | AE7: Net Equity | AG7: =V7 -> 241229.71 | AN7: UNSOLD | AR7: 1 | AS7: UNIT A | AT7: 22 | AU7: =AT7-E7 -> 0
A8: UPPER GROUND | B8: =M8/E8 -> 105880.05 | C8: Inner | D8: 1B | E8: 22 | F8: Studio Unit | G8: 2000000 | H8: =H$5*E8 -> 110000 | I8: =H8*I$5 -> 13200 | J8: =+(N8+O8)*$J$5 -> 63700 | K8: 75000 | L8: =(G8+H8+J8+K8)*3% -> 67461 | M8: =G8+H8+I8+J8+K8+L8 -> 2329361 | N8: 20000 | O8: 50000 | P8: =M8*P$5 -> 174702.07 | Q8: =M8*Q$5 -> 58234.025 | R8: =+M8+P8+Q8 -> 2562297.1 | S8: =S$5 -> 0.1 | T8: =R8*S8 -> 256229.71 | U8: =U$5 -> 15000 | V8: =T8-U8 -> 241229.71 | W8: =W$5 -> 22 | X8: =V8/W8 -> 10964.987 | Y8: =R8-T8 -> 2306067.4 | Z8: =Y8*Z$5 -> 17878.916 | AA8: =Y8*AA$5 -> 20727.586 | AB8: =Y8*AB$5 -> 26775.398 | AC8: =Y8*AC$5 -> 45662.898 | AF8: Months Covered | AG8: Months | AH8: % | AI8: Total | AJ8: Monthly | AN8: UNSOLD | AR8: 2 | AS8: UNIT B | AT8: 22 | AU8: =AT8-E8 -> 0
A9: UPPER GROUND | B9: =M9/E9 -> 105880.05 | C9: Inner | D9: 1C | E9: 22 | F9: Studio Unit | G9: 2000000 | H9: =H$5*E9 -> 110000 | I9: =H9*I$5 -> 13200 | J9: =+(N9+O9)*$J$5 -> 63700 | K9: 75000 | L9: =(G9+H9+J9+K9)*3% -> 67461 | M9: =G9+H9+I9+J9+K9+L9 -> 2329361 | N9: 20000 | O9: 50000 | P9: =M9*P$5 -> 174702.07 | Q9: =M9*Q$5 -> 58234.025 | R9: =+M9+P9+Q9 -> 2562297.1 | S9: =S$5 -> 0.1 | T9: =R9*S9 -> 256229.71 | U9: =U$5 -> 15000 | V9: =T9-U9 -> 241229.71 | W9: =W$5 -> 22 | X9: =V9/W9 -> 10964.987 | Y9: =R9-T9 -> 2306067.4 | Z9: =Y9*Z$5 -> 17878.916 | AA9: =Y9*AA$5 -> 20727.586 | AB9: =Y9*AB$5 -> 26775.398 | AC9: =Y9*AC$5 -> 45662.898 | AE9: Step Up 1 | AF9: 1st to 7th Month | AG9: 7 | AH9: 0.25 | AI9: =AG7*AH9 -> 60307.428 | AJ9: =AI9/AG9 -> 8615.3468 | AN9: UNSOLD | AR9: 3 | AS9: UNIT C | AT9: 22 | AU9: =AT9-E9 -> 0
A10: UPPER GROUND | B10: =M10/E10 -> 105880.05 | C10: Inner | D10: 1D | E10: 22 | F10: Studio Unit | G10: 2000000 | H10: =H$5*E10 -> 110000 | I10: =H10*I$5 -> 13200 | J10: =+(N10+O10)*$J$5 -> 63700 | K10: 75000 | L10: =(G10+H10+J10+K10)*3% -> 67461 | M10: =G10+H10+I10+J10+K10+L10 -> 2329361 | N10: 20000 | O10: 50000 | P10: =M10*P$5 -> 174702.07 | Q10: =M10*Q$5 -> 58234.025 | R10: =+M10+P10+Q10 -> 2562297.1 | S10: =S$5 -> 0.1 | T10: =R10*S10 -> 256229.71 | U10: =U$5 -> 15000 | V10: =T10-U10 -> 241229.71 | W10: =W$5 -> 22 | X10: =V10/W10 -> 10964.987 | Y10: =R10-T10 -> 2306067.4 | Z10: =Y10*Z$5 -> 17878.916 | AA10: =Y10*AA$5 -> 20727.586 | AB10: =Y10*AB$5 -> 26775.398 | AC10: =Y10*AC$5 -> 45662.898 | AE10: Step Up 2 | AF10: 8th to 14th Month | AG10: 7 | AH10: 0.35 | AI10: =AG7*AH10 -> 84430.398 | AJ10: =AI10/AG10 -> 12061.485 | AN10: UNSOLD | AR10: 4 | AS10: UNIT D | AT10: 22 | AU10: =AT10-E10 -> 0
A11: UPPER GROUND | B11: =M11/E11 -> 105880.05 | C11: Inner | D11: 1E | E11: 22 | F11: Studio Unit | G11: 2000000 | H11: =H$5*E11 -> 110000 | I11: =H11*I$5 -> 13200 | J11: =+(N11+O11)*$J$5 -> 63700 | K11: 75000 | L11: =(G11+H11+J11+K11)*3% -> 67461 | M11: =G11+H11+I11+J11+K11+L11 -> 2329361 | N11: 20000 | O11: 50000 | P11: =M11*P$5 -> 174702.07 | Q11: =M11*Q$5 -> 58234.025 | R11: =+M11+P11+Q11 -> 2562297.1 | S11: =S$5 -> 0.1 | T11: =R11*S11 -> 256229.71 | U11: =U$5 -> 15000 | V11: =T11-U11 -> 241229.71 | W11: =W$5 -> 22 | X11: =V11/W11 -> 10964.987 | Y11: =R11-T11 -> 2306067.4 | Z11: =Y11*Z$5 -> 17878.916 | AA11: =Y11*AA$5 -> 20727.586 | AB11: =Y11*AB$5 -> 26775.398 | AC11: =Y11*AC$5 -> 45662.898 | AE11: Step Up 3 | AF11: 15th to 22nd Month | AG11: 8 | AH11: 0.4 | AI11: =AG7*AH11 -> 96491.884 | AJ11: =AI11/AG11 -> 12061.486 | AN11: UNSOLD | AR11: 5 | AS11: UNIT E | AT11: 22 | AU11: =AT11-E11 -> 0
A12: UPPER GROUND | B12: =M12/E12 -> 105880.05 | C12: Corner | D12: 1F | E12: 22 | F12: Studio Unit | G12: 2000000 | H12: =H$5*E12 -> 110000 | I12: =H12*I$5 -> 13200 | J12: =+(N12+O12)*$J$5 -> 63700 | K12: 75000 | L12: =(G12+H12+J12+K12)*3% -> 67461 | M12: =G12+H12+I12+J12+K12+L12 -> 2329361 | N12: 20000 | O12: 50000 | P12: =M12*P$5 -> 174702.07 | Q12: =M12*Q$5 -> 58234.025 | R12: =+M12+P12+Q12 -> 2562297.1 | S12: =S$5 -> 0.1 | T12: =R12*S12 -> 256229.71 | U12: =U$5 -> 15000 | V12: =T12-U12 -> 241229.71 | W12: =W$5 -> 22 | X12: =V12/W12 -> 10964.987 | Y12: =R12-T12 -> 2306067.4 | Z12: =Y12*Z$5 -> 17878.916 | AA12: =Y12*AA$5 -> 20727.586 | AB12: =Y12*AB$5 -> 26775.398 | AC12: =Y12*AC$5 -> 45662.898 | AE12: Total | AG12: =SUM(AG9:AG11) -> 22 | AH12: =SUM(AH9:AH11) -> 1 | AI12: =SUM(AI9:AI11) -> 241229.71 | AN12: UNSOLD | AR12: 6 | AS12: UNIT F | AT12: 22 | AU12: =AT12-E12 -> 0
A13: UPPER GROUND | B13: =M13/E13 -> 104356.13 | C13: Corner | D13: 1G | E13: 22.34 | F13: Studio Unit | G13: 2000000 | H13: =H$5*E13 -> 111700 | I13: =H13*I$5 -> 13404 | J13: =+(N13+O13)*$J$5 -> 63700 | K13: 75000 | L13: =(G13+H13+J13+K13)*3% -> 67512 | M13: =G13+H13+I13+J13+K13+L13 -> 2331316 | N13: 20000 | O13: 50000 | P13: =M13*P$5 -> 174848.7 | Q13: =M13*Q$5 -> 58282.9 | R13: =+M13+P13+Q13 -> 2564447.6 | S13: =S$5 -> 0.1 | T13: =R13*S13 -> 256444.76 | U13: =U$5 -> 15000 | V13: =T13-U13 -> 241444.76 | W13: =W$5 -> 22 | X13: =V13/W13 -> 10974.762 | Y13: =R13-T13 -> 2308002.8 | Z13: =Y13*Z$5 -> 17893.921 | AA13: =Y13*AA$5 -> 20744.982 | AB13: =Y13*AB$5 -> 26797.87 | AC13: =Y13*AC$5 -> 45701.222 | AN13: UNSOLD | AR13: 7 | AS13: UNIT G | AT13: 22.34 | AU13: =AT13-E13 -> 0
A14: UPPER GROUND | B14: =M14/E14 -> 105880.05 | C14: Inner | D14: 1H | E14: 22 | F14: Studio Unit | G14: 2000000 | H14: =H$5*E14 -> 110000 | I14: =H14*I$5 -> 13200 | J14: =+(N14+O14)*$J$5 -> 63700 | K14: 75000 | L14: =(G14+H14+J14+K14)*3% -> 67461 | M14: =G14+H14+I14+J14+K14+L14 -> 2329361 | N14: 20000 | O14: 50000 | P14: =M14*P$5 -> 174702.07 | Q14: =M14*Q$5 -> 58234.025 | R14: =+M14+P14+Q14 -> 2562297.1 | S14: =S$5 -> 0.1 | T14: =R14*S14 -> 256229.71 | U14: =U$5 -> 15000 | V14: =T14-U14 -> 241229.71 | W14: =W$5 -> 22 | X14: =V14/W14 -> 10964.987 | Y14: =R14-T14 -> 2306067.4 | Z14: =Y14*Z$5 -> 17878.916 | AA14: =Y14*AA$5 -> 20727.586 | AB14: =Y14*AB$5 -> 26775.398 | AC14: =Y14*AC$5 -> 45662.898 | AE14: Net Equity | AG14: =V31 -> 241444.76 | AN14: UNSOLD | AR14: 8 | AS14: UNIT H | AT14: 22 | AU14: =AT14-E14 -> 0
A15: UPPER GROUND | B15: =M15/E15 -> 105880.05 | C15: Inner | D15: 1I | E15: 22 | F15: Studio Unit | G15: 2000000 | H15: =H$5*E15 -> 110000 | I15: =H15*I$5 -> 13200 | J15: =+(N15+O15)*$J$5 -> 63700 | K15: 75000 | L15: =(G15+H15+J15+K15)*3% -> 67461 | M15: =G15+H15+I15+J15+K15+L15 -> 2329361 | N15: 20000 | O15: 50000 | P15: =M15*P$5 -> 174702.07 | Q15: =M15*Q$5 -> 58234.025 | R15: =+M15+P15+Q15 -> 2562297.1 | S15: =S$5 -> 0.1 | T15: =R15*S15 -> 256229.71 | U15: =U$5 -> 15000 | V15: =T15-U15 -> 241229.71 | W15: =W$5 -> 22 | X15: =V15/W15 -> 10964.987 | Y15: =R15-T15 -> 2306067.4 | Z15: =Y15*Z$5 -> 17878.916 | AA15: =Y15*AA$5 -> 20727.586 | AB15: =Y15*AB$5 -> 26775.398 | AC15: =Y15*AC$5 -> 45662.898 | AG15: Months | AH15: % | AI15: Total | AJ15: Monthly | AN15: UNSOLD | AR15: 9 | AS15: UNIT I | AT15: 22 | AU15: =AT15-E15 -> 0
A16: UPPER GROUND | B16: =M16/E16 -> 105880.05 | C16: Inner | D16: 1J | E16: 22 | F16: Studio Unit | G16: 2000000 | H16: =H$5*E16 -> 110000 | I16: =H16*I$5 -> 13200 | J16: =+(N16+O16)*$J$5 -> 63700 | K16: 75000 | L16: =(G16+H16+J16+K16)*3% -> 67461 | M16: =G16+H16+I16+J16+K16+L16 -> 2329361 | N16: 20000 | O16: 50000 | P16: =M16*P$5 -> 174702.07 | Q16: =M16*Q$5 -> 58234.025 | R16: =+M16+P16+Q16 -> 2562297.1 | S16: =S$5 -> 0.1 | T16: =R16*S16 -> 256229.71 | U16: =U$5 -> 15000 | V16: =T16-U16 -> 241229.71 | W16: =W$5 -> 22 | X16: =V16/W16 -> 10964.987 | Y16: =R16-T16 -> 2306067.4 | Z16: =Y16*Z$5 -> 17878.916 | AA16: =Y16*AA$5 -> 20727.586 | AB16: =Y16*AB$5 -> 26775.398 | AC16: =Y16*AC$5 -> 45662.898 | AE16: Step Up 1 | AH16: 0.25 | AI16: =AG14*AH16 -> 60361.19 | AJ16: =AI16/AG16 -> #DIV/0! | AN16: UNSOLD | AR16: 10 | AS16: UNIT J | AT16: 22 | AU16: =AT16-E16 -> 0
A17: UPPER GROUND | B17: =M17/E17 -> 105880.05 | C17: Inner | D17: 1K | E17: 22 | F17: Studio Unit | G17: 2000000 | H17: =H$5*E17 -> 110000 | I17: =H17*I$5 -> 13200 | J17: =+(N17+O17)*$J$5 -> 63700 | K17: 75000 | L17: =(G17+H17+J17+K17)*3% -> 67461 | M17: =G17+H17+I17+J17+K17+L17 -> 2329361 | N17: 20000 | O17: 50000 | P17: =M17*P$5 -> 174702.07 | Q17: =M17*Q$5 -> 58234.025 | R17: =+M17+P17+Q17 -> 2562297.1 | S17: =S$5 -> 0.1 | T17: =R17*S17 -> 256229.71 | U17: =U$5 -> 15000 | V17: =T17-U17 -> 241229.71 | W17: =W$5 -> 22 | X17: =V17/W17 -> 10964.987 | Y17: =R17-T17 -> 2306067.4 | Z17: =Y17*Z$5 -> 17878.916 | AA17: =Y17*AA$5 -> 20727.586 | AB17: =Y17*AB$5 -> 26775.398 | AC17: =Y17*AC$5 -> 45662.898 | AE17: Step Up 2 | AH17: 0.35 | AI17: =AG14*AH17 -> 84505.666 | AJ17: =AI17/AG17 -> #DIV/0! | AN17: UNSOLD | AR17: 11 | AS17: UNIT K | AT17: 22 | AU17: =AT17-E17 -> 0
A18: UPPER GROUND | B18: =M18/E18 -> 105880.05 | C18: Inner | D18: 1L | E18: 22 | F18: Studio Unit | G18: 2000000 | H18: =H$5*E18 -> 110000 | I18: =H18*I$5 -> 13200 | J18: =+(N18+O18)*$J$5 -> 63700 | K18: 75000 | L18: =(G18+H18+J18+K18)*3% -> 67461 | M18: =G18+H18+I18+J18+K18+L18 -> 2329361 | N18: 20000 | O18: 50000 | P18: =M18*P$5 -> 174702.07 | Q18: =M18*Q$5 -> 58234.025 | R18: =+M18+P18+Q18 -> 2562297.1 | S18: =S$5 -> 0.1 | T18: =R18*S18 -> 256229.71 | U18: =U$5 -> 15000 | V18: =T18-U18 -> 241229.71 | W18: =W$5 -> 22 | X18: =V18/W18 -> 10964.987 | Y18: =R18-T18 -> 2306067.4 | Z18: =Y18*Z$5 -> 17878.916 | AA18: =Y18*AA$5 -> 20727.586 | AB18: =Y18*AB$5 -> 26775.398 | AC18: =Y18*AC$5 -> 45662.898 | AE18: Step Up 3 | AH18: 0.4 | AI18: =AG14*AH18 -> 96577.904 | AJ18: =AI18/AG18 -> #DIV/0! | AN18: UNSOLD | AR18: 12 | AS18: UNIT L | AT18: 22 | AU18: =AT18-E18 -> 0
A19: UPPER GROUND | B19: =M19/E19 -> 105880.05 | C19: Inner | D19: 1M | E19: 22 | F19: Studio Unit | G19: 2000000 | H19: =H$5*E19 -> 110000 | I19: =H19*I$5 -> 13200 | J19: =+(N19+O19)*$J$5 -> 63700 | K19: 75000 | L19: =(G19+H19+J19+K19)*3% -> 67461 | M19: =G19+H19+I19+J19+K19+L19 -> 2329361 | N19: 20000 | O19: 50000 | P19: =M19*P$5 -> 174702.07 | Q19: =M19*Q$5 -> 58234.025 | R19: =+M19+P19+Q19 -> 2562297.1 | S19: =S$5 -> 0.1 | T19: =R19*S19 -> 256229.71 | U19: =U$5 -> 15000 | V19: =T19-U19 -> 241229.71 | W19: =W$5 -> 22 | X19: =V19/W19 -> 10964.987 | Y19: =R19-T19 -> 2306067.4 | Z19: =Y19*Z$5 -> 17878.916 | AA19: =Y19*AA$5 -> 20727.586 | AB19: =Y19*AB$5 -> 26775.398 | AC19: =Y19*AC$5 -> 45662.898 | AE19: Total | AG19: =SUM(AG16:AG18) -> 0 | AH19: =SUM(AH16:AH18) -> 1 | AI19: =SUM(AI16:AI18) -> 241444.76 | AN19: UNSOLD | AR19: 13 | AS19: UNIT M | AT19: 22 | AU19: =AT19-E19 -> 0
A20: UPPER GROUND | B20: =M20/E20 -> 105880.05 | C20: Inner | D20: 1N | E20: 22 | F20: Studio Unit | G20: 2000000 | H20: =H$5*E20 -> 110000 | I20: =H20*I$5 -> 13200 | J20: =+(N20+O20)*$J$5 -> 63700 | K20: 75000 | L20: =(G20+H20+J20+K20)*3% -> 67461 | M20: =G20+H20+I20+J20+K20+L20 -> 2329361 | N20: 20000 | O20: 50000 | P20: =M20*P$5 -> 174702.07 | Q20: =M20*Q$5 -> 58234.025 | R20: =+M20+P20+Q20 -> 2562297.1 | S20: =S$5 -> 0.1 | T20: =R20*S20 -> 256229.71 | U20: =U$5 -> 15000 | V20: =T20-U20 -> 241229.71 | W20: =W$5 -> 22 | X20: =V20/W20 -> 10964.987 | Y20: =R20-T20 -> 2306067.4 | Z20: =Y20*Z$5 -> 17878.916 | AA20: =Y20*AA$5 -> 20727.586 | AB20: =Y20*AB$5 -> 26775.398 | AC20: =Y20*AC$5 -> 45662.898 | AN20: UNSOLD | AR20: 14 | AS20: UNIT N | AT20: 22 | AU20: =AT20-E20 -> 0
A21: UPPER GROUND | B21: =M21/E21 -> 105880.05 | C21: Inner | D21: 1O | E21: 22 | F21: Studio Unit | G21: 2000000 | H21: =H$5*E21 -> 110000 | I21: =H21*I$5 -> 13200 | J21: =+(N21+O21)*$J$5 -> 63700 | K21: 75000 | L21: =(G21+H21+J21+K21)*3% -> 67461 | M21: =G21+H21+I21+J21+K21+L21 -> 2329361 | N21: 20000 | O21: 50000 | P21: =M21*P$5 -> 174702.07 | Q21: =M21*Q$5 -> 58234.025 | R21: =+M21+P21+Q21 -> 2562297.1 | S21: =S$5 -> 0.1 | T21: =R21*S21 -> 256229.71 | U21: =U$5 -> 15000 | V21: =T21-U21 -> 241229.71 | W21: =W$5 -> 22 | X21: =V21/W21 -> 10964.987 | Y21: =R21-T21 -> 2306067.4 | Z21: =Y21*Z$5 -> 17878.916 | AA21: =Y21*AA$5 -> 20727.586 | AB21: =Y21*AB$5 -> 26775.398 | AC21: =Y21*AC$5 -> 45662.898 | AF21: Edit every month | AN21: UNSOLD | AR21: 15 | AS21: UNIT O | AT21: 22 | AU21: =AT21-E21 -> 0
A22: UPPER GROUND | B22: =M22/E22 -> 105880.05 | C22: Inner | D22: 1P | E22: 22 | F22: Studio Unit | G22: 2000000 | H22: =H$5*E22 -> 110000 | I22: =H22*I$5 -> 13200 | J22: =+(N22+O22)*$J$5 -> 63700 | K22: 75000 | L22: =(G22+H22+J22+K22)*3% -> 67461 | M22: =G22+H22+I22+J22+K22+L22 -> 2329361 | N22: 20000 | O22: 50000 | P22: =M22*P$5 -> 174702.07 | Q22: =M22*Q$5 -> 58234.025 | R22: =+M22+P22+Q22 -> 2562297.1 | S22: =S$5 -> 0.1 | T22: =R22*S22 -> 256229.71 | U22: =U$5 -> 15000 | V22: =T22-U22 -> 241229.71 | W22: =W$5 -> 22 | X22: =V22/W22 -> 10964.987 | Y22: =R22-T22 -> 2306067.4 | Z22: =Y22*Z$5 -> 17878.916 | AA22: =Y22*AA$5 -> 20727.586 | AB22: =Y22*AB$5 -> 26775.398 | AC22: =Y22*AC$5 -> 45662.898 | AF22: N/A | AG22: less: Lumpsum Payment (24th month) | AN22: UNSOLD | AR22: 16 | AS22: UNIT P | AT22: 22 | AU22: =AT22-E22 -> 0
A23: UPPER GROUND | B23: =M23/E23 -> 104356.13 | C23: Corner | D23: 1Q | E23: 22.34 | F23: Studio Unit | G23: 2000000 | H23: =H$5*E23 -> 111700 | I23: =H23*I$5 -> 13404 | J23: =+(N23+O23)*$J$5 -> 63700 | K23: 75000 | L23: =(G23+H23+J23+K23)*3% -> 67512 | M23: =G23+H23+I23+J23+K23+L23 -> 2331316 | N23: 20000 | O23: 50000 | P23: =M23*P$5 -> 174848.7 | Q23: =M23*Q$5 -> 58282.9 | R23: =+M23+P23+Q23 -> 2564447.6 | S23: =S$5 -> 0.1 | T23: =R23*S23 -> 256444.76 | U23: =U$5 -> 15000 | V23: =T23-U23 -> 241444.76 | W23: =W$5 -> 22 | X23: =V23/W23 -> 10974.762 | Y23: =R23-T23 -> 2308002.8 | Z23: =Y23*Z$5 -> 17893.921 | AA23: =Y23*AA$5 -> 20744.982 | AB23: =Y23*AB$5 -> 26797.87 | AC23: =Y23*AC$5 -> 45701.222 | AN23: UNSOLD | AR23: 17 | AS23: UNIT Q | AT23: 22.34 | AU23: =AT23-E23 -> 0
A24: 2nd FLOOR | B24: =M24/E24 -> 105880.05 | C24: Inner | D24: 2A | E24: 22 | F24: Studio Unit | G24: 2000000 | H24: =H$5*E24 -> 110000 | I24: =H24*I$5 -> 13200 | J24: =+(N24+O24)*$J$5 -> 63700 | K24: 75000 | L24: =(G24+H24+J24+K24)*3% -> 67461 | M24: =G24+H24+I24+J24+K24+L24 -> 2329361 | N24: 20000 | O24: 50000 | P24: =M24*P$5 -> 174702.07 | Q24: =M24*Q$5 -> 58234.025 | R24: =+M24+P24+Q24 -> 2562297.1 | S24: =S$5 -> 0.1 | T24: =R24*S24 -> 256229.71 | U24: =U$5 -> 15000 | V24: =T24-U24 -> 241229.71 | W24: =W$5 -> 22 | X24: =V24/W24 -> 10964.987 | Y24: =R24-T24 -> 2306067.4 | Z24: =Y24*Z$5 -> 17878.916 | AA24: =Y24*AA$5 -> 20727.586 | AB24: =Y24*AB$5 -> 26775.398 | AC24: =Y24*AC$5 -> 45662.898 | AE24: Step Up: | AF24: 10% Equity Step-up | AN24: SOLD | AR24: 1 | AS24: UNIT A | AT24: 22 | AU24: =AT24-E24 -> 0
A25: 2nd FLOOR | B25: =M25/E25 -> 105880.05 | C25: Inner | D25: 2B | E25: 22 | F25: Studio Unit | G25: 2000000 | H25: =H$5*E25 -> 110000 | I25: =H25*I$5 -> 13200 | J25: =+(N25+O25)*$J$5 -> 63700 | K25: 75000 | L25: =(G25+H25+J25+K25)*3% -> 67461 | M25: =G25+H25+I25+J25+K25+L25 -> 2329361 | N25: 20000 | O25: 50000 | P25: =M25*P$5 -> 174702.07 | Q25: =M25*Q$5 -> 58234.025 | R25: =+M25+P25+Q25 -> 2562297.1 | S25: =S$5 -> 0.1 | T25: =R25*S25 -> 256229.71 | U25: =U$5 -> 15000 | V25: =T25-U25 -> 241229.71 | W25: =W$5 -> 22 | X25: =V25/W25 -> 10964.987 | Y25: =R25-T25 -> 2306067.4 | Z25: =Y25*Z$5 -> 17878.916 | AA25: =Y25*AA$5 -> 20727.586 | AB25: =Y25*AB$5 -> 26775.398 | AC25: =Y25*AC$5 -> 45662.898 | AE25: Step Up w/ 2.5%: | AF25: N/A | AG25: 10% Equity Step-up, 2.50% Lumpsum | AN25: SOLD | AR25: 2 | AS25: UNIT B | AT25: 22 | AU25: =AT25-E25 -> 0
A26: 2nd FLOOR | B26: =M26/E26 -> 105880.05 | C26: Inner | D26: 2C | E26: 22 | F26: Studio Unit | G26: 2000000 | H26: =H$5*E26 -> 110000 | I26: =H26*I$5 -> 13200 | J26: =+(N26+O26)*$J$5 -> 63700 | K26: 75000 | L26: =(G26+H26+J26+K26)*3% -> 67461 | M26: =G26+H26+I26+J26+K26+L26 -> 2329361 | N26: 20000 | O26: 50000 | P26: =M26*P$5 -> 174702.07 | Q26: =M26*Q$5 -> 58234.025 | R26: =+M26+P26+Q26 -> 2562297.1 | S26: =S$5 -> 0.1 | T26: =R26*S26 -> 256229.71 | U26: =U$5 -> 15000 | V26: =T26-U26 -> 241229.71 | W26: =W$5 -> 22 | X26: =V26/W26 -> 10964.987 | Y26: =R26-T26 -> 2306067.4 | Z26: =Y26*Z$5 -> 17878.916 | AA26: =Y26*AA$5 -> 20727.586 | AB26: =Y26*AB$5 -> 26775.398 | AC26: =Y26*AC$5 -> 45662.898 | AE26: w/ 2.5% Lumpsum: | AF26: N/A | AG26: 10% Equity spread, 2.50% Lumpsum | AN26: SOLD | AR26: 3 | AS26: UNIT C | AT26: 22 | AU26: =AT26-E26 -> 0
A27: 2nd FLOOR | B27: =M27/E27 -> 105880.05 | C27: Inner | D27: 2D | E27: 22 | F27: Studio Unit | G27: 2000000 | H27: =H$5*E27 -> 110000 | I27: =H27*I$5 -> 13200 | J27: =+(N27+O27)*$J$5 -> 63700 | K27: 75000 | L27: =(G27+H27+J27+K27)*3% -> 67461 | M27: =G27+H27+I27+J27+K27+L27 -> 2329361 | N27: 20000 | O27: 50000 | P27: =M27*P$5 -> 174702.07 | Q27: =M27*Q$5 -> 58234.025 | R27: =+M27+P27+Q27 -> 2562297.1 | S27: =S$5 -> 0.1 | T27: =R27*S27 -> 256229.71 | U27: =U$5 -> 15000 | V27: =T27-U27 -> 241229.71 | W27: =W$5 -> 22 | X27: =V27/W27 -> 10964.987 | Y27: =R27-T27 -> 2306067.4 | Z27: =Y27*Z$5 -> 17878.916 | AA27: =Y27*AA$5 -> 20727.586 | AB27: =Y27*AB$5 -> 26775.398 | AC27: =Y27*AC$5 -> 45662.898 | AN27: SOLD | AR27: 4 | AS27: UNIT D | AT27: 22 | AU27: =AT27-E27 -> 0
A28: 2nd FLOOR | B28: =M28/E28 -> 105880.05 | C28: Inner | D28: 2E | E28: 22 | F28: Studio Unit | G28: 2000000 | H28: =H$5*E28 -> 110000 | I28: =H28*I$5 -> 13200 | J28: =+(N28+O28)*$J$5 -> 63700 | K28: 75000 | L28: =(G28+H28+J28+K28)*3% -> 67461 | M28: =G28+H28+I28+J28+K28+L28 -> 2329361 | N28: 20000 | O28: 50000 | P28: =M28*P$5 -> 174702.07 | Q28: =M28*Q$5 -> 58234.025 | R28: =+M28+P28+Q28 -> 2562297.1 | S28: =S$5 -> 0.1 | T28: =R28*S28 -> 256229.71 | U28: =U$5 -> 15000 | V28: =T28-U28 -> 241229.71 | W28: =W$5 -> 22 | X28: =V28/W28 -> 10964.987 | Y28: =R28-T28 -> 2306067.4 | Z28: =Y28*Z$5 -> 17878.916 | AA28: =Y28*AA$5 -> 20727.586 | AB28: =Y28*AB$5 -> 26775.398 | AC28: =Y28*AC$5 -> 45662.898 | AN28: SOLD | AR28: 5 | AS28: UNIT E | AT28: 22 | AU28: =AT28-E28 -> 0
A29: 2nd FLOOR | B29: =M29/E29 -> 105880.05 | C29: Inner | D29: 2F | E29: 22 | F29: Studio Unit | G29: 2000000 | H29: =H$5*E29 -> 110000 | I29: =H29*I$5 -> 13200 | J29: =+(N29+O29)*$J$5 -> 63700 | K29: 75000 | L29: =(G29+H29+J29+K29)*3% -> 67461 | M29: =G29+H29+I29+J29+K29+L29 -> 2329361 | N29: 20000 | O29: 50000 | P29: =M29*P$5 -> 174702.07 | Q29: =M29*Q$5 -> 58234.025 | R29: =+M29+P29+Q29 -> 2562297.1 | S29: =S$5 -> 0.1 | T29: =R29*S29 -> 256229.71 | U29: =U$5 -> 15000 | V29: =T29-U29 -> 241229.71 | W29: =W$5 -> 22 | X29: =V29/W29 -> 10964.987 | Y29: =R29-T29 -> 2306067.4 | Z29: =Y29*Z$5 -> 17878.916 | AA29: =Y29*AA$5 -> 20727.586 | AB29: =Y29*AB$5 -> 26775.398 | AC29: =Y29*AC$5 -> 45662.898 | AN29: SOLD | AR29: 6 | AS29: UNIT F | AT29: 22 | AU29: =AT29-E29 -> 0
A30: 2nd FLOOR | B30: =M30/E30 -> 105880.05 | C30: Corner | D30: 2G | E30: 22 | F30: Studio Unit | G30: 2000000 | H30: =H$5*E30 -> 110000 | I30: =H30*I$5 -> 13200 | J30: =+(N30+O30)*$J$5 -> 63700 | K30: 75000 | L30: =(G30+H30+J30+K30)*3% -> 67461 | M30: =G30+H30+I30+J30+K30+L30 -> 2329361 | N30: 20000 | O30: 50000 | P30: =M30*P$5 -> 174702.07 | Q30: =M30*Q$5 -> 58234.025 | R30: =+M30+P30+Q30 -> 2562297.1 | S30: =S$5 -> 0.1 | T30: =R30*S30 -> 256229.71 | U30: =U$5 -> 15000 | V30: =T30-U30 -> 241229.71 | W30: =W$5 -> 22 | X30: =V30/W30 -> 10964.987 | Y30: =R30-T30 -> 2306067.4 | Z30: =Y30*Z$5 -> 17878.916 | AA30: =Y30*AA$5 -> 20727.586 | AB30: =Y30*AB$5 -> 26775.398 | AC30: =Y30*AC$5 -> 45662.898 | AE30: SPECIAL STEP-UP TERM | AN30: SOLD | AR30: 7 | AS30: UNIT G | AT30: 22 | AU30: =AT30-E30 -> 0
A31: 2nd FLOOR | B31: =M31/E31 -> 104356.13 | C31: Corner | D31: 2H | E31: 22.34 | F31: Studio Unit | G31: 2000000 | H31: =H$5*E31 -> 111700 | I31: =H31*I$5 -> 13404 | J31: =+(N31+O31)*$J$5 -> 63700 | K31: 75000 | L31: =(G31+H31+J31+K31)*3% -> 67512 | M31: =G31+H31+I31+J31+K31+L31 -> 2331316 | N31: 20000 | O31: 50000 | P31: =M31*P$5 -> 174848.7 | Q31: =M31*Q$5 -> 58282.9 | R31: =+M31+P31+Q31 -> 2564447.6 | S31: =S$5 -> 0.1 | T31: =R31*S31 -> 256444.76 | U31: =U$5 -> 15000 | V31: =T31-U31 -> 241444.76 | W31: =W$5 -> 22 | X31: =V31/W31 -> 10974.762 | Y31: =R31-T31 -> 2308002.8 | Z31: =Y31*Z$5 -> 17893.921 | AA31: =Y31*AA$5 -> 20744.982 | AB31: =Y31*AB$5 -> 26797.87 | AC31: =Y31*AC$5 -> 45701.222 | AE31: =AG9 -> 7 | AF31: =AF9 -> 1st to 7th Month | AN31: SOLD | AR31: 8 | AS31: UNIT H | AT31: 22.34 | AU31: =AT31-E31 -> 0
A32: 2nd FLOOR | B32: =M32/E32 -> 105880.05 | C32: Inner | D32: 2I | E32: 22 | F32: Studio Unit | G32: 2000000 | H32: =H$5*E32 -> 110000 | I32: =H32*I$5 -> 13200 | J32: =+(N32+O32)*$J$5 -> 63700 | K32: 75000 | L32: =(G32+H32+J32+K32)*3% -> 67461 | M32: =G32+H32+I32+J32+K32+L32 -> 2329361 | N32: 20000 | O32: 50000 | P32: =M32*P$5 -> 174702.07 | Q32: =M32*Q$5 -> 58234.025 | R32: =+M32+P32+Q32 -> 2562297.1 | S32: =S$5 -> 0.1 | T32: =R32*S32 -> 256229.71 | U32: =U$5 -> 15000 | V32: =T32-U32 -> 241229.71 | W32: =W$5 -> 22 | X32: =V32/W32 -> 10964.987 | Y32: =R32-T32 -> 2306067.4 | Z32: =Y32*Z$5 -> 17878.916 | AA32: =Y32*AA$5 -> 20727.586 | AB32: =Y32*AB$5 -> 26775.398 | AC32: =Y32*AC$5 -> 45662.898 | AE32: =AG10 -> 7 | AF32: =AF10 -> 8th to 14th Month | AN32: SOLD | AR32: 9 | AS32: UNIT I | AT32: 22 | AU32: =AT32-E32 -> 0
A33: 2nd FLOOR | B33: =M33/E33 -> 105880.05 | C33: Inner | D33: 2J | E33: 22 | F33: Studio Unit | G33: 2000000 | H33: =H$5*E33 -> 110000 | I33: =H33*I$5 -> 13200 | J33: =+(N33+O33)*$J$5 -> 63700 | K33: 75000 | L33: =(G33+H33+J33+K33)*3% -> 67461 | M33: =G33+H33+I33+J33+K33+L33 -> 2329361 | N33: 20000 | O33: 50000 | P33: =M33*P$5 -> 174702.07 | Q33: =M33*Q$5 -> 58234.025 | R33: =+M33+P33+Q33 -> 2562297.1 | S33: =S$5 -> 0.1 | T33: =R33*S33 -> 256229.71 | U33: =U$5 -> 15000 | V33: =T33-U33 -> 241229.71 | W33: =W$5 -> 22 | X33: =V33/W33 -> 10964.987 | Y33: =R33-T33 -> 2306067.4 | Z33: =Y33*Z$5 -> 17878.916 | AA33: =Y33*AA$5 -> 20727.586 | AB33: =Y33*AB$5 -> 26775.398 | AC33: =Y33*AC$5 -> 45662.898 | AE33: =AG11 -> 8 | AF33: =AF11 -> 15th to 22nd Month | AN33: SOLD | AR33: 10 | AS33: UNIT J | AT33: 22 | AU33: =AT33-E33 -> 0
A34: 2nd FLOOR | B34: =M34/E34 -> 105880.05 | C34: Inner | D34: 2K | E34: 22 | F34: Studio Unit | G34: 2000000 | H34: =H$5*E34 -> 110000 | I34: =H34*I$5 -> 13200 | J34: =+(N34+O34)*$J$5 -> 63700 | K34: 75000 | L34: =(G34+H34+J34+K34)*3% -> 67461 | M34: =G34+H34+I34+J34+K34+L34 -> 2329361 | N34: 20000 | O34: 50000 | P34: =M34*P$5 -> 174702.07 | Q34: =M34*Q$5 -> 58234.025 | R34: =+M34+P34+Q34 -> 2562297.1 | S34: =S$5 -> 0.1 | T34: =R34*S34 -> 256229.71 | U34: =U$5 -> 15000 | V34: =T34-U34 -> 241229.71 | W34: =W$5 -> 22 | X34: =V34/W34 -> 10964.987 | Y34: =R34-T34 -> 2306067.4 | Z34: =Y34*Z$5 -> 17878.916 | AA34: =Y34*AA$5 -> 20727.586 | AB34: =Y34*AB$5 -> 26775.398 | AC34: =Y34*AC$5 -> 45662.898 | AE34: =SUM(AE31:AE33) -> 22 | AN34: SOLD | AR34: 11 | AS34: UNIT K | AT34: 22 | AU34: =AT34-E34 -> 0
A35: 2nd FLOOR | B35: =M35/E35 -> 105880.05 | C35: Inner | D35: 2L | E35: 22 | F35: Studio Unit | G35: 2000000 | H35: =H$5*E35 -> 110000 | I35: =H35*I$5 -> 13200 | J35: =+(N35+O35)*$J$5 -> 63700 | K35: 75000 | L35: =(G35+H35+J35+K35)*3% -> 67461 | M35: =G35+H35+I35+J35+K35+L35 -> 2329361 | N35: 20000 | O35: 50000 | P35: =M35*P$5 -> 174702.07 | Q35: =M35*Q$5 -> 58234.025 | R35: =+M35+P35+Q35 -> 2562297.1 | S35: =S$5 -> 0.1 | T35: =R35*S35 -> 256229.71 | U35: =U$5 -> 15000 | V35: =T35-U35 -> 241229.71 | W35: =W$5 -> 22 | X35: =V35/W35 -> 10964.987 | Y35: =R35-T35 -> 2306067.4 | Z35: =Y35*Z$5 -> 17878.916 | AA35: =Y35*AA$5 -> 20727.586 | AB35: =Y35*AB$5 -> 26775.398 | AC35: =Y35*AC$5 -> 45662.898 | AF35: Lumpsum payment of the 7th, 14th, & 22nd month | AN35: UNSOLD | AR35: 12 | AS35: UNIT L | AT35: 22 | AU35: =AT35-E35 -> 0
A36: 2nd FLOOR | B36: =M36/E36 -> 105880.05 | C36: Inner | D36: 2M | E36: 22 | F36: Studio Unit | G36: 2000000 | H36: =H$5*E36 -> 110000 | I36: =H36*I$5 -> 13200 | J36: =+(N36+O36)*$J$5 -> 63700 | K36: 75000 | L36: =(G36+H36+J36+K36)*3% -> 67461 | M36: =G36+H36+I36+J36+K36+L36 -> 2329361 | N36: 20000 | O36: 50000 | P36: =M36*P$5 -> 174702.07 | Q36: =M36*Q$5 -> 58234.025 | R36: =+M36+P36+Q36 -> 2562297.1 | S36: =S$5 -> 0.1 | T36: =R36*S36 -> 256229.71 | U36: =U$5 -> 15000 | V36: =T36-U36 -> 241229.71 | W36: =W$5 -> 22 | X36: =V36/W36 -> 10964.987 | Y36: =R36-T36 -> 2306067.4 | Z36: =Y36*Z$5 -> 17878.916 | AA36: =Y36*AA$5 -> 20727.586 | AB36: =Y36*AB$5 -> 26775.398 | AC36: =Y36*AC$5 -> 45662.898 | AN36: SOLD | AR36: 13 | AS36: UNIT M | AT36: 22 | AU36: =AT36-E36 -> 0
A37: 2nd FLOOR | B37: =M37/E37 -> 105880.05 | C37: Inner | D37: 2N | E37: 22 | F37: Studio Unit | G37: 2000000 | H37: =H$5*E37 -> 110000 | I37: =H37*I$5 -> 13200 | J37: =+(N37+O37)*$J$5 -> 63700 | K37: 75000 | L37: =(G37+H37+J37+K37)*3% -> 67461 | M37: =G37+H37+I37+J37+K37+L37 -> 2329361 | N37: 20000 | O37: 50000 | P37: =M37*P$5 -> 174702.07 | Q37: =M37*Q$5 -> 58234.025 | R37: =+M37+P37+Q37 -> 2562297.1 | S37: =S$5 -> 0.1 | T37: =R37*S37 -> 256229.71 | U37: =U$5 -> 15000 | V37: =T37-U37 -> 241229.71 | W37: =W$5 -> 22 | X37: =V37/W37 -> 10964.987 | Y37: =R37-T37 -> 2306067.4 | Z37: =Y37*Z$5 -> 17878.916 | AA37: =Y37*AA$5 -> 20727.586 | AB37: =Y37*AB$5 -> 26775.398 | AC37: =Y37*AC$5 -> 45662.898 | AN37: SOLD | AR37: 14 | AS37: UNIT N | AT37: 22 | AU37: =AT37-E37 -> 0
A38: 2nd FLOOR | B38: =M38/E38 -> 105880.05 | C38: Inner | D38: 2O | E38: 22 | F38: Studio Unit | G38: 2000000 | H38: =H$5*E38 -> 110000 | I38: =H38*I$5 -> 13200 | J38: =+(N38+O38)*$J$5 -> 63700 | K38: 75000 | L38: =(G38+H38+J38+K38)*3% -> 67461 | M38: =G38+H38+I38+J38+K38+L38 -> 2329361 | N38: 20000 | O38: 50000 | P38: =M38*P$5 -> 174702.07 | Q38: =M38*Q$5 -> 58234.025 | R38: =+M38+P38+Q38 -> 2562297.1 | S38: =S$5 -> 0.1 | T38: =R38*S38 -> 256229.71 | U38: =U$5 -> 15000 | V38: =T38-U38 -> 241229.71 | W38: =W$5 -> 22 | X38: =V38/W38 -> 10964.987 | Y38: =R38-T38 -> 2306067.4 | Z38: =Y38*Z$5 -> 17878.916 | AA38: =Y38*AA$5 -> 20727.586 | AB38: =Y38*AB$5 -> 26775.398 | AC38: =Y38*AC$5 -> 45662.898 | AN38: SOLD | AR38: 15 | AS38: UNIT O | AT38: 22 | AU38: =AT38-E38 -> 0
A39: 2nd FLOOR | B39: =M39/E39 -> 105880.05 | C39: Inner | D39: 2P | E39: 22 | F39: Studio Unit | G39: 2000000 | H39: =H$5*E39 -> 110000 | I39: =H39*I$5 -> 13200 | J39: =+(N39+O39)*$J$5 -> 63700 | K39: 75000 | L39: =(G39+H39+J39+K39)*3% -> 67461 | M39: =G39+H39+I39+J39+K39+L39 -> 2329361 | N39: 20000 | O39: 50000 | P39: =M39*P$5 -> 174702.07 | Q39: =M39*Q$5 -> 58234.025 | R39: =+M39+P39+Q39 -> 2562297.1 | S39: =S$5 -> 0.1 | T39: =R39*S39 -> 256229.71 | U39: =U$5 -> 15000 | V39: =T39-U39 -> 241229.71 | W39: =W$5 -> 22 | X39: =V39/W39 -> 10964.987 | Y39: =R39-T39 -> 2306067.4 | Z39: =Y39*Z$5 -> 17878.916 | AA39: =Y39*AA$5 -> 20727.586 | AB39: =Y39*AB$5 -> 26775.398 | AC39: =Y39*AC$5 -> 45662.898 | AN39: SOLD | AR39: 16 | AS39: UNIT P | AT39: 22 | AU39: =AT39-E39 -> 0
A40: 2nd FLOOR | B40: =M40/E40 -> 105880.05 | C40: Inner | D40: 2Q | E40: 22 | F40: Studio Unit | G40: 2000000 | H40: =H$5*E40 -> 110000 | I40: =H40*I$5 -> 13200 | J40: =+(N40+O40)*$J$5 -> 63700 | K40: 75000 | L40: =(G40+H40+J40+K40)*3% -> 67461 | M40: =G40+H40+I40+J40+K40+L40 -> 2329361 | N40: 20000 | O40: 50000 | P40: =M40*P$5 -> 174702.07 | Q40: =M40*Q$5 -> 58234.025 | R40: =+M40+P40+Q40 -> 2562297.1 | S40: =S$5 -> 0.1 | T40: =R40*S40 -> 256229.71 | U40: =U$5 -> 15000 | V40: =T40-U40 -> 241229.71 | W40: =W$5 -> 22 | X40: =V40/W40 -> 10964.987 | Y40: =R40-T40 -> 2306067.4 | Z40: =Y40*Z$5 -> 17878.916 | AA40: =Y40*AA$5 -> 20727.586 | AB40: =Y40*AB$5 -> 26775.398 | AC40: =Y40*AC$5 -> 45662.898 | AN40: SOLD | AR40: 17 | AS40: UNIT Q | AT40: 22 | AU40: =AT40-E40 -> 0
A41: 2nd FLOOR | B41: =M41/E41 -> 104356.13 | C41: Corner | D41: 2R | E41: 22.34 | F41: Studio Unit | G41: 2000000 | H41: =H$5*E41 -> 111700 | I41: =H41*I$5 -> 13404 | J41: =+(N41+O41)*$J$5 -> 63700 | K41: 75000 | L41: =(G41+H41+J41+K41)*3% -> 67512 | M41: =G41+H41+I41+J41+K41+L41 -> 2331316 | N41: 20000 | O41: 50000 | P41: =M41*P$5 -> 174848.7 | Q41: =M41*Q$5 -> 58282.9 | R41: =+M41+P41+Q41 -> 2564447.6 | S41: =S$5 -> 0.1 | T41: =R41*S41 -> 256444.76 | U41: =U$5 -> 15000 | V41: =T41-U41 -> 241444.76 | W41: =W$5 -> 22 | X41: =V41/W41 -> 10974.762 | Y41: =R41-T41 -> 2308002.8 | Z41: =Y41*Z$5 -> 17893.921 | AA41: =Y41*AA$5 -> 20744.982 | AB41: =Y41*AB$5 -> 26797.87 | AC41: =Y41*AC$5 -> 45701.222 | AN41: UNSOLD | AR41: 18 | AS41: UNIT R | AT41: 22.34 | AU41: =AT41-E41 -> 0
A42: 3rd FLOOR | B42: =M42/E42 -> 105880.05 | C42: Inner | D42: 3A | E42: 22 | F42: Studio Unit | G42: 2000000 | H42: =H$5*E42 -> 110000 | I42: =H42*I$5 -> 13200 | J42: =+(N42+O42)*$J$5 -> 63700 | K42: 75000 | L42: =(G42+H42+J42+K42)*3% -> 67461 | M42: =G42+H42+I42+J42+K42+L42 -> 2329361 | N42: 20000 | O42: 50000 | P42: =M42*P$5 -> 174702.07 | Q42: =M42*Q$5 -> 58234.025 | R42: =+M42+P42+Q42 -> 2562297.1 | S42: =S$5 -> 0.1 | T42: =R42*S42 -> 256229.71 | U42: =U$5 -> 15000 | V42: =T42-U42 -> 241229.71 | W42: =W$5 -> 22 | X42: =V42/W42 -> 10964.987 | Y42: =R42-T42 -> 2306067.4 | Z42: =Y42*Z$5 -> 17878.916 | AA42: =Y42*AA$5 -> 20727.586 | AB42: =Y42*AB$5 -> 26775.398 | AC42: =Y42*AC$5 -> 45662.898 | AN42: SOLD | AR42: 1 | AS42: UNIT A | AT42: 22 | AU42: =AT42-E42 -> 0
A43: 3rd FLOOR | B43: =M43/E43 -> 105880.05 | C43: Inner | D43: 3B | E43: 22 | F43: Studio Unit | G43: 2000000 | H43: =H$5*E43 -> 110000 | I43: =H43*I$5 -> 13200 | J43: =+(N43+O43)*$J$5 -> 63700 | K43: 75000 | L43: =(G43+H43+J43+K43)*3% -> 67461 | M43: =G43+H43+I43+J43+K43+L43 -> 2329361 | N43: 20000 | O43: 50000 | P43: =M43*P$5 -> 174702.07 | Q43: =M43*Q$5 -> 58234.025 | R43: =+M43+P43+Q43 -> 2562297.1 | S43: =S$5 -> 0.1 | T43: =R43*S43 -> 256229.71 | U43: =U$5 -> 15000 | V43: =T43-U43 -> 241229.71 | W43: =W$5 -> 22 | X43: =V43/W43 -> 10964.987 | Y43: =R43-T43 -> 2306067.4 | Z43: =Y43*Z$5 -> 17878.916 | AA43: =Y43*AA$5 -> 20727.586 | AB43: =Y43*AB$5 -> 26775.398 | AC43: =Y43*AC$5 -> 45662.898 | AN43: SOLD | AR43: 2 | AS43: UNIT B | AT43: 22 | AU43: =AT43-E43 -> 0
A44: 3rd FLOOR | B44: =M44/E44 -> 105880.05 | C44: Inner | D44: 3C | E44: 22 | F44: Studio Unit | G44: 2000000 | H44: =H$5*E44 -> 110000 | I44: =H44*I$5 -> 13200 | J44: =+(N44+O44)*$J$5 -> 63700 | K44: 75000 | L44: =(G44+H44+J44+K44)*3% -> 67461 | M44: =G44+H44+I44+J44+K44+L44 -> 2329361 | N44: 20000 | O44: 50000 | P44: =M44*P$5 -> 174702.07 | Q44: =M44*Q$5 -> 58234.025 | R44: =+M44+P44+Q44 -> 2562297.1 | S44: =S$5 -> 0.1 | T44: =R44*S44 -> 256229.71 | U44: =U$5 -> 15000 | V44: =T44-U44 -> 241229.71 | W44: =W$5 -> 22 | X44: =V44/W44 -> 10964.987 | Y44: =R44-T44 -> 2306067.4 | Z44: =Y44*Z$5 -> 17878.916 | AA44: =Y44*AA$5 -> 20727.586 | AB44: =Y44*AB$5 -> 26775.398 | AC44: =Y44*AC$5 -> 45662.898 | AN44: SOLD | AR44: 3 | AS44: UNIT C | AT44: 22 | AU44: =AT44-E44 -> 0
A45: 3rd FLOOR | B45: =M45/E45 -> 105880.05 | C45: Inner | D45: 3D | E45: 22 | F45: Studio Unit | G45: 2000000 | H45: =H$5*E45 -> 110000 | I45: =H45*I$5 -> 13200 | J45: =+(N45+O45)*$J$5 -> 63700 | K45: 75000 | L45: =(G45+H45+J45+K45)*3% -> 67461 | M45: =G45+H45+I45+J45+K45+L45 -> 2329361 | N45: 20000 | O45: 50000 | P45: =M45*P$5 -> 174702.07 | Q45: =M45*Q$5 -> 58234.025 | R45: =+M45+P45+Q45 -> 2562297.1 | S45: =S$5 -> 0.1 | T45: =R45*S45 -> 256229.71 | U45: =U$5 -> 15000 | V45: =T45-U45 -> 241229.71 | W45: =W$5 -> 22 | X45: =V45/W45 -> 10964.987 | Y45: =R45-T45 -> 2306067.4 | Z45: =Y45*Z$5 -> 17878.916 | AA45: =Y45*AA$5 -> 20727.586 | AB45: =Y45*AB$5 -> 26775.398 | AC45: =Y45*AC$5 -> 45662.898 | AN45: UNSOLD | AR45: 4 | AS45: UNIT D | AT45: 22 | AU45: =AT45-E45 -> 0
A46: 3rd FLOOR | B46: =M46/E46 -> 105880.05 | C46: Inner | D46: 3E | E46: 22 | F46: Studio Unit | G46: 2000000 | H46: =H$5*E46 -> 110000 | I46: =H46*I$5 -> 13200 | J46: =+(N46+O46)*$J$5 -> 63700 | K46: 75000 | L46: =(G46+H46+J46+K46)*3% -> 67461 | M46: =G46+H46+I46+J46+K46+L46 -> 2329361 | N46: 20000 | O46: 50000 | P46: =M46*P$5 -> 174702.07 | Q46: =M46*Q$5 -> 58234.025 | R46: =+M46+P46+Q46 -> 2562297.1 | S46: =S$5 -> 0.1 | T46: =R46*S46 -> 256229.71 | U46: =U$5 -> 15000 | V46: =T46-U46 -> 241229.71 | W46: =W$5 -> 22 | X46: =V46/W46 -> 10964.987 | Y46: =R46-T46 -> 2306067.4 | Z46: =Y46*Z$5 -> 17878.916 | AA46: =Y46*AA$5 -> 20727.586 | AB46: =Y46*AB$5 -> 26775.398 | AC46: =Y46*AC$5 -> 45662.898 | AN46: UNSOLD | AR46: 5 | AS46: UNIT E | AT46: 22 | AU46: =AT46-E46 -> 0
A47: 3rd FLOOR | B47: =M47/E47 -> 105880.05 | C47: Inner | D47: 3F | E47: 22 | F47: Studio Unit | G47: 2000000 | H47: =H$5*E47 -> 110000 | I47: =H47*I$5 -> 13200 | J47: =+(N47+O47)*$J$5 -> 63700 | K47: 75000 | L47: =(G47+H47+J47+K47)*3% -> 67461 | M47: =G47+H47+I47+J47+K47+L47 -> 2329361 | N47: 20000 | O47: 50000 | P47: =M47*P$5 -> 174702.07 | Q47: =M47*Q$5 -> 58234.025 | R47: =+M47+P47+Q47 -> 2562297.1 | S47: =S$5 -> 0.1 | T47: =R47*S47 -> 256229.71 | U47: =U$5 -> 15000 | V47: =T47-U47 -> 241229.71 | W47: =W$5 -> 22 | X47: =V47/W47 -> 10964.987 | Y47: =R47-T47 -> 2306067.4 | Z47: =Y47*Z$5 -> 17878.916 | AA47: =Y47*AA$5 -> 20727.586 | AB47: =Y47*AB$5 -> 26775.398 | AC47: =Y47*AC$5 -> 45662.898 | AN47: UNSOLD | AR47: 6 | AS47: UNIT F | AT47: 22 | AU47: =AT47-E47 -> 0
... A165: 9th FLOOR | B165: =M165/E165 -> 105880.05 | C165: Inner | D165: 9P | E165: 22 | F165: Studio Unit | G165: 2000000 | H165: =H$5*E165 -> 110000 | I165: =H165*I$5 -> 13200 | J165: =+(N165+O165)*$J$5 -> 63700 | K165: 75000 | L165: =(G165+H165+J165+K165)*3% -> 67461 | M165: =G165+H165+I165+J165+K165+L165 -> 2329361 | N165: 20000 | O165: 50000 | P165: =M165*P$5 -> 174702.07 | Q165: =M165*Q$5 -> 58234.025 | R165: =+M165+P165+Q165 -> 2562297.1 | S165: =S$5 -> 0.1 | T165: =R165*S165 -> 256229.71 | U165: =U$5 -> 15000 | V165: =T165-U165 -> 241229.71 | W165: =W$5 -> 22 | X165: =V165/W165 -> 10964.987 | Y165: =R165-T165 -> 2306067.4 | Z165: =Y165*Z$5 -> 17878.916 | AA165: =Y165*AA$5 -> 20727.586 | AB165: =Y165*AB$5 -> 26775.398 | AC165: =Y165*AC$5 -> 45662.898 | AN165: UNSOLD | AR165: 16 | AS165: UNIT P | AT165: 22 | AU165: =AT165-E165 -> 0
A166: 9th FLOOR | B166: =M166/E166 -> 105880.05 | C166: Inner | D166: 9Q | E166: 22 | F166: Studio Unit | G166: 2000000 | H166: =H$5*E166 -> 110000 | I166: =H166*I$5 -> 13200 | J166: =+(N166+O166)*$J$5 -> 63700 | K166: 75000 | L166: =(G166+H166+J166+K166)*3% -> 67461 | M166: =G166+H166+I166+J166+K166+L166 -> 2329361 | N166: 20000 | O166: 50000 | P166: =M166*P$5 -> 174702.07 | Q166: =M166*Q$5 -> 58234.025 | R166: =+M166+P166+Q166 -> 2562297.1 | S166: =S$5 -> 0.1 | T166: =R166*S166 -> 256229.71 | U166: =U$5 -> 15000 | V166: =T166-U166 -> 241229.71 | W166: =W$5 -> 22 | X166: =V166/W166 -> 10964.987 | Y166: =R166-T166 -> 2306067.4 | Z166: =Y166*Z$5 -> 17878.916 | AA166: =Y166*AA$5 -> 20727.586 | AB166: =Y166*AB$5 -> 26775.398 | AC166: =Y166*AC$5 -> 45662.898 | AN166: UNSOLD | AQ166: * | AR166: 17 | AS166: UNIT Q | AT166: 22 | AU166: =AT166-E166 -> 0
A167: 9th FLOOR | B167: =M167/E167 -> 104356.13 | C167: Corner | D167: 9R | E167: 22.34 | F167: Studio Unit | G167: 2000000 | H167: =H$5*E167 -> 111700 | I167: =H167*I$5 -> 13404 | J167: =+(N167+O167)*$J$5 -> 63700 | K167: 75000 | L167: =(G167+H167+J167+K167)*3% -> 67512 | M167: =G167+H167+I167+J167+K167+L167 -> 2331316 | N167: 20000 | O167: 50000 | P167: =M167*P$5 -> 174848.7 | Q167: =M167*Q$5 -> 58282.9 | R167: =+M167+P167+Q167 -> 2564447.6 | S167: =S$5 -> 0.1 | T167: =R167*S167 -> 256444.76 | U167: =U$5 -> 15000 | V167: =T167-U167 -> 241444.76 | W167: =W$5 -> 22 | X167: =V167/W167 -> 10974.762 | Y167: =R167-T167 -> 2308002.8 | Z167: =Y167*Z$5 -> 17893.921 | AA167: =Y167*AA$5 -> 20744.982 | AB167: =Y167*AB$5 -> 26797.87 | AC167: =Y167*AC$5 -> 45701.222 | AN167: SOLD | AQ167: * | AR167: 18 | AS167: UNIT R | AT167: 22.34 | AU167: =AT167-E167 -> 0
A168: 10th FLOOR | B168: =M168/E168 -> 105880.05 | C168: Inner | D168: 10A | E168: 22 | F168: Studio Unit | G168: 2000000 | H168: =H$5*E168 -> 110000 | I168: =H168*I$5 -> 13200 | J168: =+(N168+O168)*$J$5 -> 63700 | K168: 75000 | L168: =(G168+H168+J168+K168)*3% -> 67461 | M168: =G168+H168+I168+J168+K168+L168 -> 2329361 | N168: 20000 | O168: 50000 | P168: =M168*P$5 -> 174702.07 | Q168: =M168*Q$5 -> 58234.025 | R168: =+M168+P168+Q168 -> 2562297.1 | S168: =S$5 -> 0.1 | T168: =R168*S168 -> 256229.71 | U168: =U$5 -> 15000 | V168: =T168-U168 -> 241229.71 | W168: =W$5 -> 22 | X168: =V168/W168 -> 10964.987 | Y168: =R168-T168 -> 2306067.4 | Z168: =Y168*Z$5 -> 17878.916 | AA168: =Y168*AA$5 -> 20727.586 | AB168: =Y168*AB$5 -> 26775.398 | AC168: =Y168*AC$5 -> 45662.898 | AN168: SOLD | AR168: 1 | AS168: UNIT A | AT168: 22 | AU168: 10th Floor
A169: 10th FLOOR | B169: =M169/E169 -> 105880.05 | C169: Inner | D169: 10B | E169: 22 | F169: Studio Unit | G169: 2000000 | H169: =H$5*E169 -> 110000 | I169: =H169*I$5 -> 13200 | J169: =+(N169+O169)*$J$5 -> 63700 | K169: 75000 | L169: =(G169+H169+J169+K169)*3% -> 67461 | M169: =G169+H169+I169+J169+K169+L169 -> 2329361 | N169: 20000 | O169: 50000 | P169: =M169*P$5 -> 174702.07 | Q169: =M169*Q$5 -> 58234.025 | R169: =+M169+P169+Q169 -> 2562297.1 | S169: =S$5 -> 0.1 | T169: =R169*S169 -> 256229.71 | U169: =U$5 -> 15000 | V169: =T169-U169 -> 241229.71 | W169: =W$5 -> 22 | X169: =V169/W169 -> 10964.987 | Y169: =R169-T169 -> 2306067.4 | Z169: =Y169*Z$5 -> 17878.916 | AA169: =Y169*AA$5 -> 20727.586 | AB169: =Y169*AB$5 -> 26775.398 | AC169: =Y169*AC$5 -> 45662.898 | AN169: SOLD | AR169: 2 | AS169: UNIT B | AT169: 22 | AU169: 10th Floor
A170: 10th FLOOR | B170: =M170/E170 -> 105880.05 | C170: Inner | D170: 10C | E170: 22 | F170: Studio Unit | G170: 2000000 | H170: =H$5*E170 -> 110000 | I170: =H170*I$5 -> 13200 | J170: =+(N170+O170)*$J$5 -> 63700 | K170: 75000 | L170: =(G170+H170+J170+K170)*3% -> 67461 | M170: =G170+H170+I170+J170+K170+L170 -> 2329361 | N170: 20000 | O170: 50000 | P170: =M170*P$5 -> 174702.07 | Q170: =M170*Q$5 -> 58234.025 | R170: =+M170+P170+Q170 -> 2562297.1 | S170: =S$5 -> 0.1 | T170: =R170*S170 -> 256229.71 | U170: =U$5 -> 15000 | V170: =T170-U170 -> 241229.71 | W170: =W$5 -> 22 | X170: =V170/W170 -> 10964.987 | Y170: =R170-T170 -> 2306067.4 | Z170: =Y170*Z$5 -> 17878.916 | AA170: =Y170*AA$5 -> 20727.586 | AB170: =Y170*AB$5 -> 26775.398 | AC170: =Y170*AC$5 -> 45662.898 | AN170: UNSOLD | AR170: 3 | AS170: UNIT C | AT170: 22 | AU170: 10th Floor
A171: 10th FLOOR | B171: =M171/E171 -> 105880.05 | C171: Inner | D171: 10D | E171: 22 | F171: Studio Unit | G171: 2000000 | H171: =H$5*E171 -> 110000 | I171: =H171*I$5 -> 13200 | J171: =+(N171+O171)*$J$5 -> 63700 | K171: 75000 | L171: =(G171+H171+J171+K171)*3% -> 67461 | M171: =G171+H171+I171+J171+K171+L171 -> 2329361 | N171: 20000 | O171: 50000 | P171: =M171*P$5 -> 174702.07 | Q171: =M171*Q$5 -> 58234.025 | R171: =+M171+P171+Q171 -> 2562297.1 | S171: =S$5 -> 0.1 | T171: =R171*S171 -> 256229.71 | U171: =U$5 -> 15000 | V171: =T171-U171 -> 241229.71 | W171: =W$5 -> 22 | X171: =V171/W171 -> 10964.987 | Y171: =R171-T171 -> 2306067.4 | Z171: =Y171*Z$5 -> 17878.916 | AA171: =Y171*AA$5 -> 20727.586 | AB171: =Y171*AB$5 -> 26775.398 | AC171: =Y171*AC$5 -> 45662.898 | AN171: UNSOLD | AR171: 4 | AS171: UNIT D | AT171: 22 | AU171: 10th Floor
A172: 10th FLOOR | B172: =M172/E172 -> 105880.05 | C172: Inner | D172: 10E | E172: 22 | F172: Studio Unit | G172: 2000000 | H172: =H$5*E172 -> 110000 | I172: =H172*I$5 -> 13200 | J172: =+(N172+O172)*$J$5 -> 63700 | K172: 75000 | L172: =(G172+H172+J172+K172)*3% -> 67461 | M172: =G172+H172+I172+J172+K172+L172 -> 2329361 | N172: 20000 | O172: 50000 | P172: =M172*P$5 -> 174702.07 | Q172: =M172*Q$5 -> 58234.025 | R172: =+M172+P172+Q172 -> 2562297.1 | S172: =S$5 -> 0.1 | T172: =R172*S172 -> 256229.71 | U172: =U$5 -> 15000 | V172: =T172-U172 -> 241229.71 | W172: =W$5 -> 22 | X172: =V172/W172 -> 10964.987 | Y172: =R172-T172 -> 2306067.4 | Z172: =Y172*Z$5 -> 17878.916 | AA172: =Y172*AA$5 -> 20727.586 | AB172: =Y172*AB$5 -> 26775.398 | AC172: =Y172*AC$5 -> 45662.898 | AN172: SOLD | AR172: 5 | AS172: UNIT E | AT172: 22 | AU172: 10th Floor
A173: 10th FLOOR | B173: =M173/E173 -> 105880.05 | C173: Inner | D173: 10F | E173: 22 | F173: Studio Unit | G173: 2000000 | H173: =H$5*E173 -> 110000 | I173: =H173*I$5 -> 13200 | J173: =+(N173+O173)*$J$5 -> 63700 | K173: 75000 | L173: =(G173+H173+J173+K173)*3% -> 67461 | M173: =G173+H173+I173+J173+K173+L173 -> 2329361 | N173: 20000 | O173: 50000 | P173: =M173*P$5 -> 174702.07 | Q173: =M173*Q$5 -> 58234.025 | R173: =+M173+P173+Q173 -> 2562297.1 | S173: =S$5 -> 0.1 | T173: =R173*S173 -> 256229.71 | U173: =U$5 -> 15000 | V173: =T173-U173 -> 241229.71 | W173: =W$5 -> 22 | X173: =V173/W173 -> 10964.987 | Y173: =R173-T173 -> 2306067.4 | Z173: =Y173*Z$5 -> 17878.916 | AA173: =Y173*AA$5 -> 20727.586 | AB173: =Y173*AB$5 -> 26775.398 | AC173: =Y173*AC$5 -> 45662.898 | AN173: UNSOLD | AR173: 6 | AS173: UNIT F | AT173: 22 | AU173: 10th Floor
A174: 10th FLOOR | B174: =M174/E174 -> 105880.05 | C174: Inner | D174: 10G | E174: 22 | F174: Studio Unit | G174: 2000000 | H174: =H$5*E174 -> 110000 | I174: =H174*I$5 -> 13200 | J174: =+(N174+O174)*$J$5 -> 63700 | K174: 75000 | L174: =(G174+H174+J174+K174)*3% -> 67461 | M174: =G174+H174+I174+J174+K174+L174 -> 2329361 | N174: 20000 | O174: 50000 | P174: =M174*P$5 -> 174702.07 | Q174: =M174*Q$5 -> 58234.025 | R174: =+M174+P174+Q174 -> 2562297.1 | S174: =S$5 -> 0.1 | T174: =R174*S174 -> 256229.71 | U174: =U$5 -> 15000 | V174: =T174-U174 -> 241229.71 | W174: =W$5 -> 22 | X174: =V174/W174 -> 10964.987 | Y174: =R174-T174 -> 2306067.4 | Z174: =Y174*Z$5 -> 17878.916 | AA174: =Y174*AA$5 -> 20727.586 | AB174: =Y174*AB$5 -> 26775.398 | AC174: =Y174*AC$5 -> 45662.898 | AN174: UNSOLD | AR174: 7 | AS174: UNIT G | AT174: 22 | AU174: 10th Floor
A175: 10th FLOOR | B175: =M175/E175 -> 104356.13 | C175: Corner | D175: 10H | E175: 22.34 | F175: Studio Unit | G175: 2000000 | H175: =H$5*E175 -> 111700 | I175: =H175*I$5 -> 13404 | J175: =+(N175+O175)*$J$5 -> 63700 | K175: 75000 | L175: =(G175+H175+J175+K175)*3% -> 67512 | M175: =G175+H175+I175+J175+K175+L175 -> 2331316 | N175: 20000 | O175: 50000 | P175: =M175*P$5 -> 174848.7 | Q175: =M175*Q$5 -> 58282.9 | R175: =+M175+P175+Q175 -> 2564447.6 | S175: =S$5 -> 0.1 | T175: =R175*S175 -> 256444.76 | U175: =U$5 -> 15000 | V175: =T175-U175 -> 241444.76 | W175: =W$5 -> 22 | X175: =V175/W175 -> 10974.762 | Y175: =R175-T175 -> 2308002.8 | Z175: =Y175*Z$5 -> 17893.921 | AA175: =Y175*AA$5 -> 20744.982 | AB175: =Y175*AB$5 -> 26797.87 | AC175: =Y175*AC$5 -> 45701.222 | AN175: UNSOLD | AR175: 8 | AS175: UNIT H | AT175: 22.34 | AU175: 10th Floor
A176: 10th FLOOR | B176: =M176/E176 -> 105880.05 | C176: Inner | D176: 10I | E176: 22 | F176: Studio Unit | G176: 2000000 | H176: =H$5*E176 -> 110000 | I176: =H176*I$5 -> 13200 | J176: =+(N176+O176)*$J$5 -> 63700 | K176: 75000 | L176: =(G176+H176+J176+K176)*3% -> 67461 | M176: =G176+H176+I176+J176+K176+L176 -> 2329361 | N176: 20000 | O176: 50000 | P176: =M176*P$5 -> 174702.07 | Q176: =M176*Q$5 -> 58234.025 | R176: =+M176+P176+Q176 -> 2562297.1 | S176: =S$5 -> 0.1 | T176: =R176*S176 -> 256229.71 | U176: =U$5 -> 15000 | V176: =T176-U176 -> 241229.71 | W176: =W$5 -> 22 | X176: =V176/W176 -> 10964.987 | Y176: =R176-T176 -> 2306067.4 | Z176: =Y176*Z$5 -> 17878.916 | AA176: =Y176*AA$5 -> 20727.586 | AB176: =Y176*AB$5 -> 26775.398 | AC176: =Y176*AC$5 -> 45662.898 | AN176: SOLD | AR176: 9 | AS176: UNIT I | AT176: 22 | AU176: 10th Floor
A177: 10th FLOOR | B177: =M177/E177 -> 105880.05 | C177: Inner | D177: 10J | E177: 22 | F177: Studio Unit | G177: 2000000 | H177: =H$5*E177 -> 110000 | I177: =H177*I$5 -> 13200 | J177: =+(N177+O177)*$J$5 -> 63700 | K177: 75000 | L177: =(G177+H177+J177+K177)*3% -> 67461 | M177: =G177+H177+I177+J177+K177+L177 -> 2329361 | N177: 20000 | O177: 50000 | P177: =M177*P$5 -> 174702.07 | Q177: =M177*Q$5 -> 58234.025 | R177: =+M177+P177+Q177 -> 2562297.1 | S177: =S$5 -> 0.1 | T177: =R177*S177 -> 256229.71 | U177: =U$5 -> 15000 | V177: =T177-U177 -> 241229.71 | W177: =W$5 -> 22 | X177: =V177/W177 -> 10964.987 | Y177: =R177-T177 -> 2306067.4 | Z177: =Y177*Z$5 -> 17878.916 | AA177: =Y177*AA$5 -> 20727.586 | AB177: =Y177*AB$5 -> 26775.398 | AC177: =Y177*AC$5 -> 45662.898 | AN177: SOLD | AR177: 10 | AS177: UNIT J | AT177: 22 | AU177: 10th Floor
A178: 10th FLOOR | B178: =M178/E178 -> 105880.05 | C178: Inner | D178: 10K | E178: 22 | F178: Studio Unit | G178: 2000000 | H178: =H$5*E178 -> 110000 | I178: =H178*I$5 -> 13200 | J178: =+(N178+O178)*$J$5 -> 63700 | K178: 75000 | L178: =(G178+H178+J178+K178)*3% -> 67461 | M178: =G178+H178+I178+J178+K178+L178 -> 2329361 | N178: 20000 | O178: 50000 | P178: =M178*P$5 -> 174702.07 | Q178: =M178*Q$5 -> 58234.025 | R178: =+M178+P178+Q178 -> 2562297.1 | S178: =S$5 -> 0.1 | T178: =R178*S178 -> 256229.71 | U178: =U$5 -> 15000 | V178: =T178-U178 -> 241229.71 | W178: =W$5 -> 22 | X178: =V178/W178 -> 10964.987 | Y178: =R178-T178 -> 2306067.4 | Z178: =Y178*Z$5 -> 17878.916 | AA178: =Y178*AA$5 -> 20727.586 | AB178: =Y178*AB$5 -> 26775.398 | AC178: =Y178*AC$5 -> 45662.898 | AN178: SOLD | AR178: 11 | AS178: UNIT K | AT178: 22 | AU178: 10th Floor
A179: 10th FLOOR | B179: =M179/E179 -> 105880.05 | C179: Inner | D179: 10L | E179: 22 | F179: Studio Unit | G179: 2000000 | H179: =H$5*E179 -> 110000 | I179: =H179*I$5 -> 13200 | J179: =+(N179+O179)*$J$5 -> 63700 | K179: 75000 | L179: =(G179+H179+J179+K179)*3% -> 67461 | M179: =G179+H179+I179+J179+K179+L179 -> 2329361 | N179: 20000 | O179: 50000 | P179: =M179*P$5 -> 174702.07 | Q179: =M179*Q$5 -> 58234.025 | R179: =+M179+P179+Q179 -> 2562297.1 | S179: =S$5 -> 0.1 | T179: =R179*S179 -> 256229.71 | U179: =U$5 -> 15000 | V179: =T179-U179 -> 241229.71 | W179: =W$5 -> 22 | X179: =V179/W179 -> 10964.987 | Y179: =R179-T179 -> 2306067.4 | Z179: =Y179*Z$5 -> 17878.916 | AA179: =Y179*AA$5 -> 20727.586 | AB179: =Y179*AB$5 -> 26775.398 | AC179: =Y179*AC$5 -> 45662.898 | AN179: SOLD | AR179: 12 | AS179: UNIT L | AT179: 22 | AU179: 10th Floor
... A183: 10th FLOOR | B183: =M183/E183 -> 104356.13 | C183: Corner | D183: 10P | E183: 22.34 | F183: Studio Unit | G183: 2000000 | H183: =H$5*E183 -> 111700 | I183: =H183*I$5 -> 13404 | J183: =+(N183+O183)*$J$5 -> 63700 | K183: 75000 | L183: =(G183+H183+J183+K183)*3% -> 67512 | M183: =G183+H183+I183+J183+K183+L183 -> 2331316 | N183: 20000 | O183: 50000 | P183: =M183*P$5 -> 174848.7 | Q183: =M183*Q$5 -> 58282.9 | R183: =+M183+P183+Q183 -> 2564447.6 | S183: =S$5 -> 0.1 | T183: =R183*S183 -> 256444.76 | U183: =U$5 -> 15000 | V183: =T183-U183 -> 241444.76 | W183: =W$5 -> 22 | X183: =V183/W183 -> 10974.762 | Y183: =R183-T183 -> 2308002.8 | Z183: =Y183*Z$5 -> 17893.921 | AA183: =Y183*AA$5 -> 20744.982 | AB183: =Y183*AB$5 -> 26797.87 | AC183: =Y183*AC$5 -> 45701.222 | AN183: SOLD | AR183: 16 | AS183: UNIT P | AT183: 22.34 | AU183: 10th Floor
AM187: SOLD | AN187: =COUNTIF(AN7:AN183,"SOLD") -> 125
AM188: UNSOLD | AN188: =COUNTIF(AN7:AN183,"UNSOLD") -> 52
AM189: HOLD | AN189: =COUNTIF(AN6:AN183,"HOLD") -> 0
AM190: FOR OPEN | AN190: =COUNTIF(AN6:AN$183,"FOR OPEN") -> 0
AM191: TOTAL | AN191: =AN187+AN188+AN189+AN190 -> 177

Sheet Corrected and Updated TSF 2
A1: The Southprime Flats | M1: 50 | O1: =O2+O3 -> 2110000 | AQ1: OLD | CA1: NEW. | GS1: ORIGINAL | HG1: SIMULATION
A2: Mandurriao, Iloilo | E2: Lower GF will Ground Floor (Parking Space) | I2: INNER UNITS | J2: 2ND | L2: 12TH | M2: 27 | O2: 110000 | AR2: VAT THRESHOLD | BV2: Top up Incentive | BW2: 75000 | CB2: VAT THRESHOLD | CH2: (Linked to Computation - pls update value if needed) | GA2: FOR AUG. 2023 | GI2: 10% Equity w/ 2.5% lumpsum
A3: Building 2 Pricelist (Ver.01) | E3: Upper GF will be New 2nd Floor | I3: LOWER FLOORS | J3: 3RD | K3: North | L3: 10TH | M3: =M1-M2 -> 23 | O3: 2000000 | AK3: =SUBTOTAL(9,AK7:AK219) -> 1234871.3 | AL3: =SUBTOTAL(9,AL7:AL219) -> 1211646 | AR3: 3199200 | BV3: Doc Incentive | BW3: 15000 | CB3: 3600000 | CH3: VAT threshold | CK3: 3199200 | GE3: 11 | GF3: 12 | GG3: 12
K4: East | O4: HIDE | P4: =P5*12% -> 2400 | R4: mark up for comm | AR4: BOI THRESHOLD | BV4: Past Incentive | BW4: =-30000*1.12 -> -33600 | CB4: BOI THRESHOLD | CU4: Interest Rate | CY4: IN HOUSE LOAN MONTHLY AMORT @80% TCP BALANCE | EC4: 45839 | ED4: Based on Construction | GE4: 0.25 | GF4: 0.35 | GG4: 0.4
K5: etc | N5: ='[5]TSF 2 Price study with Additive'!L3 -> 100909.09 | O5: CTS BARE | P5: 20000 | Q5: 50000 | R5: 0 | T5: 3000 | U5: 1000 | V5: 2500 | W5: 1000 | X5: 200 | Y5: 20000 | Z5: 75000 | AA5: ( = ) TOTAL ADDITIVES | AB5: 44848 | AC5: 0.025 | AD5: 44849 | AE5: 0.025 | AF5: SHOULD BE | AG5: 0.025 | AI5: 0.05 | AK5: 0.01 | AL5: 27537.41 | AP5: 0.135 | AR5: 2000000 | AU5: 0.12 | AW5: OLD PRICE | AX5: 0.0125 | AY5: =RECOVERIES!H13 -> 309227.44 | BA5: 0.0375 | BC5: 30000 | BD5: 260736 | BF5: =RECOVERIES!H50 -> 1238989.2 | BP5: 187418.73 | BR5: 148873.64 | BT5: =RECOVERIES!H88 -> 65981.989 | BV5: =RECOVERIES!H93 -> 50023.624 | BY5: =RECOVERIES!H98+RECOVERIES!O94 -> 1344164.1 | CB5: 2000000 | CE5: 0.12 | CJ5: =7.5%+2.75% -> 0.1025 | CK5: 0.035 | CM5: 0.125 | CO5: 30000 | CU5: 0.07 | CY5: 0.088848789 | CZ5: 0.035157033 | DA5: 0.025393427 | DB5: 0.019325567 | EB5: =AT5/AR5 -> 0 | EC5: END OF CONSTRUCTION | ED5: 45231 | EF5: SHOULD BE EQUITY IN PRICELIST | EG5: =ED5 -> 45231 | EN5: WITH ADDITIVES | EO5: NO DISCOUNT APPLICATION | EV5: CNC | FX5: 45108 | FY5: 45139 | GB5: 0.15 | GF5: 35 | GJ5: 0.1 | GK5: 0.025 | GN5: =GF5 -> 35 | HL5: 33 | IH5: =DATE(2025,9,1) -> 45901
A6: Inventory Count | B6: SALE STATUS | C6: Inventory Count/Floor | D6: Physical Floor | E6: Floor Presentation | F6: Tagging | G6: Unit ID | H6: Unit Code | I6: Unit Type | J6: Area (sqm) | K6: Orientation | L6: View | M6: Classification | N6: Typical Selling Price/Sqm. | O6: Total Typical Selling Prie | P6: Smart Home | Q6: RECOVERY PROGRAM | R6: ( + ) LOFTED | S6: ( + ) NEAR AMENITIES | T6: ( + ) PREMIUM 8TH FLOOR | U6: ( + ) EAST VIEW | V6: ( + ) CORNER | W6: ( + ) END UNIT | X6: ( + ) FACING AMENITIES | Y6: ( + ) LEVEL ADDITIVES (@5th Floor) | Z6: LMF INCREASE | AB6: NEW SELLING PRICEL | AC6: 1ST INCREASE | AD6: =AB6 -> NEW SELLING PRICEL | AE6: 2ND INCREASE | AF6: =AD6 -> NEW SELLING PRICEL | AG6: 3RD INCREASE | AH6: =AF6 -> NEW SELLING PRICEL | AI6: 4TH INCREASE | AJ6: NEW SELLING PRICE | AK6: INCREASE | AL6: RECOVERY AMOUNT | AM6: Interest | AN6: COMM RECOVERY | AO6: NEW SELLING PRICE | AP6: PRICE INCREASE_OCT. 1,2023 | AQ6: NEW SELLING PRICE | AR6: CTS BARE/DOAS | AS6: HIC/SQM | AT6: HIC | AU6: HIC VAT | AV6: ( = ) TOTAL HIC | AW6: NEW SELLING PRICE | AX6: Price Increase (July 2024) | AY6: INCIDENTAL RECOVERY (OCT 2024) | AZ6: NEW SELLING PRICE (Oct. 2024) | BA6: Price Increase (Oct 16,2024) | BB6: INCIDENTAL RECOVERY (OCT 16, 2024) | BC6: INCENTIVE RECOVERY OCT 16 2024 | BD6: INCIDENTAL RECOVERY (OCT. 29,2024) | BE6: NEW SELLING PRICE (NOV 2024) | BF6: INCIDENTAL RECOVERY (DEC 2024) | BG6: NEW SELLING PRICE (DEC 2024) | BH6: INCIDENTAL RECOVERY (JAN 2025) | BI6: NEW SELLING PRICE (JAN 2025) | BJ6: INCIDENTAL RECOVERY (FEB 2025) | BK6: NEW SELLING PRICE (FEB 2025) | BL6: INCIDENTAL RECOVERY (MAR 2025) | BM6: NEW SELLING PRICE (MAR 2025) | BN6: INCIDENTAL RECOVERY (APR 2025) | BO6: NEW SELLING PRICE (APR 2025) | BP6: INCIDENTAL RECOVERY (MAY 2025) | BQ6: NEW SELLING PRICE (MAY 2025) | BR6: INCIDENTAL RECOVERY (JUNE 2025) | BS6: NEW SELLING PRICE (JUNE 2025) | BT6: INCIDENTAL RECOVERY (JULY 2025) | BU6: NEW SELLING PRICE (JULY 2025) | BV6: INCIDENTAL RECOVERIES (August 2025) | BW6: Top-up Incentive + Documentrary Incentive - Past Cash Incentive | BX6: New Selling Price (Aug 2025) | BY6: INCIDENTAL RECOVERY (SEP 2025) | BZ6: NEW SELLING PRICE (SEP 2025) | CA6: NEW SELLING PRICE | CB6: CTS BARE/DOAS | CC6: HIC/SQM | CD6: HIC | CE6: HIC VAT | CF6: ( = ) TOTAL HIC | CG6: New Selling Price | CH6: New Selling Price | CI6: 12% VAT | CJ6: LMF | CK6: BF | CL6: Total Contract Price | CM6: Equity Rate | CN6: Equity | CO6: Reservation Fee | CP6: Net Equity | CQ6: Equity Term (Months) | CR6: Monthly Equity | CS6: Balance % | CT6: Loanable Amount | CU6: Monthly Amort. 20 years @ 7% fixed 3 yrs only | CV6: Monthly Amort. 15 years @ 7% fixed 3 yrs only | CW6: Monthly Amort. 10 years @ 7% fixed 3 yrs only | CX6: Monthly Amort. 5 years @ 7% fixed 3 yrs only | CY6: IN HOUSE MONTHLY AMORT 1YR. @12% | CZ6: IN HOUSE MONTHLY AMORT 3YRS. @16% | DA6: IN HOUSE MONTHLY AMORT 5YRS. @18% | DB6: IN HOUSE MONTHLY AMORT 10YRS. @20% | EA6: HIC% (OLD) | EB6: HIC % (NEW) | EC6: TURN OVER DATE | ED6: REMAINING EQUITY | EF6: ( + ) 2 MONTHS FOR PMD TURN OVER TO BUYER | EG6: MAXIMIZE EQUITY DP MONTHS | EH6: BOI STATUS | EI6: DOCS STATUS | EJ6: HIC / SQM. (INCLUSIVE OF VAT) | EK6: TOTAL HIC AMOUNT | EL6: HIC PERCENTAGE | EN6: CURRENT PRICE STUDY | EO6: ORIGINAL NSP | EP6: VARIANCE | ER6: NSP/SQM (CURRENT SP) | ET6: NEW PLAN | EU6: VARIANCE | EV6: CLIENTS NAME | EW6: REMARKS | EY6: REMARKS | EZ6: STATUS | FB6: Step-Up Computation | FI6: SALES STATUS | FJ6: MASTERLIST | FK6: CHECKING | FN6: CURRENT | FP6: UPDATED | FW6: Equity % | FX6: @ 33 MONTHS TERM | FY6: @ 32 MONTHS TERM | GA6: =CL6 -> Total Contract Price | GB6: Required Equity | GC6: =CN6 -> Equity | GD6: =CO6 -> Reservation Fee | GE6: =CP6 -> Net Equity | GF6: =CQ6 -> Equity Term (Months) | GG6: =CR6 -> Monthly Equity | GI6: Total Contract Price | GJ6: 10% Equity | GK6: 2.5% Lumpsum | GL6: Reservation Fee | GM6: Net Equity | GN6: Equity Term (Months) | GO6: Monthly Equity | GS6: =CL6 -> Total Contract Price | GT6: =CM6 -> Equity Rate | GU6: =CN6 -> Equity | GV6: =CO6 -> Reservation Fee | GW6: =CP6 -> Net Equity | GX6: =CQ6 -> Equity Term (Months) | GY6: =CR6 -> Monthly Equity | GZ6: =CS6 -> Balance % | ... HE6: =CX6 -> Monthly Amort. 5 years @ 7% fixed 3 yrs only | HG6: =GS6 -> Total Contract Price | HH6: =GT6 -> Equity Rate | HI6: =GU6 -> Equity | HJ6: =GV6 -> Reservation Fee | HK6: =GW6 -> Net Equity | HL6: =GX6 -> Equity Term (Months) | HM6: =GY6 -> Monthly Equity | HN6: =GZ6 -> Balance % | ... HS6: =HE6 -> Monthly Amort. 5 years @ 7% fixed 3 yrs only | HU6: VARIANCE ON MONTHLY EQUITY | IF6: Floor | IG6: Takeout / Client Move In | IH6: Equity Term
A7: 1 | B7: SOLD | C7: 1 | D7: 2nd Floor | E7: =D7 -> 2nd Floor | G7: 2A | H7: A | I7: Studio | J7: 22 | L7: North | M7: End | N7: =$N$5 -> 100909.09 | O7: =J7*N7 -> 2220000 | P7: =P4+P5 -> 22400 | Q7: =$Q$5 -> 50000 | W7: =J7*$W$5 -> 22000 | Z7: =$Z$5 -> 75000 | AA7: =SUM(P7:Z7) -> 169400 | AB7: =O7+AA7 -> 2389400 | AC7: =AB7*$AC$5 -> 59735 | AD7: =AB7+AC7 -> 2449135 | AE7: =AD7*$AE$5 -> 61228.375 | AF7: =AD7+AE7 -> 2510363.4 | AG7: =AF7*$AG$5 -> 62759.084 | AH7: =AF7+AG7 -> 2573122.5 | AI7: =AH7*$AI$5 -> 128656.12 | AJ7: =AH7+AI7 -> 2701778.6 | AK7: =AJ7*$AK$5 -> 27017.786 | AL7: =$AL$5 -> 27537.41 | AO7: =AJ7+AK7+AL7+AM7+AN7 -> 2756333.8 | AP7: =AO7*$AP$5 -> 372105.06 | AQ7: =AO7+AP7 -> 3128438.8 | AR7: =AQ7 -> 3128438.8 | AU7: =AT7*$AU$5 -> 0 | AV7: =AT7+AU7 -> 0 | AW7: =AQ7+AU7 -> 3128438.8 | AX7: =AW7*$AX$5 -> 39105.485 | AY7: 0 | AZ7: =AW7+AX7+AY7 -> 3167544.3 | BA7: =AZ7*$BA$5 -> 118782.91 | BC7: =$BC$5*1.12 -> 33600 | BE7: =AZ7+BA7+BB7+BC7+BD7 -> 3319927.2 | BG7: =BE7+BF7 -> 3319927.2 | BI7: =BG7+BH7 -> 3319927.2 | BK7: =BI7+BJ7 -> 3319927.2 | BM7: =BK7+BL7 -> 3319927.2 | BO7: =BM7+BN7 -> 3319927.2 | BQ7: =BO7+BP7 -> 3319927.2 | BS7: =BQ7+BR7 -> 3319927.2 | BU7: =BS7+BT7 -> 3319927.2 | BW7: =$BW$2+$BW$3-BC7 -> 56400 | BX7: =SUM(BU7:BW7) -> 3376327.2 | BZ7: =BX7+BY7 -> 3376327.2 | CA7: =BZ7 -> 3376327.2 | CB7: =CA7-CD7 -> 3376327.2 | CD7: =CC7*J7 -> 0 | CE7: =CD7*$CE$5 -> 0 | CF7: =CD7+CE7 -> 0 | CG7: =CA7+CE7 -> 3376327.2 | CH7: =CG7 -> 3376327.2 | CI7: =IF(CB7<=$CB$3,0,12%*CB7) -> 0 | CJ7: =CH7*CJ$5 -> 346073.54 | CK7: =CH7*CK$5 -> 118171.45 | CL7: =SUM(CH7:CK7) -> 3840572.2 | CM7: =$CM$5 -> 0.125 | CN7: =CL7*CM7 -> 480071.53 | CO7: =$CO$5 -> 30000 | CP7: =CN7-CO7 -> 450071.53 | CQ7: =VLOOKUP(E7,$IF$6:$IH$19,3,FALSE) -> 18 | CR7: =CP7/CQ7 -> 25003.974 | CS7: =100%-CM7 -> 0.875 | CT7: =CL7*CS7 -> 3360500.7 | CU7: =-PMT($CU$5/12,240,CT7,0) -> 26053.926 | CV7: =-PMT($CU$5/12,180,CT7,0) -> 30205.13 | CW7: =-PMT($CU$5/12,120,CT7,0) -> 39018.263 | CX7: =-PMT($CU$5/12,60,CT7,0) -> 66541.942 | CY7: =(CL7*80%)*$CY$5 -> 272984.15 | CZ7: =(CL7*80%)*$CZ$5 -> 108018.5 | DA7: =(CL7*80%)*$DA$5 -> 78020.232 | DB7: =(CL7*80%)*$DB$5 -> 59376.989 | EA7: =AT7/AR7 -> 0 | EB7: =CF7/CB7 -> 0 | EC7: =EC4 -> 45839 | ED7: =(YEAR(EC7)-YEAR($ED$5))*12+MONTH(EC7)-MONTH($ED$5) -> 20 | EF7: =EC7+65 -> 45904 | EG7: =(YEAR(EF7)-YEAR($EG$5))*12+MONTH(EF7)-MONTH($EG$5)+$EG$4+$EG$3 -> 22 | EH7: NON-BOI | EI7: CTS BARE WITH HIC | EJ7: =EK7/J7 -> 0 | EK7: =AV7 -> 0 | EL7: =AV7/AR7 -> 0 | EP7: =EN7-EO7 -> 0 | ET7: 2A | EU7: =G7=ET7 -> TRUE | EV7: MA. PATRICIA ADELYN F. GALIDO | EW7: AS IS | EY7: NON BOI- BIR THRESHOLD(CTS FITTED) | EZ7: NON-BOI -BIR THRESHOLD (CTS FITTED) | FA7: =CA7-CH7 -> 0 | FB7: Net Equity | FD7: =CP7 -> 450071.53 | FI7: SOLD | FJ7: SOLD | FK7: =FI7=FJ7 -> TRUE | FN7: TERM | FO7: END EQUITY | FP7: TERM (w/ additional buffer) | FQ7: END EQUITY | FR7: For the month of | FW7: 0.15 | FX7: 14136.81 | FY7: 14578.586 | GA7: =CL7 -> 3840572.2 | GB7: =$GB$5 -> 0.15 | GC7: =GA7*GB7 -> 576085.83 | GD7: =CO7 -> 30000 | GE7: =GC7-GD7 -> 546085.83 | GF7: =$GF$5 -> 35 | GG7: =GE7/GF7 -> 15602.452 | GI7: =GA7 -> 3840572.2 | GJ7: =GI7*$GJ$5 -> 384057.22 | GK7: =GI7*$GK$5 -> 96014.306 | GL7: 15000 | GM7: =GJ7-GL7 -> 369057.22 | GN7: =$GN$5 -> 35 | GO7: =GM7/GN7 -> 10544.492 | GS7: =CL7 -> 3840572.2 | GT7: =CM7 -> 0.125 | GU7: =CN7 -> 480071.53 | GV7: =CO7 -> 30000 | GW7: =CP7 -> 450071.53 | GX7: =CQ7 -> 18 | GY7: =CR7 -> 25003.974 | GZ7: =CS7 -> 0.875 | ... HE7: =CX7 -> 66541.942 | HG7: =GS7 -> 3840572.2 | HH7: =GT7 -> 0.125 | HI7: =GU7 -> 480071.53 | HJ7: =GV7 -> 30000 | HK7: =GW7 -> 450071.53 | HL7: =$HL$5 -> 33 | HM7: =HK7/HL7 -> 13638.531 | HN7: =100%-HH7 -> 0.875 | HO7: =HG7*HN7 -> 3360500.7 | HP7: =-PMT(7%/12,240,HO7,0) -> 26053.926 | HQ7: =-PMT(7%/12,180,HO7,0) -> 30205.13 | HR7: =-PMT(7%/12,120,HO7,0) -> 39018.263 | HS7: =-PMT(7%/12,60,HO7,0) -> 66541.942 | HU7: =HM7-GY7 -> -11365.443
A8: =A7+1 -> 2 | B8: SOLD | C8: =C7+1 -> 2 | D8: 2nd Floor | E8: =D8 -> 2nd Floor | G8: 2B | H8: B | I8: Studio | J8: 22 | L8: North | M8: End | N8: =$N$5 -> 100909.09 | O8: =J8*N8 -> 2220000 | P8: =$P$7 -> 22400 | Q8: =$Q$5 -> 50000 | W8: =J8*$W$5 -> 22000 | Z8: =$Z$5 -> 75000 | AA8: =SUM(P8:Z8) -> 169400 | AB8: =O8+AA8 -> 2389400 | AC8: =AB8*$AC$5 -> 59735 | AD8: =AB8+AC8 -> 2449135 | AE8: =AD8*$AE$5 -> 61228.375 | AF8: =AD8+AE8 -> 2510363.4 | AG8: =AF8*$AG$5 -> 62759.084 | AH8: =AF8+AG8 -> 2573122.5 | AI8: =AH8*$AI$5 -> 128656.12 | AJ8: =AH8+AI8 -> 2701778.6 | AK8: =AJ8*$AK$5 -> 27017.786 | AL8: =$AL$5 -> 27537.41 | AO8: =AJ8+AK8+AL8+AM8+AN8 -> 2756333.8 | AP8: =AO8*$AP$5 -> 372105.06 | AQ8: =AO8+AP8 -> 3128438.8 | AR8: =AQ8 -> 3128438.8 | AU8: =AT8*$AU$5 -> 0 | AV8: =AT8+AU8 -> 0 | AW8: =AQ8+AU8 -> 3128438.8 | AX8: =AW8*$AX$5 -> 39105.485 | AY8: 0 | AZ8: =AW8+AX8+AY8 -> 3167544.3 | BA8: =AZ8*$BA$5 -> 118782.91 | BC8: =$BC$5*1.12 -> 33600 | BE8: =AZ8+BA8+BB8+BC8+BD8 -> 3319927.2 | BG8: =BE8+BF8 -> 3319927.2 | BI8: =BG8+BH8 -> 3319927.2 | BK8: =BI8+BJ8 -> 3319927.2 | BM8: =BK8+BL8 -> 3319927.2 | BO8: =BM8+BN8 -> 3319927.2 | BQ8: =BO8+BP8 -> 3319927.2 | BS8: =BQ8+BR8 -> 3319927.2 | BU8: =BS8+BT8 -> 3319927.2 | BW8: =$BW$2+$BW$3-BC8 -> 56400 | BX8: =SUM(BU8:BW8) -> 3376327.2 | BZ8: =BX8+BY8 -> 3376327.2 | CA8: =BZ8 -> 3376327.2 | CB8: =CA8-CD8 -> 3376327.2 | CD8: =CC8*J8 -> 0 | CE8: =CD8*$CE$5 -> 0 | CF8: =CD8+CE8 -> 0 | CG8: =CA8+CE8 -> 3376327.2 | CH8: =CG8 -> 3376327.2 | CI8: =IF(CB8<=$CB$3,0,12%*CB8) -> 0 | CJ8: =CH8*CJ$5 -> 346073.54 | CK8: =CH8*CK$5 -> 118171.45 | CL8: =SUM(CH8:CK8) -> 3840572.2 | CM8: =$CM$5 -> 0.125 | CN8: =CL8*CM8 -> 480071.53 | CO8: =$CO$5 -> 30000 | CP8: =CN8-CO8 -> 450071.53 | CQ8: =VLOOKUP(E8,$IF$6:$IH$19,3,FALSE) -> 18 | CR8: =CP8/CQ8 -> 25003.974 | CS8: =100%-CM8 -> 0.875 | CT8: =CL8*CS8 -> 3360500.7 | CU8: =-PMT($CU$5/12,240,CT8,0) -> 26053.926 | CV8: =-PMT($CU$5/12,180,CT8,0) -> 30205.13 | CW8: =-PMT($CU$5/12,120,CT8,0) -> 39018.263 | CX8: =-PMT($CU$5/12,60,CT8,0) -> 66541.942 | CY8: =(CL8*80%)*$CY$5 -> 272984.15 | CZ8: =(CL8*80%)*$CZ$5 -> 108018.5 | DA8: =(CL8*80%)*$DA$5 -> 78020.232 | DB8: =(CL8*80%)*$DB$5 -> 59376.989 | EA8: =AT8/AR8 -> 0 | EB8: =CF8/CB8 -> 0 | EC8: =$EC$7 -> 45839 | ED8: =(YEAR(EC8)-YEAR($ED$5))*12+MONTH(EC8)-MONTH($ED$5) -> 20 | EF8: =EC8+65 -> 45904 | EG8: =(YEAR(EF8)-YEAR($EG$5))*12+MONTH(EF8)-MONTH($EG$5)+$EG$4+$EG$3 -> 22 | EH8: BOI | EI8: CTS BARE WITH HIC | EJ8: =EK8/J8 -> 0 | EK8: =AV8 -> 0 | EL8: =AV8/AR8 -> 0 | EP8: =EN8-EO8 -> 0 | ET8: 2B | EU8: =G8=ET8 -> TRUE | EV8: JONATHAN ALINSUBAO | EW8: AS IS | EY8: NON BOI- BIR THRESHOLD(CTS FITTED) | EZ8: NON-BOI -BIR THRESHOLD (CTS FITTED) | FA8: =CA8-CH8 -> 0 | FC8: Months Covered | FD8: Months | FE8: % | FF8: Total | FG8: Monthly | FI8: SOLD | FJ8: SOLD | FK8: =FI8=FJ8 -> TRUE | FN8: 28 | FO8: =EDATE($EG$5,FN8) -> 46082 | FP8: 35 | FQ8: =EDATE(FR8,FP8) -> 46113 | FR8: 45047 | FW8: 0.15 | FX8: 14136.81 | FY8: 14578.586 | GA8: =CL8 -> 3840572.2 | GB8: =$GB$5 -> 0.15 | GC8: =GA8*GB8 -> 576085.83 | GD8: =CO8 -> 30000 | GE8: =GC8-GD8 -> 546085.83 | GF8: =$GF$5 -> 35 | GG8: =GE8/GF8 -> 15602.452 | GI8: =GA8 -> 3840572.2 | GJ8: =GI8*$GJ$5 -> 384057.22 | GK8: =GI8*$GK$5 -> 96014.306 | GL8: 15000 | GM8: =GJ8-GL8 -> 369057.22 | GN8: =$GN$5 -> 35 | GO8: =GM8/GN8 -> 10544.492 | GS8: =CL8 -> 3840572.2 | GT8: =CM8 -> 0.125 | GU8: =CN8 -> 480071.53 | GV8: =CO8 -> 30000 | GW8: =CP8 -> 450071.53 | GX8: =CQ8 -> 18 | GY8: =CR8 -> 25003.974 | GZ8: =CS8 -> 0.875 | ... HE8: =CX8 -> 66541.942 | HG8: =GS8 -> 3840572.2 | HH8: =GT8 -> 0.125 | HI8: =GU8 -> 480071.53 | HJ8: =GV8 -> 30000 | HK8: =GW8 -> 450071.53 | HL8: =$HL$5 -> 33 | HM8: =HK8/HL8 -> 13638.531 | HN8: =100%-HH8 -> 0.875 | HO8: =HG8*HN8 -> 3360500.7 | HP8: =-PMT(7%/12,240,HO8,0) -> 26053.926 | HQ8: =-PMT(7%/12,180,HO8,0) -> 30205.13 | HR8: =-PMT(7%/12,120,HO8,0) -> 39018.263 | HS8: =-PMT(7%/12,60,HO8,0) -> 66541.942 | HU8: =HM8-GY8 -> -11365.443 | HW8: Updated Schedule as of October 2024 | IF8: 2nd Floor | IG8: =DATE(2027,3,1) -> 46447 | IH8: =DATEDIF($IH$5,IG8,"m") -> 18
A9: =A8+1 -> 3 | B9: SOLD | C9: =C8+1 -> 3 | D9: 2nd Floor | E9: =D9 -> 2nd Floor | G9: 2C | H9: C | I9: Studio | J9: 22 | L9: North | M9: End | N9: =$N$5 -> 100909.09 | O9: =J9*N9 -> 2220000 | P9: =$P$7 -> 22400 | Q9: =$Q$5 -> 50000 | W9: =J9*$W$5 -> 22000 | Z9: =$Z$5 -> 75000 | AA9: =SUM(P9:Z9) -> 169400 | AB9: =O9+AA9 -> 2389400 | AC9: =AB9*$AC$5 -> 59735 | AD9: =AB9+AC9 -> 2449135 | AE9: =AD9*$AE$5 -> 61228.375 | AF9: =AD9+AE9 -> 2510363.4 | AG9: =AF9*$AG$5 -> 62759.084 | AH9: =AF9+AG9 -> 2573122.5 | AI9: =AH9*$AI$5 -> 128656.12 | AJ9: =AH9+AI9 -> 2701778.6 | AK9: =AJ9*$AK$5 -> 27017.786 | AL9: =$AL$5 -> 27537.41 | AO9: =AJ9+AK9+AL9+AM9+AN9 -> 2756333.8 | AP9: =AO9*$AP$5 -> 372105.06 | AQ9: =AO9+AP9 -> 3128438.8 | AR9: =AQ9 -> 3128438.8 | AU9: =AT9*$AU$5 -> 0 | AV9: =AT9+AU9 -> 0 | AW9: =AQ9+AU9 -> 3128438.8 | AX9: =AW9*$AX$5 -> 39105.485 | AY9: 0 | AZ9: =AW9+AX9+AY9 -> 3167544.3 | BA9: =AZ9*$BA$5 -> 118782.91 | BC9: =$BC$5*1.12 -> 33600 | BE9: =AZ9+BA9+BB9+BC9+BD9 -> 3319927.2 | BG9: =BE9+BF9 -> 3319927.2 | BI9: =BG9+BH9 -> 3319927.2 | BK9: =BI9+BJ9 -> 3319927.2 | BM9: =BK9+BL9 -> 3319927.2 | BO9: =BM9+BN9 -> 3319927.2 | BQ9: =BO9+BP9 -> 3319927.2 | BS9: =BQ9+BR9 -> 3319927.2 | BU9: =BS9+BT9 -> 3319927.2 | BW9: =$BW$2+$BW$3-BC9 -> 56400 | BX9: =SUM(BU9:BW9) -> 3376327.2 | BZ9: =BX9+BY9 -> 3376327.2 | CA9: =BZ9 -> 3376327.2 | CB9: =CA9-CD9 -> 3376327.2 | CD9: =CC9*J9 -> 0 | CE9: =CD9*$CE$5 -> 0 | CF9: =CD9+CE9 -> 0 | CG9: =CA9+CE9 -> 3376327.2 | CH9: =CG9 -> 3376327.2 | CI9: =IF(CB9<=$CB$3,0,12%*CB9) -> 0 | CJ9: =CH9*CJ$5 -> 346073.54 | CK9: =CH9*CK$5 -> 118171.45 | CL9: =SUM(CH9:CK9) -> 3840572.2 | CM9: =$CM$5 -> 0.125 | CN9: =CL9*CM9 -> 480071.53 | CO9: =$CO$5 -> 30000 | CP9: =CN9-CO9 -> 450071.53 | CQ9: =VLOOKUP(E9,$IF$6:$IH$19,3,FALSE) -> 18 | CR9: =CP9/CQ9 -> 25003.974 | CS9: =100%-CM9 -> 0.875 | CT9: =CL9*CS9 -> 3360500.7 | CU9: =-PMT($CU$5/12,240,CT9,0) -> 26053.926 | CV9: =-PMT($CU$5/12,180,CT9,0) -> 30205.13 | CW9: =-PMT($CU$5/12,120,CT9,0) -> 39018.263 | CX9: =-PMT($CU$5/12,60,CT9,0) -> 66541.942 | CY9: =(CL9*80%)*$CY$5 -> 272984.15 | CZ9: =(CL9*80%)*$CZ$5 -> 108018.5 | DA9: =(CL9*80%)*$DA$5 -> 78020.232 | DB9: =(CL9*80%)*$DB$5 -> 59376.989 | EA9: =AT9/AR9 -> 0 | EB9: =CF9/CB9 -> 0 | EC9: =$EC$7 -> 45839 | ED9: =(YEAR(EC9)-YEAR($ED$5))*12+MONTH(EC9)-MONTH($ED$5) -> 20 | EF9: =EC9+65 -> 45904 | EG9: =(YEAR(EF9)-YEAR($EG$5))*12+MONTH(EF9)-MONTH($EG$5)+$EG$4+$EG$3 -> 22 | EH9: BOI | EI9: CTS BARE WITH HIC | EJ9: =EK9/J9 -> 0 | EK9: =AV9 -> 0 | EL9: =AV9/AR9 -> 0 | EP9: =EN9-EO9 -> 0 | ET9: 2C | EU9: =G9=ET9 -> TRUE | EV9: ANTHONY DUMAGPI | EW9: AS IS | EY9: NON BOI- BIR THRESHOLD(CTS FITTED) | EZ9: NON-BOI -BIR THRESHOLD (CTS FITTED) | FA9: =CA9-CH9 -> 0 | FB9: Step Up 1 | FE9: 0.25 | FF9: =FD7*FE9 -> 112517.88 | FG9: =FF9/FD9 -> #DIV/0! | FI9: SOLD | FJ9: SOLD | FK9: =FI9=FJ9 -> TRUE | FP9: 34 | FQ9: =EDATE(FR9,FP9) -> 46113 | FR9: 45078 | FW9: 0.15 | FX9: 14136.81 | FY9: 14578.586 | GA9: =CL9 -> 3840572.2 | GB9: =$GB$5 -> 0.15 | GC9: =GA9*GB9 -> 576085.83 | GD9: =CO9 -> 30000 | GE9: =GC9-GD9 -> 546085.83 | GF9: =$GF$5 -> 35 | GG9: =GE9/GF9 -> 15602.452 | GI9: =GA9 -> 3840572.2 | GJ9: =GI9*$GJ$5 -> 384057.22 | GK9: =GI9*$GK$5 -> 96014.306 | GL9: 15000 | GM9: =GJ9-GL9 -> 369057.22 | GN9: =$GN$5 -> 35 | GO9: =GM9/GN9 -> 10544.492 | GS9: =CL9 -> 3840572.2 | GT9: =CM9 -> 0.125 | GU9: =CN9 -> 480071.53 | GV9: =CO9 -> 30000 | GW9: =CP9 -> 450071.53 | GX9: =CQ9 -> 18 | GY9: =CR9 -> 25003.974 | GZ9: =CS9 -> 0.875 | ... HE9: =CX9 -> 66541.942 | HG9: =GS9 -> 3840572.2 | HH9: =GT9 -> 0.125 | HI9: =GU9 -> 480071.53 | HJ9: =GV9 -> 30000 | HK9: =GW9 -> 450071.53 | HL9: =$HL$5 -> 33 | HM9: =HK9/HL9 -> 13638.531 | HN9: =100%-HH9 -> 0.875 | HO9: =HG9*HN9 -> 3360500.7 | HP9: =-PMT(7%/12,240,HO9,0) -> 26053.926 | HQ9: =-PMT(7%/12,180,HO9,0) -> 30205.13 | HR9: =-PMT(7%/12,120,HO9,0) -> 39018.263 | HS9: =-PMT(7%/12,60,HO9,0) -> 66541.942 | HU9: =HM9-GY9 -> -11365.443 | IF9: 3rd Floor | IG9: =DATE(2026,10,1) -> 46296 | IH9: =DATEDIF($IH$5,IG9,"m") -> 13
A10: =A9+1 -> 4 | B10: SOLD | C10: =C9+1 -> 4 | D10: 2nd Floor | E10: =D10 -> 2nd Floor | G10: 2D | H10: D | I10: Studio | J10: 22 | L10: North | M10: Corner | N10: =$N$5 -> 100909.09 | O10: =J10*N10 -> 2220000 | P10: =$P$7 -> 22400 | Q10: =$Q$5 -> 50000 | V10: =J10*$V$5 -> 55000 | Z10: =$Z$5 -> 75000 | AA10: =SUM(P10:Z10) -> 202400 | AB10: =O10+AA10 -> 2422400 | AC10: =AB10*$AC$5 -> 60560 | AD10: =AB10+AC10 -> 2482960 | AE10: =AD10*$AE$5 -> 62074 | AF10: =AD10+AE10 -> 2545034 | AG10: =AF10*$AG$5 -> 63625.85 | AH10: =AF10+AG10 -> 2608659.9 | AI10: =AH10*$AI$5 -> 130432.99 | AJ10: =AH10+AI10 -> 2739092.8 | AK10: =AJ10*$AK$5 -> 27390.928 | AL10: =$AL$5 -> 27537.41 | AO10: =AJ10+AK10+AL10+AM10+AN10 -> 2794021.2 | AP10: =AO10*$AP$5 -> 377192.86 | AQ10: =AO10+AP10 -> 3171214 | AR10: =AQ10-AT10 -> 3171214 | AT10: =AS10*J10 -> 0 | AU10: =AT10*$AU$5 -> 0 | AV10: =AT10+AU10 -> 0 | AW10: =AQ10+AU10 -> 3171214 | AX10: =AW10*$AX$5 -> 39640.176 | AY10: 0 | AZ10: =AW10+AX10+AY10 -> 3210854.2 | BA10: =AZ10*$BA$5 -> 120407.03 | BC10: =$BC$5*1.12 -> 33600 | BE10: =AZ10+BA10+BB10+BC10+BD10 -> 3364861.2 | BG10: =BE10+BF10 -> 3364861.2 | BI10: =BG10+BH10 -> 3364861.2 | BK10: =BI10+BJ10 -> 3364861.2 | BM10: =BK10+BL10 -> 3364861.2 | BO10: =BM10+BN10 -> 3364861.2 | BQ10: =BO10+BP10 -> 3364861.2 | BS10: =BQ10+BR10 -> 3364861.2 | BU10: =BS10+BT10 -> 3364861.2 | BW10: =$BW$2+$BW$3-BC10 -> 56400 | BX10: =SUM(BU10:BW10) -> 3421261.2 | BZ10: =BX10+BY10 -> 3421261.2 | CA10: =BZ10 -> 3421261.2 | CB10: =CA10-CD10 -> 3421261.2 | CD10: =CC10*J10 -> 0 | CE10: =CD10*$CE$5 -> 0 | CF10: =CD10+CE10 -> 0 | CG10: =CA10+CE10 -> 3421261.2 | CH10: =CG10 -> 3421261.2 | CI10: =IF(CB10<=$CB$3,0,12%*CB10) -> 0 | CJ10: =CH10*CJ$5 -> 350679.28 | CK10: =CH10*CK$5 -> 119744.14 | CL10: =SUM(CH10:CK10) -> 3891684.7 | CM10: =$CM$5 -> 0.125 | CN10: =CL10*CM10 -> 486460.58 | CO10: =$CO$5 -> 30000 | CP10: =CN10-CO10 -> 456460.58 | CQ10: =VLOOKUP(E10,$IF$6:$IH$19,3,FALSE) -> 18 | CR10: =CP10/CQ10 -> 25358.921 | CS10: =100%-CM10 -> 0.875 | CT10: =CL10*CS10 -> 3405224.1 | CU10: =-PMT($CU$5/12,240,CT10,0) -> 26400.666 | CV10: =-PMT($CU$5/12,180,CT10,0) -> 30607.117 | CW10: =-PMT($CU$5/12,120,CT10,0) -> 39537.539 | CX10: =-PMT($CU$5/12,60,CT10,0) -> 67427.518 | CY10: =(CL10*80%)*$CY$5 -> 276617.18 | CZ10: =(CL10*80%)*$CZ$5 -> 109456.07 | DA10: =(CL10*80%)*$DA$5 -> 79058.568 | DB10: =(CL10*80%)*$DB$5 -> 60167.21 | EA10: =AT10/AR10 -> 0 | EB10: =CF10/CB10 -> 0 | EC10: =$EC$7 -> 45839 | ED10: =(YEAR(EC10)-YEAR($ED$5))*12+MONTH(EC10)-MONTH($ED$5) -> 20 | EF10: =EC10+65 -> 45904 | EG10: =(YEAR(EF10)-YEAR($EG$5))*12+MONTH(EF10)-MONTH($EG$5)+$EG$4+$EG$3 -> 22 | EH10: BOI | EI10: CTS BARE WITH HIC | EJ10: =EK10/J10 -> 0 | EK10: =AV10 -> 0 | EL10: =AV10/AR10 -> 0 | EP10: =EN10-EO10 -> 0 | ET10: 2D | EU10: =G10=ET10 -> TRUE | EV10: JUVEN COLONIA | EW10: AS IS | EY10: NON BOI- BIR THRESHOLD(CTS FITTED) | EZ10: NON-BOI -BIR THRESHOLD (CTS FITTED) | FA10: =CA10-CH10 -> 0 | FB10: Step Up 2 | FE10: 0.35 | FF10: =FD7*FE10 -> 157525.04 | FG10: =FF10/FD10 -> #DIV/0! | FI10: SOLD | FJ10: SOLD | FK10: =FI10=FJ10 -> TRUE | FP10: 33 | FQ10: =EDATE(FR10,FP10) -> 46113 | FR10: 45108 | FW10: 0.15 | FX10: 14637.846 | FY10: 15095.278 | GA10: =CL10 -> 3891684.7 | GB10: =$GB$5 -> 0.15 | GC10: =GA10*GB10 -> 583752.7 | GD10: =CO10 -> 30000 | GE10: =GC10-GD10 -> 553752.7 | GF10: =$GF$5 -> 35 | GG10: =GE10/GF10 -> 15821.506 | GI10: =GA10 -> 3891684.7 | GJ10: =GI10*$GJ$5 -> 389168.47 | GK10: =GI10*$GK$5 -> 97292.117 | GL10: 15000 | GM10: =GJ10-GL10 -> 374168.47 | GN10: =$GN$5 -> 35 | GO10: =GM10/GN10 -> 10690.528 | GS10: =CL10 -> 3891684.7 | GT10: =CM10 -> 0.125 | GU10: =CN10 -> 486460.58 | GV10: =CO10 -> 30000 | GW10: =CP10 -> 456460.58 | GX10: =CQ10 -> 18 | GY10: =CR10 -> 25358.921 | GZ10: =CS10 -> 0.875 | ... HE10: =CX10 -> 67427.518 | HG10: =GS10 -> 3891684.7 | HH10: =GT10 -> 0.125 | HI10: =GU10 -> 486460.58 | HJ10: =GV10 -> 30000 | HK10: =GW10 -> 456460.58 | HL10: =$HL$5 -> 33 | HM10: =HK10/HL10 -> 13832.139 | HN10: =100%-HH10 -> 0.875 | HO10: =HG10*HN10 -> 3405224.1 | HP10: =-PMT(7%/12,240,HO10,0) -> 26400.666 | HQ10: =-PMT(7%/12,180,HO10,0) -> 30607.117 | HR10: =-PMT(7%/12,120,HO10,0) -> 39537.539 | HS10: =-PMT(7%/12,60,HO10,0) -> 67427.518 | HU10: =HM10-GY10 -> -11526.782 | IF10: 4th Floor | IG10: =DATE(2026,10,1) -> 46296 | IH10: =DATEDIF($IH$5,IG10,"m") -> 13
A11: =A10+1 -> 5 | B11: SOLD | C11: =C10+1 -> 5 | D11: 2nd Floor | E11: =D11 -> 2nd Floor | G11: 2E | H11: E | I11: Studio | J11: 22 | L11: South | M11: Corner | N11: =$N$5 -> 100909.09 | O11: =J11*N11 -> 2220000 | P11: =$P$7 -> 22400 | Q11: =$Q$5 -> 50000 | V11: =J11*$V$5 -> 55000 | Z11: =$Z$5 -> 75000 | AA11: =SUM(P11:Z11) -> 202400 | AB11: =O11+AA11 -> 2422400 | AC11: =AB11*$AC$5 -> 60560 | AD11: =AB11+AC11 -> 2482960 | AE11: =AD11*$AE$5 -> 62074 | AF11: =AD11+AE11 -> 2545034 | AG11: =AF11*$AG$5 -> 63625.85 | AH11: =AF11+AG11 -> 2608659.9 | AI11: =AH11*$AI$5 -> 130432.99 | AJ11: =AH11+AI11 -> 2739092.8 | AK11: =AJ11*$AK$5 -> 27390.928 | AL11: =$AL$5 -> 27537.41 | AO11: =AJ11+AK11+AL11+AM11+AN11 -> 2794021.2 | AP11: =AO11*$AP$5 -> 377192.86 | AQ11: =AO11+AP11 -> 3171214 | AR11: =AQ11-AT11 -> 3171214 | AT11: =AS11*J11 -> 0 | AU11: =AT11*$AU$5 -> 0 | AV11: =AT11+AU11 -> 0 | AW11: =AQ11+AU11 -> 3171214 | AX11: =AW11*$AX$5 -> 39640.176 | AY11: 0 | AZ11: =AW11+AX11+AY11 -> 3210854.2 | BA11: =AZ11*$BA$5 -> 120407.03 | BC11: =$BC$5*1.12 -> 33600 | BE11: =AZ11+BA11+BB11+BC11+BD11 -> 3364861.2 | BG11: =BE11+BF11 -> 3364861.2 | BI11: =BG11+BH11 -> 3364861.2 | BK11: =BI11+BJ11 -> 3364861.2 | BM11: =BK11+BL11 -> 3364861.2 | BO11: =BM11+BN11 -> 3364861.2 | BQ11: =BO11+BP11 -> 3364861.2 | BS11: =BQ11+BR11 -> 3364861.2 | BU11: =BS11+BT11 -> 3364861.2 | BW11: =$BW$2+$BW$3-BC11 -> 56400 | BX11: =SUM(BU11:BW11) -> 3421261.2 | BZ11: =BX11+BY11 -> 3421261.2 | CA11: =BZ11 -> 3421261.2 | CB11: =CA11-CD11 -> 3421261.2 | CD11: =CC11*J11 -> 0 | CE11: =CD11*$CE$5 -> 0 | CF11: =CD11+CE11 -> 0 | CG11: =CA11+CE11 -> 3421261.2 | CH11: =CG11 -> 3421261.2 | CI11: =IF(CB11<=$CB$3,0,12%*CB11) -> 0 | CJ11: =CH11*CJ$5 -> 350679.28 | CK11: =CH11*CK$5 -> 119744.14 | CL11: =SUM(CH11:CK11) -> 3891684.7 | CM11: =$CM$5 -> 0.125 | CN11: =CL11*CM11 -> 486460.58 | CO11: =$CO$5 -> 30000 | CP11: =CN11-CO11 -> 456460.58 | CQ11: =VLOOKUP(E11,$IF$6:$IH$19,3,FALSE) -> 18 | CR11: =CP11/CQ11 -> 25358.921 | CS11: =100%-CM11 -> 0.875 | CT11: =CL11*CS11 -> 3405224.1 | CU11: =-PMT($CU$5/12,240,CT11,0) -> 26400.666 | CV11: =-PMT($CU$5/12,180,CT11,0) -> 30607.117 | CW11: =-PMT($CU$5/12,120,CT11,0) -> 39537.539 | CX11: =-PMT($CU$5/12,60,CT11,0) -> 67427.518 | CY11: =(CL11*80%)*$CY$5 -> 276617.18 | CZ11: =(CL11*80%)*$CZ$5 -> 109456.07 | DA11: =(CL11*80%)*$DA$5 -> 79058.568 | DB11: =(CL11*80%)*$DB$5 -> 60167.21 | EA11: =AT11/AR11 -> 0 | EB11: =CF11/CB11 -> 0 | EC11: =$EC$7 -> 45839 | ED11: =(YEAR(EC11)-YEAR($ED$5))*12+MONTH(EC11)-MONTH($ED$5) -> 20 | EF11: =EC11+65 -> 45904 | EG11: =(YEAR(EF11)-YEAR($EG$5))*12+MONTH(EF11)-MONTH($EG$5)+$EG$4+$EG$3 -> 22 | EH11: NON-BOI | EI11: CTS BARE WITH HIC | EJ11: =EK11/J11 -> 0 | EK11: =AV11 -> 0 | EL11: =AV11/AR11 -> 0 | EP11: =EN11-EO11 -> 0 | ET11: 2E | EU11: =G11=ET11 -> TRUE | EV11: GRACE G. GAYOSO | EW11: AS IS | EY11: NON BOI- BIR THRESHOLD(CTS FITTED) | EZ11: NON-BOI -BIR THRESHOLD (CTS FITTED) | FA11: =CA11-CH11 -> 0 | FB11: Step Up 3 | FE11: 0.4 | FF11: =FD7*FE11 -> 180028.61 | FG11: =FF11/FD11 -> #DIV/0! | FI11: SOLD | FJ11: SOLD | FK11: =FI11=FJ11 -> TRUE | FP11: =32+3 -> 35 | FQ11: =EDATE(FR11,FP11) -> 46204 | FR11: 45139 | FW11: 0.15 | FX11: 14637.846 | FY11: 15095.278 | GA11: =CL11 -> 3891684.7 | GB11: =$GB$5 -> 0.15 | GC11: =GA11*GB11 -> 583752.7 | GD11: =CO11 -> 30000 | GE11: =GC11-GD11 -> 553752.7 | GF11: =$GF$5 -> 35 | GG11: =GE11/GF11 -> 15821.506 | GI11: =GA11 -> 3891684.7 | GJ11: =GI11*$GJ$5 -> 389168.47 | GK11: =GI11*$GK$5 -> 97292.117 | GL11: 15000 | GM11: =GJ11-GL11 -> 374168.47 | GN11: =$GN$5 -> 35 | GO11: =GM11/GN11 -> 10690.528 | GS11: =CL11 -> 3891684.7 | GT11: =CM11 -> 0.125 | GU11: =CN11 -> 486460.58 | GV11: =CO11 -> 30000 | GW11: =CP11 -> 456460.58 | GX11: =CQ11 -> 18 | GY11: =CR11 -> 25358.921 | GZ11: =CS11 -> 0.875 | ... HE11: =CX11 -> 67427.518 | HG11: =GS11 -> 3891684.7 | HH11: =GT11 -> 0.125 | HI11: =GU11 -> 486460.58 | HJ11: =GV11 -> 30000 | HK11: =GW11 -> 456460.58 | HL11: =$HL$5 -> 33 | HM11: =HK11/HL11 -> 13832.139 | HN11: =100%-HH11 -> 0.875 | HO11: =HG11*HN11 -> 3405224.1 | HP11: =-PMT(7%/12,240,HO11,0) -> 26400.666 | HQ11: =-PMT(7%/12,180,HO11,0) -> 30607.117 | HR11: =-PMT(7%/12,120,HO11,0) -> 39537.539 | HS11: =-PMT(7%/12,60,HO11,0) -> 67427.518 | HU11: =HM11-GY11 -> -11526.782 | IF11: 5th Floor | IG11: =DATE(2026,10,1) -> 46296 | IH11: =DATEDIF($IH$5,IG11,"m") -> 13
A12: =A11+1 -> 6 | B12: SOLD | C12: =C11+1 -> 6 | D12: 2nd Floor | E12: =D12 -> 2nd Floor | G12: 2F | H12: F | I12: Studio | J12: 22 | L12: South | M12: Inner | N12: =$N$5 -> 100909.09 | O12: =J12*N12 -> 2220000 | P12: =$P$7 -> 22400 | Q12: =$Q$5 -> 50000 | Z12: =$Z$5 -> 75000 | AA12: =SUM(P12:Z12) -> 147400 | AB12: =O12+AA12 -> 2367400 | AC12: =AB12*$AC$5 -> 59185 | AD12: =AB12+AC12 -> 2426585 | AE12: =AD12*$AE$5 -> 60664.625 | AF12: =AD12+AE12 -> 2487249.6 | AG12: =AF12*$AG$5 -> 62181.241 | AH12: =AF12+AG12 -> 2549430.9 | AI12: =AH12*$AI$5 -> 127471.54 | AJ12: =AH12+AI12 -> 2676902.4 | AK12: =AJ12*$AK$5 -> 26769.024 | AL12: =$AL$5 -> 27537.41 | AO12: =AJ12+AK12+AL12+AM12+AN12 -> 2731208.8 | AP12: =AO12*$AP$5 -> 368713.19 | AQ12: =AO12+AP12 -> 3099922 | AR12: =AQ12 -> 3099922 | AU12: =AT12*$AU$5 -> 0 | AV12: =AT12+AU12 -> 0 | AW12: =AQ12+AU12 -> 3099922 | AX12: =AW12*$AX$5 -> 38749.025 | AY12: 0 | AZ12: =AW12+AX12+AY12 -> 3138671.1 | BA12: =AZ12*$BA$5 -> 117700.16 | BC12: =$BC$5*1.12 -> 33600 | BE12: =AZ12+BA12+BB12+BC12+BD12 -> 3289971.2 | BG12: =BE12+BF12 -> 3289971.2 | BI12: =BG12+BH12 -> 3289971.2 | BK12: =BI12+BJ12 -> 3289971.2 | BM12: =BK12+BL12 -> 3289971.2 | BO12: =BM12+BN12 -> 3289971.2 | BQ12: =BO12+BP12 -> 3289971.2 | BS12: =BQ12+BR12 -> 3289971.2 | BU12: =BS12+BT12 -> 3289971.2 | BW12: =$BW$2+$BW$3-BC12 -> 56400 | BX12: =SUM(BU12:BW12) -> 3346371.2 | BZ12: =BX12+BY12 -> 3346371.2 | CA12: =BZ12 -> 3346371.2 | CB12: =CA12-CD12 -> 3346371.2 | CD12: =CC12*J12 -> 0 | CE12: =CD12*$CE$5 -> 0 | CF12: =CD12+CE12 -> 0 | CG12: =CA12+CE12 -> 3346371.2 | CH12: =CG12 -> 3346371.2 | CI12: =IF(CB12<=$CB$3,0,12%*CB12) -> 0 | CJ12: =CH12*CJ$5 -> 343003.05 | CK12: =CH12*CK$5 -> 117122.99 | CL12: =SUM(CH12:CK12) -> 3806497.3 | CM12: =$CM$5 -> 0.125 | CN12: =CL12*CM12 -> 475812.16 | CO12: =$CO$5 -> 30000 | CP12: =CN12-CO12 -> 445812.16 | CQ12: =VLOOKUP(E12,$IF$6:$IH$19,3,FALSE) -> 18 | CR12: =CP12/CQ12 -> 24767.342 | CS12: =100%-CM12 -> 0.875 | CT12: =CL12*CS12 -> 3330685.1 | CU12: =-PMT($CU$5/12,240,CT12,0) -> 25822.766 | CV12: =-PMT($CU$5/12,180,CT12,0) -> 29937.139 | CW12: =-PMT($CU$5/12,120,CT12,0) -> 38672.078 | CX12: =-PMT($CU$5/12,60,CT12,0) -> 65951.557 | CY12: =(CL12*80%)*$CY$5 -> 270562.14 | CZ12: =(CL12*80%)*$CZ$5 -> 107060.12 | DA12: =(CL12*80%)*$DA$5 -> 77328.008 | DB12: =(CL12*80%)*$DB$5 -> 58850.174 | EA12: =AT12/AR12 -> 0 | EB12: =CF12/CB12 -> 0 | EC12: =$EC$7 -> 45839 | ED12: =(YEAR(EC12)-YEAR($ED$5))*12+MONTH(EC12)-MONTH($ED$5) -> 20 | EF12: =EC12+65 -> 45904 | EG12: =(YEAR(EF12)-YEAR($EG$5))*12+MONTH(EF12)-MONTH($EG$5)+$EG$4+$EG$3 -> 22 | EH12: BOI | EI12: CTS BARE WITH HIC | EJ12: =EK12/J12 -> 0 | EK12: =AV12 -> 0 | EL12: =AV12/AR12 -> 0 | EP12: =EN12-EO12 -> 0 | ET12: 2F | EU12: =G12=ET12 -> TRUE | EV12: RICHARD P. GENTUYA | EW12: AS IS | EY12: NON BOI- BIR THRESHOLD(CTS FITTED) | EZ12: NON-BOI -BIR THRESHOLD (CTS FITTED) | FA12: =CA12-CH12 -> 0 | FB12: Total | FD12: =SUM(FD9:FD11) -> 0 | FE12: =SUM(FE9:FE11) -> 1 | FF12: =SUM(FF9:FF11) -> 450071.53 | FI12: SOLD | FJ12: SOLD | FK12: =FI12=FJ12 -> TRUE | FP12: 34 | FQ12: =EDATE(FR12,FP12) -> 46204 | FR12: 45170 | FW12: 0.15 | FX12: 13992.593 | FY12: 14429.862 | GA12: =CL12 -> 3806497.3 | GB12: =$GB$5 -> 0.15 | GC12: =GA12*GB12 -> 570974.59 | GD12: =CO12 -> 30000 | GE12: =GC12-GD12 -> 540974.59 | GF12: =$GF$5 -> 35 | GG12: =GE12/GF12 -> 15456.417 | GI12: =GA12 -> 3806497.3 | GJ12: =GI12*$GJ$5 -> 380649.73 | GK12: =GI12*$GK$5 -> 95162.432 | GL12: 15000 | GM12: =GJ12-GL12 -> 365649.73 | GN12: =$GN$5 -> 35 | GO12: =GM12/GN12 -> 10447.135 | GS12: =CL12 -> 3806497.3 | GT12: =CM12 -> 0.125 | GU12: =CN12 -> 475812.16 | GV12: =CO12 -> 30000 | GW12: =CP12 -> 445812.16 | GX12: =CQ12 -> 18 | GY12: =CR12 -> 24767.342 | GZ12: =CS12 -> 0.875 | ... HE12: =CX12 -> 65951.557 | HG12: =GS12 -> 3806497.3 | HH12: =GT12 -> 0.125 | HI12: =GU12 -> 475812.16 | HJ12: =GV12 -> 30000 | HK12: =GW12 -> 445812.16 | HL12: =$HL$5 -> 33 | HM12: =HK12/HL12 -> 13509.459 | HN12: =100%-HH12 -> 0.875 | HO12: =HG12*HN12 -> 3330685.1 | HP12: =-PMT(7%/12,240,HO12,0) -> 25822.766 | HQ12: =-PMT(7%/12,180,HO12,0) -> 29937.139 | HR12: =-PMT(7%/12,120,HO12,0) -> 38672.078 | HS12: =-PMT(7%/12,60,HO12,0) -> 65951.557 | HU12: =HM12-GY12 -> -11257.883 | IF12: 6th Floor | IG12: =DATE(2026,10,1) -> 46296 | IH12: =DATEDIF($IH$5,IG12,"m") -> 13
A13: =A12+1 -> 7 | B13: SOLD | C13: =C12+1 -> 7 | D13: 2nd Floor | E13: =D13 -> 2nd Floor | G13: 2G | H13: G | I13: Studio | J13: 22 | L13: South | M13: Inner | N13: =$N$5 -> 100909.09 | O13: =J13*N13 -> 2220000 | P13: =(P4+P5) -> 22400 | Q13: =$Q$5 -> 50000 | Z13: =$Z$5 -> 75000 | AA13: =SUM(P13:Z13) -> 147400 | AB13: =O13+AA13 -> 2367400 | AC13: =AB13*$AC$5 -> 59185 | AD13: =AB13+AC13 -> 2426585 | AE13: =AD13*$AE$5 -> 60664.625 | AF13: =AD13+AE13 -> 2487249.6 | AG13: =AF13*$AG$5 -> 62181.241 | AH13: =AF13+AG13 -> 2549430.9 | AI13: =AH13*$AI$5 -> 127471.54 | AJ13: =AH13+AI13 -> 2676902.4 | AK13: =AJ13*$AK$5 -> 26769.024 | AL13: =$AL$5 -> 27537.41 | AO13: =AJ13+AK13+AL13+AM13+AN13 -> 2731208.8 | AP13: =AO13*$AP$5 -> 368713.19 | AQ13: =AO13+AP13 -> 3099922 | AR13: =AQ13 -> 3099922 | AU13: =AT13*$AU$5 -> 0 | AV13: =AT13+AU13 -> 0 | AW13: =AQ13+AU13 -> 3099922 | AX13: =AW13*$AX$5 -> 38749.025 | AY13: 0 | AZ13: =AW13+AX13+AY13 -> 3138671.1 | BA13: =AZ13*$BA$5 -> 117700.16 | BC13: =$BC$5*1.12 -> 33600 | BE13: =AZ13+BA13+BB13+BC13+BD13 -> 3289971.2 | BG13: =BE13+BF13 -> 3289971.2 | BI13: =BG13+BH13 -> 3289971.2 | BK13: =BI13+BJ13 -> 3289971.2 | BM13: =BK13+BL13 -> 3289971.2 | BO13: =BM13+BN13 -> 3289971.2 | BQ13: =BO13+BP13 -> 3289971.2 | BS13: =BQ13+BR13 -> 3289971.2 | BU13: =BS13+BT13 -> 3289971.2 | BW13: =$BW$2+$BW$3-BC13 -> 56400 | BX13: =SUM(BU13:BW13) -> 3346371.2 | BZ13: =BX13+BY13 -> 3346371.2 | CA13: =BZ13 -> 3346371.2 | CB13: =CA13-CD13 -> 3346371.2 | CD13: =CC13*J13 -> 0 | CE13: =CD13*$CE$5 -> 0 | CF13: =CD13+CE13 -> 0 | CG13: =CA13+CE13 -> 3346371.2 | CH13: =CG13 -> 3346371.2 | CI13: =IF(CB13<=$CB$3,0,12%*CB13) -> 0 | CJ13: =CH13*CJ$5 -> 343003.05 | CK13: =CH13*CK$5 -> 117122.99 | CL13: =SUM(CH13:CK13) -> 3806497.3 | CM13: =$CM$5 -> 0.125 | CN13: =CL13*CM13 -> 475812.16 | CO13: =$CO$5 -> 30000 | CP13: =CN13-CO13 -> 445812.16 | CQ13: =VLOOKUP(E13,$IF$6:$IH$19,3,FALSE) -> 18 | CR13: =CP13/CQ13 -> 24767.342 | CS13: =100%-CM13 -> 0.875 | CT13: =CL13*CS13 -> 3330685.1 | CU13: =-PMT($CU$5/12,240,CT13,0) -> 25822.766 | CV13: =-PMT($CU$5/12,180,CT13,0) -> 29937.139 | CW13: =-PMT($CU$5/12,120,CT13,0) -> 38672.078 | CX13: =-PMT($CU$5/12,60,CT13,0) -> 65951.557 | CY13: =(CL13*80%)*$CY$5 -> 270562.14 | CZ13: =(CL13*80%)*$CZ$5 -> 107060.12 | DA13: =(CL13*80%)*$DA$5 -> 77328.008 | DB13: =(CL13*80%)*$DB$5 -> 58850.174 | EA13: =AT13/AR13 -> 0 | EB13: =CF13/CB13 -> 0 | EC13: =$EC$7 -> 45839 | ED13: =(YEAR(EC13)-YEAR($ED$5))*12+MONTH(EC13)-MONTH($ED$5) -> 20 | EF13: =EC13+65 -> 45904 | EG13: =(YEAR(EF13)-YEAR($EG$5))*12+MONTH(EF13)-MONTH($EG$5)+$EG$4+$EG$3 -> 22 | EH13: BOI | EI13: CTS BARE WITH HIC | EJ13: =EK13/J13 -> 0 | EK13: =AV13 -> 0 | EL13: =AV13/AR13 -> 0 | EP13: =EN13-EO13 -> 0 | ET13: 2G | EU13: =G13=ET13 -> TRUE | EV13: RICHARD P. GENTUYA | EW13: AS IS | EY13: NON BOI- BIR THRESHOLD(CTS FITTED) | EZ13: NON-BOI -BIR THRESHOLD (CTS FITTED) | FA13: =CA13-CH13 -> 0 | FI13: SOLD | FJ13: SOLD | FK13: =FI13=FJ13 -> TRUE | FP13: =FP12-1+3 -> 36 | FQ13: =EDATE(FR13,FP13) -> 46296 | FR13: 45200 | FW13: 0.15 | FX13: 13992.593 | FY13: 14429.862 | GA13: =CL13 -> 3806497.3 | GB13: =$GB$5 -> 0.15 | GC13: =GA13*GB13 -> 570974.59 | GD13: =CO13 -> 30000 | GE13: =GC13-GD13 -> 540974.59 | GF13: =$GF$5 -> 35 | GG13: =GE13/GF13 -> 15456.417 | GI13: =GA13 -> 3806497.3 | GJ13: =GI13*$GJ$5 -> 380649.73 | GK13: =GI13*$GK$5 -> 95162.432 | GL13: 15000 | GM13: =GJ13-GL13 -> 365649.73 | GN13: =$GN$5 -> 35 | GO13: =GM13/GN13 -> 10447.135 | GS13: =CL13 -> 3806497.3 | GT13: =CM13 -> 0.125 | GU13: =CN13 -> 475812.16 | GV13: =CO13 -> 30000 | GW13: =CP13 -> 445812.16 | GX13: =CQ13 -> 18 | GY13: =CR13 -> 24767.342 | GZ13: =CS13 -> 0.875 | ... HE13: =CX13 -> 65951.557 | HG13: =GS13 -> 3806497.3 | HH13: =GT13 -> 0.125 | HI13: =GU13 -> 475812.16 | HJ13: =GV13 -> 30000 | HK13: =GW13 -> 445812.16 | HL13: =$HL$5 -> 33 | HM13: =HK13/HL13 -> 13509.459 | HN13: =100%-HH13 -> 0.875 | HO13: =HG13*HN13 -> 3330685.1 | HP13: =-PMT(7%/12,240,HO13,0) -> 25822.766 | HQ13: =-PMT(7%/12,180,HO13,0) -> 29937.139 | HR13: =-PMT(7%/12,120,HO13,0) -> 38672.078 | HS13: =-PMT(7%/12,60,HO13,0) -> 65951.557 | HU13: =HM13-GY13 -> -11257.883 | IF13: 7th Floor | IG13: =DATE(2026,10,1) -> 46296 | IH13: =DATEDIF($IH$5,IG13,"m") -> 13
A14: =A13+1 -> 8 | B14: SOLD | C14: =C13+1 -> 8 | D14: 2nd Floor | E14: =D14 -> 2nd Floor | G14: 2H | H14: H | I14: Studio | J14: 22 | L14: South | M14: Inner | N14: =$N$5 -> 100909.09 | O14: =J14*N14 -> 2220000 | P14: =$P$13 -> 22400 | Q14: =$Q$5 -> 50000 | Z14: =$Z$5 -> 75000 | AA14: =SUM(P14:Z14) -> 147400 | AB14: =O14+AA14 -> 2367400 | AC14: =AB14*$AC$5 -> 59185 | AD14: =AB14+AC14 -> 2426585 | AE14: =AD14*$AE$5 -> 60664.625 | AF14: =AD14+AE14 -> 2487249.6 | AG14: =AF14*$AG$5 -> 62181.241 | AH14: =AF14+AG14 -> 2549430.9 | AI14: =AH14*$AI$5 -> 127471.54 | AJ14: =AH14+AI14 -> 2676902.4 | AK14: =AJ14*$AK$5 -> 26769.024 | AL14: =$AL$5 -> 27537.41 | AO14: =AJ14+AK14+AL14+AM14+AN14 -> 2731208.8 | AP14: =AO14*$AP$5 -> 368713.19 | AQ14: =AO14+AP14 -> 3099922 | AR14: =AQ14 -> 3099922 | AU14: =AT14*$AU$5 -> 0 | AV14: =AT14+AU14 -> 0 | AW14: =AQ14+AU14 -> 3099922 | AX14: =AW14*$AX$5 -> 38749.025 | AY14: 0 | AZ14: =AW14+AX14+AY14 -> 3138671.1 | BA14: =AZ14*$BA$5 -> 117700.16 | BC14: =$BC$5*1.12 -> 33600 | BE14: =AZ14+BA14+BB14+BC14+BD14 -> 3289971.2 | BF14: 42723.767 | BG14: =BE14+BF14 -> 3332695 | BI14: =BG14+BH14 -> 3332695 | BK14: =BI14+BJ14 -> 3332695 | BM14: =BK14+BL14 -> 3332695 | BO14: =BM14+BN14 -> 3332695 | BQ14: =BO14+BP14 -> 3332695 | BS14: =BQ14+BR14 -> 3332695 | BU14: =BS14+BT14 -> 3332695 | BW14: =$BW$2+$BW$3-BC14 -> 56400 | BX14: =SUM(BU14:BW14) -> 3389095 | BY14: =$BY$5/44 -> 30549.184 | BZ14: =BX14+BY14 -> 3419644.2 | CA14: =BZ14 -> 3419644.2 | CB14: =CA14-CD14 -> 3419644.2 | CD14: =CC14*J14 -> 0 | CE14: =CD14*$CE$5 -> 0 | CF14: =CD14+CE14 -> 0 | CG14: =CA14+CE14 -> 3419644.2 | CH14: =CG14 -> 3419644.2 | CI14: =IF(CB14<=$CB$3,0,12%*CB14) -> 0 | CJ14: =CH14*CJ$5 -> 350513.53 | CK14: =CH14*CK$5 -> 119687.55 | CL14: =SUM(CH14:CK14) -> 3889845.3 | CM14: =$CM$5 -> 0.125 | CN14: =CL14*CM14 -> 486230.66 | CO14: =$CO$5 -> 30000 | CP14: =CN14-CO14 -> 456230.66 | CQ14: =VLOOKUP(E14,$IF$6:$IH$19,3,FALSE) -> 18 | CR14: =CP14/CQ14 -> 25346.148 | CS14: =100%-CM14 -> 0.875 | CT14: =CL14*CS14 -> 3403614.6 | CU14: =-PMT($CU$5/12,240,CT14,0) -> 26388.188 | CV14: =-PMT($CU$5/12,180,CT14,0) -> 30592.65 | CW14: =-PMT($CU$5/12,120,CT14,0) -> 39518.851 | CX14: =-PMT($CU$5/12,60,CT14,0) -> 67395.648 | CY14: =(CL14*80%)*$CY$5 -> 276486.43 | CZ14: =(CL14*80%)*$CZ$5 -> 109404.33 | DA14: =(CL14*80%)*$DA$5 -> 79021.201 | DB14: =(CL14*80%)*$DB$5 -> 60138.772 | EA14: =AT14/AR14 -> 0 | EB14: =CF14/CB14 -> 0 | EC14: =$EC$7 -> 45839 | ED14: =(YEAR(EC14)-YEAR($ED$5))*12+MONTH(EC14)-MONTH($ED$5) -> 20 | EF14: =EC14+65 -> 45904 | EG14: =(YEAR(EF14)-YEAR($EG$5))*12+MONTH(EF14)-MONTH($EG$5)+$EG$4+$EG$3 -> 22 | EH14: BOI | EI14: CTS BARE WITH HIC | EJ14: =EK14/J14 -> 0 | EK14: =AV14 -> 0 | EL14: =AV14/AR14 -> 0 | EP14: =EN14-EO14 -> 0 | ET14: 2H | EU14: =G14=ET14 -> TRUE | EV14: MEA ROSE B. BABAR | EW14: AS IS | EY14: NON BOI- BIR THRESHOLD(CTS FITTED) | EZ14: NON-BOI -BIR THRESHOLD (CTS FITTED) | FA14: =CA14-CH14 -> 0 | FI14: UNSOLD | FJ14: UNSOLD | FK14: =FI14=FJ14 -> TRUE | FP14: =FP13-1 -> 35 | FQ14: =EDATE(FR14,FP14) -> 46296 | FR14: 45231 | FS14: Nov. 1-14,2023 | FW14: 0.15 | FX14: 13992.593 | FY14: 14429.862 | GA14: =CL14 -> 3889845.3 | GB14: =$GB$5 -> 0.15 | GC14: =GA14*GB14 -> 583476.79 | GD14: =CO14 -> 30000 | GE14: =GC14-GD14 -> 553476.79 | GF14: =$GF$5 -> 35 | GG14: =GE14/GF14 -> 15813.623 | GI14: =GA14 -> 3889845.3 | GJ14: =GI14*$GJ$5 -> 388984.53 | GK14: =GI14*$GK$5 -> 97246.131 | GL14: 15000 | GM14: =GJ14-GL14 -> 373984.53 | GN14: =$GN$5 -> 35 | GO14: =GM14/GN14 -> 10685.272 | GS14: =CL14 -> 3889845.3 | GT14: =CM14 -> 0.125 | GU14: =CN14 -> 486230.66 | GV14: =CO14 -> 30000 | GW14: =CP14 -> 456230.66 | GX14: =CQ14 -> 18 | GY14: =CR14 -> 25346.148 | GZ14: =CS14 -> 0.875 | ... HE14: =CX14 -> 67395.648 | HG14: =GS14 -> 3889845.3 | HH14: =GT14 -> 0.125 | HI14: =GU14 -> 486230.66 | HJ14: =GV14 -> 30000 | HK14: =GW14 -> 456230.66 | HL14: =$HL$5 -> 33 | HM14: =HK14/HL14 -> 13825.171 | HN14: =100%-HH14 -> 0.875 | HO14: =HG14*HN14 -> 3403614.6 | HP14: =-PMT(7%/12,240,HO14,0) -> 26388.188 | HQ14: =-PMT(7%/12,180,HO14,0) -> 30592.65 | HR14: =-PMT(7%/12,120,HO14,0) -> 39518.851 | HS14: =-PMT(7%/12,60,HO14,0) -> 67395.648 | HU14: =HM14-GY14 -> -11520.976 | IF14: 8th Floor | IG14: =DATE(2026,10,1) -> 46296 | IH14: =DATEDIF($IH$5,IG14,"m") -> 13
A15: =A14+1 -> 9 | B15: SOLD | C15: =C14+1 -> 9 | D15: 2nd Floor | E15: =D15 -> 2nd Floor | G15: 2I | H15: I | I15: Studio | J15: 22 | L15: South | M15: Inner | N15: =$N$5 -> 100909.09 | O15: =J15*N15 -> 2220000 | P15: =$P$13 -> 22400 | Q15: =$Q$5 -> 50000 | Z15: =$Z$5 -> 75000 | AA15: =SUM(P15:Z15) -> 147400 | AB15: =O15+AA15 -> 2367400 | AC15: =AB15*$AC$5 -> 59185 | AD15: =AB15+AC15 -> 2426585 | AE15: =AD15*$AE$5 -> 60664.625 | AF15: =AD15+AE15 -> 2487249.6 | AG15: =AF15*$AG$5 -> 62181.241 | AH15: =AF15+AG15 -> 2549430.9 | AI15: =AH15*$AI$5 -> 127471.54 | AJ15: =AH15+AI15 -> 2676902.4 | AK15: =AJ15*$AK$5 -> 26769.024 | AL15: =$AL$5 -> 27537.41 | AO15: =AJ15+AK15+AL15+AM15+AN15 -> 2731208.8 | AP15: =AO15*$AP$5 -> 368713.19 | AQ15: =AO15+AP15 -> 3099922 | AR15: =AQ15 -> 3099922 | AU15: =AT15*$AU$5 -> 0 | AV15: =AT15+AU15 -> 0 | AW15: =AQ15+AU15 -> 3099922 | AX15: =AW15*$AX$5 -> 38749.025 | AY15: 0 | AZ15: =AW15+AX15+AY15 -> 3138671.1 | BA15: =AZ15*$BA$5 -> 117700.16 | BC15: =$BC$5*1.12 -> 33600 | BE15: =AZ15+BA15+BB15+BC15+BD15 -> 3289971.2 | BG15: =BE15+BF15 -> 3289971.2 | BI15: =BG15+BH15 -> 3289971.2 | BK15: =BI15+BJ15 -> 3289971.2 | BM15: =BK15+BL15 -> 3289971.2 | BO15: =BM15+BN15 -> 3289971.2 | BQ15: =BO15+BP15 -> 3289971.2 | BS15: =BQ15+BR15 -> 3289971.2 | BU15: =BS15+BT15 -> 3289971.2 | BW15: =$BW$2+$BW$3-BC15 -> 56400 | BX15: =SUM(BU15:BW15) -> 3346371.2 | BZ15: =BX15+BY15 -> 3346371.2 | CA15: =BZ15 -> 3346371.2 | CB15: =CA15-CD15 -> 3346371.2 | CD15: =CC15*J15 -> 0 | CE15: =CD15*$CE$5 -> 0 | CF15: =CD15+CE15 -> 0 | CG15: =CA15+CE15 -> 3346371.2 | CH15: =CG15 -> 3346371.2 | CI15: =IF(CB15<=$CB$3,0,12%*CB15) -> 0 | CJ15: =CH15*CJ$5 -> 343003.05 | CK15: =CH15*CK$5 -> 117122.99 | CL15: =SUM(CH15:CK15) -> 3806497.3 | CM15: =$CM$5 -> 0.125 | CN15: =CL15*CM15 -> 475812.16 | CO15: =$CO$5 -> 30000 | CP15: =CN15-CO15 -> 445812.16 | CQ15: =VLOOKUP(E15,$IF$6:$IH$19,3,FALSE) -> 18 | CR15: =CP15/CQ15 -> 24767.342 | CS15: =100%-CM15 -> 0.875 | CT15: =CL15*CS15 -> 3330685.1 | CU15: =-PMT($CU$5/12,240,CT15,0) -> 25822.766 | CV15: =-PMT($CU$5/12,180,CT15,0) -> 29937.139 | CW15: =-PMT($CU$5/12,120,CT15,0) -> 38672.078 | CX15: =-PMT($CU$5/12,60,CT15,0) -> 65951.557 | CY15: =(CL15*80%)*$CY$5 -> 270562.14 | CZ15: =(CL15*80%)*$CZ$5 -> 107060.12 | DA15: =(CL15*80%)*$DA$5 -> 77328.008 | DB15: =(CL15*80%)*$DB$5 -> 58850.174 | EA15: =AT15/AR15 -> 0 | EB15: =CF15/CB15 -> 0 | EC15: =$EC$7 -> 45839 | ED15: =(YEAR(EC15)-YEAR($ED$5))*12+MONTH(EC15)-MONTH($ED$5) -> 20 | EF15: =EC15+65 -> 45904 | EG15: =(YEAR(EF15)-YEAR($EG$5))*12+MONTH(EF15)-MONTH($EG$5)+$EG$4+$EG$3 -> 22 | EH15: BOI | EI15: CTS BARE WITH HIC | EJ15: =EK15/J15 -> 0 | EK15: =AV15 -> 0 | EL15: =AV15/AR15 -> 0 | EP15: =EN15-EO15 -> 0 | ET15: 2I | EU15: =G15=ET15 -> TRUE | EV15: JOSEPH F. FORMARAN | EW15: AS IS | EY15: NON BOI- BIR THRESHOLD(CTS FITTED) | EZ15: NON-BOI -BIR THRESHOLD (CTS FITTED) | FA15: =CA15-CH15 -> 0 | FC15: Edit every month | FI15: SOLD | FJ15: SOLD | FK15: =FI15=FJ15 -> TRUE | FP15: 33 | FQ15: =EDATE(FR15,FP15) -> 46235 | FR15: 45231 | FS15: Nov. 15-30,2023 | FW15: 0.15 | FX15: 13992.593 | FY15: 14429.862 | GA15: =CL15 -> 3806497.3 | GB15: =$GB$5 -> 0.15 | GC15: =GA15*GB15 -> 570974.59 | GD15: =CO15 -> 30000 | GE15: =GC15-GD15 -> 540974.59 | GF15: =$GF$5 -> 35 | GG15: =GE15/GF15 -> 15456.417 | GI15: =GA15 -> 3806497.3 | GJ15: =GI15*$GJ$5 -> 380649.73 | GK15: =GI15*$GK$5 -> 95162.432 | GL15: 15000 | GM15: =GJ15-GL15 -> 365649.73 | GN15: =$GN$5 -> 35 | GO15: =GM15/GN15 -> 10447.135 | GS15: =CL15 -> 3806497.3 | GT15: =CM15 -> 0.125 | GU15: =CN15 -> 475812.16 | GV15: =CO15 -> 30000 | GW15: =CP15 -> 445812.16 | GX15: =CQ15 -> 18 | GY15: =CR15 -> 24767.342 | GZ15: =CS15 -> 0.875 | ... HE15: =CX15 -> 65951.557 | HG15: =GS15 -> 3806497.3 | HH15: =GT15 -> 0.125 | HI15: =GU15 -> 475812.16 | HJ15: =GV15 -> 30000 | HK15: =GW15 -> 445812.16 | HL15: =$HL$5 -> 33 | HM15: =HK15/HL15 -> 13509.459 | HN15: =100%-HH15 -> 0.875 | HO15: =HG15*HN15 -> 3330685.1 | HP15: =-PMT(7%/12,240,HO15,0) -> 25822.766 | HQ15: =-PMT(7%/12,180,HO15,0) -> 29937.139 | HR15: =-PMT(7%/12,120,HO15,0) -> 38672.078 | HS15: =-PMT(7%/12,60,HO15,0) -> 65951.557 | HU15: =HM15-GY15 -> -11257.883 | IF15: 9th Floor | IG15: =DATE(2026,10,1) -> 46296 | IH15: =DATEDIF($IH$5,IG15,"m") -> 13
A16: =A15+1 -> 10 | B16: SOLD | C16: =C15+1 -> 10 | D16: 2nd Floor | E16: =D16 -> 2nd Floor | G16: 2J | H16: J | I16: Studio | J16: 22 | L16: South | M16: Inner | N16: =$N$5 -> 100909.09 | O16: =J16*N16 -> 2220000 | P16: =$P$13 -> 22400 | Q16: =$Q$5 -> 50000 | Z16: =$Z$5 -> 75000 | AA16: =SUM(P16:Z16) -> 147400 | AB16: =O16+AA16 -> 2367400 | AC16: =AB16*$AC$5 -> 59185 | AD16: =AB16+AC16 -> 2426585 | AE16: =AD16*$AE$5 -> 60664.625 | AF16: =AD16+AE16 -> 2487249.6 | AG16: =AF16*$AG$5 -> 62181.241 | AH16: =AF16+AG16 -> 2549430.9 | AI16: =AH16*$AI$5 -> 127471.54 | AJ16: =AH16+AI16 -> 2676902.4 | AK16: =AJ16*$AK$5 -> 26769.024 | AL16: =$AL$5 -> 27537.41 | AO16: =AJ16+AK16+AL16+AM16+AN16 -> 2731208.8 | AP16: =AO16*$AP$5 -> 368713.19 | AQ16: =AO16+AP16 -> 3099922 | AR16: =AQ16 -> 3099922 | AU16: =AT16*$AU$5 -> 0 | AV16: =AT16+AU16 -> 0 | AW16: =AQ16+AU16 -> 3099922 | AX16: =AW16*$AX$5 -> 38749.025 | AY16: 0 | AZ16: =AW16+AX16+AY16 -> 3138671.1 | BA16: =AZ16*$BA$5 -> 117700.16 | BC16: =$BC$5*1.12 -> 33600 | BE16: =AZ16+BA16+BB16+BC16+BD16 -> 3289971.2 | BG16: =BE16+BF16 -> 3289971.2 | BI16: =BG16+BH16 -> 3289971.2 | BK16: =BI16+BJ16 -> 3289971.2 | BM16: =BK16+BL16 -> 3289971.2 | BO16: =BM16+BN16 -> 3289971.2 | BQ16: =BO16+BP16 -> 3289971.2 | BS16: =BQ16+BR16 -> 3289971.2 | BU16: =BS16+BT16 -> 3289971.2 | BW16: =$BW$2+$BW$3-BC16 -> 56400 | BX16: =SUM(BU16:BW16) -> 3346371.2 | BZ16: =BX16+BY16 -> 3346371.2 | CA16: =BZ16 -> 3346371.2 | CB16: =CA16-CD16 -> 3346371.2 | CD16: =CC16*J16 -> 0 | CE16: =CD16*$CE$5 -> 0 | CF16: =CD16+CE16 -> 0 | CG16: =CA16+CE16 -> 3346371.2 | CH16: =CG16 -> 3346371.2 | CI16: =IF(CB16<=$CB$3,0,12%*CB16) -> 0 | CJ16: =CH16*CJ$5 -> 343003.05 | CK16: =CH16*CK$5 -> 117122.99 | CL16: =SUM(CH16:CK16) -> 3806497.3 | CM16: =$CM$5 -> 0.125 | CN16: =CL16*CM16 -> 475812.16 | CO16: =$CO$5 -> 30000 | CP16: =CN16-CO16 -> 445812.16 | CQ16: =VLOOKUP(E16,$IF$6:$IH$19,3,FALSE) -> 18 | CR16: =CP16/CQ16 -> 24767.342 | CS16: =100%-CM16 -> 0.875 | CT16: =CL16*CS16 -> 3330685.1 | CU16: =-PMT($CU$5/12,240,CT16,0) -> 25822.766 | CV16: =-PMT($CU$5/12,180,CT16,0) -> 29937.139 | CW16: =-PMT($CU$5/12,120,CT16,0) -> 38672.078 | CX16: =-PMT($CU$5/12,60,CT16,0) -> 65951.557 | CY16: =(CL16*80%)*$CY$5 -> 270562.14 | CZ16: =(CL16*80%)*$CZ$5 -> 107060.12 | DA16: =(CL16*80%)*$DA$5 -> 77328.008 | DB16: =(CL16*80%)*$DB$5 -> 58850.174 | EA16: =AT16/AR16 -> 0 | EB16: =CF16/CB16 -> 0 | EC16: =$EC$7 -> 45839 | ED16: =(YEAR(EC16)-YEAR($ED$5))*12+MONTH(EC16)-MONTH($ED$5) -> 20 | EF16: =EC16+65 -> 45904 | EG16: =(YEAR(EF16)-YEAR($EG$5))*12+MONTH(EF16)-MONTH($EG$5)+$EG$4+$EG$3 -> 22 | EH16: BOI | EI16: CTS BARE WITH HIC | EJ16: =EK16/J16 -> 0 | EK16: =AV16 -> 0 | EL16: =AV16/AR16 -> 0 | EP16: =EN16-EO16 -> 0 | ET16: 2J | EU16: =G16=ET16 -> TRUE | EV16: JOSEPH F. FORMARAN | EW16: AS IS | EY16: NON BOI- BIR THRESHOLD(CTS FITTED) | EZ16: NON-BOI -BIR THRESHOLD (CTS FITTED) | FA16: =CA16-CH16 -> 0 | FI16: SOLD | FJ16: SOLD | FK16: =FI16=FJ16 -> TRUE | FP16: =FP15-1 -> 32 | FQ16: =EDATE(FR16,FP16) -> 46235 | FR16: 45261 | FW16: 0.15 | FX16: 13992.593 | FY16: 14429.862 | GA16: =CL16 -> 3806497.3 | GB16: =$GB$5 -> 0.15 | GC16: =GA16*GB16 -> 570974.59 | GD16: =CO16 -> 30000 | GE16: =GC16-GD16 -> 540974.59 | GF16: =$GF$5 -> 35 | GG16: =GE16/GF16 -> 15456.417 | GI16: =GA16 -> 3806497.3 | GJ16: =GI16*$GJ$5 -> 380649.73 | GK16: =GI16*$GK$5 -> 95162.432 | GL16: 15000 | GM16: =GJ16-GL16 -> 365649.73 | GN16: =$GN$5 -> 35 | GO16: =GM16/GN16 -> 10447.135 | GS16: =CL16 -> 3806497.3 | GT16: =CM16 -> 0.125 | GU16: =CN16 -> 475812.16 | GV16: =CO16 -> 30000 | GW16: =CP16 -> 445812.16 | GX16: =CQ16 -> 18 | GY16: =CR16 -> 24767.342 | GZ16: =CS16 -> 0.875 | ... HE16: =CX16 -> 65951.557 | HG16: =GS16 -> 3806497.3 | HH16: =GT16 -> 0.125 | HI16: =GU16 -> 475812.16 | HJ16: =GV16 -> 30000 | HK16: =GW16 -> 445812.16 | HL16: =$HL$5 -> 33 | HM16: =HK16/HL16 -> 13509.459 | HN16: =100%-HH16 -> 0.875 | HO16: =HG16*HN16 -> 3330685.1 | HP16: =-PMT(7%/12,240,HO16,0) -> 25822.766 | HQ16: =-PMT(7%/12,180,HO16,0) -> 29937.139 | HR16: =-PMT(7%/12,120,HO16,0) -> 38672.078 | HS16: =-PMT(7%/12,60,HO16,0) -> 65951.557 | HU16: =HM16-GY16 -> -11257.883 | IF16: 10th Floor | IG16: =DATE(2026,11,1) -> 46327 | IH16: =DATEDIF($IH$5,IG16,"m") -> 14
A17: =A16+1 -> 11 | B17: SOLD | C17: =C16+1 -> 11 | D17: 2nd Floor | E17: =D17 -> 2nd Floor | G17: 2K | H17: K | I17: Studio | J17: 22 | L17: South | M17: Inner | N17: =$N$5 -> 100909.09 | O17: =J17*N17 -> 2220000 | P17: =$P$13 -> 22400 | Q17: =$Q$5 -> 50000 | Z17: =$Z$5 -> 75000 | AA17: =SUM(P17:Z17) -> 147400 | AB17: =O17+AA17 -> 2367400 | AC17: =AB17*$AC$5 -> 59185 | AD17: =AB17+AC17 -> 2426585 | AE17: =AD17*$AE$5 -> 60664.625 | AF17: =AD17+AE17 -> 2487249.6 | AG17: =AF17*$AG$5 -> 62181.241 | AH17: =AF17+AG17 -> 2549430.9 | AI17: =AH17*$AI$5 -> 127471.54 | AJ17: =AH17+AI17 -> 2676902.4 | AK17: =AJ17*$AK$5 -> 26769.024 | AL17: =$AL$5 -> 27537.41 | AO17: =AJ17+AK17+AL17+AM17+AN17 -> 2731208.8 | AP17: =AO17*$AP$5 -> 368713.19 | AQ17: =AO17+AP17 -> 3099922 | AR17: =AQ17 -> 3099922 | AU17: =AT17*$AU$5 -> 0 | AV17: =AT17+AU17 -> 0 | AW17: =AQ17+AU17 -> 3099922 | AX17: =AW17*$AX$5 -> 38749.025 | AY17: 0 | AZ17: =AW17+AX17+AY17 -> 3138671.1 | BA17: =AZ17*$BA$5 -> 117700.16 | BC17: =$BC$5*1.12 -> 33600 | BE17: =AZ17+BA17+BB17+BC17+BD17 -> 3289971.2 | BG17: =BE17+BF17 -> 3289971.2 | BI17: =BG17+BH17 -> 3289971.2 | BK17: =BI17+BJ17 -> 3289971.2 | BM17: =BK17+BL17 -> 3289971.2 | BO17: =BM17+BN17 -> 3289971.2 | BQ17: =BO17+BP17 -> 3289971.2 | BS17: =BQ17+BR17 -> 3289971.2 | BU17: =BS17+BT17 -> 3289971.2 | BW17: =$BW$2+$BW$3-BC17 -> 56400 | BX17: =SUM(BU17:BW17) -> 3346371.2 | BZ17: =BX17+BY17 -> 3346371.2 | CA17: =BZ17 -> 3346371.2 | CB17: =CA17-CD17 -> 3346371.2 | CD17: =CC17*J17 -> 0 | CE17: =CD17*$CE$5 -> 0 | CF17: =CD17+CE17 -> 0 | CG17: =CA17+CE17 -> 3346371.2 | CH17: =CG17 -> 3346371.2 | CI17: =IF(CB17<=$CB$3,0,12%*CB17) -> 0 | CJ17: =CH17*CJ$5 -> 343003.05 | CK17: =CH17*CK$5 -> 117122.99 | CL17: =SUM(CH17:CK17) -> 3806497.3 | CM17: =$CM$5 -> 0.125 | CN17: =CL17*CM17 -> 475812.16 | CO17: =$CO$5 -> 30000 | CP17: =CN17-CO17 -> 445812.16 | CQ17: =VLOOKUP(E17,$IF$6:$IH$19,3,FALSE) -> 18 | CR17: =CP17/CQ17 -> 24767.342 | CS17: =100%-CM17 -> 0.875 | CT17: =CL17*CS17 -> 3330685.1 | CU17: =-PMT($CU$5/12,240,CT17,0) -> 25822.766 | CV17: =-PMT($CU$5/12,180,CT17,0) -> 29937.139 | CW17: =-PMT($CU$5/12,120,CT17,0) -> 38672.078 | CX17: =-PMT($CU$5/12,60,CT17,0) -> 65951.557 | CY17: =(CL17*80%)*$CY$5 -> 270562.14 | CZ17: =(CL17*80%)*$CZ$5 -> 107060.12 | DA17: =(CL17*80%)*$DA$5 -> 77328.008 | DB17: =(CL17*80%)*$DB$5 -> 58850.174 | EA17: =AT17/AR17 -> 0 | EB17: =CF17/CB17 -> 0 | EC17: =$EC$7 -> 45839 | ED17: =(YEAR(EC17)-YEAR($ED$5))*12+MONTH(EC17)-MONTH($ED$5) -> 20 | EF17: =EC17+65 -> 45904 | EG17: =(YEAR(EF17)-YEAR($EG$5))*12+MONTH(EF17)-MONTH($EG$5)+$EG$4+$EG$3 -> 22 | EH17: BOI | EI17: CTS BARE WITH HIC | EJ17: =EK17/J17 -> 0 | EK17: =AV17 -> 0 | EL17: =AV17/AR17 -> 0 | EP17: =EN17-EO17 -> 0 | ET17: 2K | EU17: =G17=ET17 -> TRUE | EV17: MAUGRI GRACE KRISTI LALUMA | EW17: AS IS | EY17: NON BOI- BIR THRESHOLD(CTS FITTED) | EZ17: NON-BOI -BIR THRESHOLD (CTS FITTED) | FA17: =CA17-CH17 -> 0 | FI17: SOLD | FJ17: SOLD | FK17: =FI17=FJ17 -> TRUE | FP17: =FP16-1 -> 31 | FQ17: =EDATE(FR17,FP17) -> 46235 | FR17: 45292 | FW17: 0.15 | FX17: 13992.593 | FY17: 14429.862 | GA17: =CL17 -> 3806497.3 | GB17: =$GB$5 -> 0.15 | GC17: =GA17*GB17 -> 570974.59 | GD17: =CO17 -> 30000 | GE17: =GC17-GD17 -> 540974.59 | GF17: =$GF$5 -> 35 | GG17: =GE17/GF17 -> 15456.417 | GI17: =GA17 -> 3806497.3 | GJ17: =GI17*$GJ$5 -> 380649.73 | GK17: =GI17*$GK$5 -> 95162.432 | GL17: 15000 | GM17: =GJ17-GL17 -> 365649.73 | GN17: =$GN$5 -> 35 | GO17: =GM17/GN17 -> 10447.135 | GS17: =CL17 -> 3806497.3 | GT17: =CM17 -> 0.125 | GU17: =CN17 -> 475812.16 | GV17: =CO17 -> 30000 | GW17: =CP17 -> 445812.16 | GX17: =CQ17 -> 18 | GY17: =CR17 -> 24767.342 | GZ17: =CS17 -> 0.875 | ... HE17: =CX17 -> 65951.557 | HG17: =GS17 -> 3806497.3 | HH17: =GT17 -> 0.125 | HI17: =GU17 -> 475812.16 | HJ17: =GV17 -> 30000 | HK17: =GW17 -> 445812.16 | HL17: =$HL$5 -> 33 | HM17: =HK17/HL17 -> 13509.459 | HN17: =100%-HH17 -> 0.875 | HO17: =HG17*HN17 -> 3330685.1 | HP17: =-PMT(7%/12,240,HO17,0) -> 25822.766 | HQ17: =-PMT(7%/12,180,HO17,0) -> 29937.139 | HR17: =-PMT(7%/12,120,HO17,0) -> 38672.078 | HS17: =-PMT(7%/12,60,HO17,0) -> 65951.557 | HU17: =HM17-GY17 -> -11257.883 | IF17: 11th Floor | IG17: =DATE(2026,12,1) -> 46357 | IH17: =DATEDIF($IH$5,IG17,"m") -> 15
A18: =A17+1 -> 12 | B18: SOLD | C18: =C17+1 -> 12 | D18: 2nd Floor | E18: =D18 -> 2nd Floor | G18: 2L | H18: L | I18: Studio | J18: 22 | L18: South | M18: Inner | N18: =$N$5 -> 100909.09 | O18: =J18*N18 -> 2220000 | P18: =$P$13 -> 22400 | Q18: =$Q$5 -> 50000 | Z18: =$Z$5 -> 75000 | AA18: =SUM(P18:Z18) -> 147400 | AB18: =O18+AA18 -> 2367400 | AC18: =AB18*$AC$5 -> 59185 | AD18: =AB18+AC18 -> 2426585 | AE18: =AD18*$AE$5 -> 60664.625 | AF18: =AD18+AE18 -> 2487249.6 | AG18: =AF18*$AG$5 -> 62181.241 | AH18: =AF18+AG18 -> 2549430.9 | AI18: =AH18*$AI$5 -> 127471.54 | AJ18: =AH18+AI18 -> 2676902.4 | AK18: =AJ18*$AK$5 -> 26769.024 | AL18: =$AL$5 -> 27537.41 | AO18: =AJ18+AK18+AL18+AM18+AN18 -> 2731208.8 | AP18: =AO18*$AP$5 -> 368713.19 | AQ18: =AO18+AP18 -> 3099922 | AR18: =AQ18 -> 3099922 | AU18: =AT18*$AU$5 -> 0 | AV18: =AT18+AU18 -> 0 | AW18: =AQ18+AU18 -> 3099922 | AX18: =AW18*$AX$5 -> 38749.025 | AY18: 0 | AZ18: =AW18+AX18+AY18 -> 3138671.1 | BA18: =AZ18*$BA$5 -> 117700.16 | BC18: =$BC$5*1.12 -> 33600 | BE18: =AZ18+BA18+BB18+BC18+BD18 -> 3289971.2 | BG18: =BE18+BF18 -> 3289971.2 | BI18: =BG18+BH18 -> 3289971.2 | BK18: =BI18+BJ18 -> 3289971.2 | BM18: =BK18+BL18 -> 3289971.2 | BO18: =BM18+BN18 -> 3289971.2 | BQ18: =BO18+BP18 -> 3289971.2 | BS18: =BQ18+BR18 -> 3289971.2 | BT18: =$BT$5/41 -> 1609.3168 | BU18: =BS18+BT18 -> 3291580.5 | BV18: =$BV$5/43 -> 1163.3401 | BW18: =$BW$2+$BW$3-BC18 -> 56400 | BX18: =SUM(BU18:BW18) -> 3349143.9 | BY18: =$BY$5/44 -> 30549.184 | BZ18: =BX18+BY18 -> 3379693.1 | CA18: =BZ18 -> 3379693.1 | CB18: =CA18-CD18 -> 3379693.1 | CD18: =CC18*J18 -> 0 | CE18: =CD18*$CE$5 -> 0 | CF18: =CD18+CE18 -> 0 | CG18: =CA18+CE18 -> 3379693.1 | CH18: =CG18 -> 3379693.1 | CI18: =IF(CB18<=$CB$3,0,12%*CB18) -> 0 | CJ18: =CH18*CJ$5 -> 346418.54 | CK18: =CH18*CK$5 -> 118289.26 | CL18: =SUM(CH18:CK18) -> 3844400.9 | CM18: =$CM$5 -> 0.125 | CN18: =CL18*CM18 -> 480550.11 | CO18: =$CO$5 -> 30000 | CP18: =CN18-CO18 -> 450550.11 | CQ18: =VLOOKUP(E18,$IF$6:$IH$19,3,FALSE) -> 18 | CR18: =CP18/CQ18 -> 25030.562 | CS18: =100%-CM18 -> 0.875 | CT18: =CL18*CS18 -> 3363850.8 | CU18: =-PMT($CU$5/12,240,CT18,0) -> 26079.899 | CV18: =-PMT($CU$5/12,180,CT18,0) -> 30235.242 | CW18: =-PMT($CU$5/12,120,CT18,0) -> 39057.16 | CX18: =-PMT($CU$5/12,60,CT18,0) -> 66608.277 | CY18: =(CL18*80%)*$CY$5 -> 273256.29 | CZ18: =(CL18*80%)*$CZ$5 -> 108126.18 | DA18: =(CL18*80%)*$DA$5 -> 78098.01 | DB18: =(CL18*80%)*$DB$5 -> 59436.181 | EA18: =AT18/AR18 -> 0 | EB18: =CF18/CB18 -> 0 | EC18: =$EC$7 -> 45839 | ED18: =(YEAR(EC18)-YEAR($ED$5))*12+MONTH(EC18)-MONTH($ED$5) -> 20 | EF18: =EC18+65 -> 45904 | EG18: =(YEAR(EF18)-YEAR($EG$5))*12+MONTH(EF18)-MONTH($EG$5)+$EG$4+$EG$3 -> 22 | EH18: BOI | EI18: CTS BARE WITH HIC | EJ18: =EK18/J18 -> 0 | EK18: =AV18 -> 0 | EL18: =AV18/AR18 -> 0 | EP18: =EN18-EO18 -> 0 | ET18: 2L | EU18: =G18=ET18 -> TRUE | EV18: EDWIN SEAN ESTRADA | EW18: FROM 2P TO 2L | EY18: NON BOI- BIR THRESHOLD(CTS FITTED) | EZ18: NON-BOI -BIR THRESHOLD (CTS FITTED) | FA18: =CA18-CH18 -> 0 | FB18: Step Up: | FC18: Step-up | FI18: UNSOLD | FJ18: UNSOLD | FK18: =FI18=FJ18 -> TRUE | FP18: =FP17-1 -> 30 | FQ18: =EDATE(FR18,FP18) -> 46235 | FR18: 45323 | FW18: 0.125 | FX18: 11584.737 | FY18: 11946.76 | GA18: =CL18 -> 3844400.9 | GB18: =$GB$5 -> 0.15 | GC18: =GA18*GB18 -> 576660.13 | GD18: =CO18 -> 30000 | GE18: =GC18-GD18 -> 546660.13 | GF18: =$GF$5 -> 35 | GG18: =GE18/GF18 -> 15618.861 | GI18: =GA18 -> 3844400.9 | GJ18: =GI18*$GJ$5 -> 384440.09 | GK18: =GI18*$GK$5 -> 96110.022 | GL18: 15000 | GM18: =GJ18-GL18 -> 369440.09 | GN18: =$GN$5 -> 35 | GO18: =GM18/GN18 -> 10555.431 | GS18: =CL18 -> 3844400.9 | GT18: =CM18 -> 0.125 | GU18: =CN18 -> 480550.11 | GV18: =CO18 -> 30000 | GW18: =CP18 -> 450550.11 | GX18: =CQ18 -> 18 | GY18: =CR18 -> 25030.562 | GZ18: =CS18 -> 0.875 | ... HE18: =CX18 -> 66608.277 | HG18: =GS18 -> 3844400.9 | HH18: =GT18 -> 0.125 | HI18: =GU18 -> 480550.11 | HJ18: =GV18 -> 30000 | HK18: =GW18 -> 450550.11 | HL18: =$HL$5 -> 33 | HM18: =HK18/HL18 -> 13653.034 | HN18: =100%-HH18 -> 0.875 | HO18: =HG18*HN18 -> 3363850.8 | HP18: =-PMT(7%/12,240,HO18,0) -> 26079.899 | HQ18: =-PMT(7%/12,180,HO18,0) -> 30235.242 | HR18: =-PMT(7%/12,120,HO18,0) -> 39057.16 | HS18: =-PMT(7%/12,60,HO18,0) -> 66608.277 | HU18: =HM18-GY18 -> -11377.528 | IF18: 12th Floor | IG18: =DATE(2027,1,1) -> 46388 | IH18: =DATEDIF($IH$5,IG18,"m") -> 16
A19: =A18+1 -> 13 | B19: SOLD | C19: =C18+1 -> 13 | D19: 2nd Floor | E19: =D19 -> 2nd Floor | G19: 2M | H19: M | I19: Studio | J19: 22 | L19: South | M19: Inner | N19: =$N$5 -> 100909.09 | O19: =J19*N19 -> 2220000 | P19: =$P$13 -> 22400 | Q19: =$Q$5 -> 50000 | Z19: =$Z$5 -> 75000 | AA19: =SUM(P19:Z19) -> 147400 | AB19: =O19+AA19 -> 2367400 | AC19: =AB19*$AC$5 -> 59185 | AD19: =AB19+AC19 -> 2426585 | AE19: =AD19*$AE$5 -> 60664.625 | AF19: =AD19+AE19 -> 2487249.6 | AG19: =AF19*$AG$5 -> 62181.241 | AH19: =AF19+AG19 -> 2549430.9 | AI19: =AH19*$AI$5 -> 127471.54 | AJ19: =AH19+AI19 -> 2676902.4 | AK19: =AJ19*$AK$5 -> 26769.024 | AL19: =$AL$5 -> 27537.41 | AO19: =AJ19+AK19+AL19+AM19+AN19 -> 2731208.8 | AP19: =AO19*$AP$5 -> 368713.19 | AQ19: =AO19+AP19 -> 3099922 | AR19: =AQ19 -> 3099922 | AU19: =AT19*$AU$5 -> 0 | AV19: =AT19+AU19 -> 0 | AW19: =AQ19+AU19 -> 3099922 | AX19: =AW19*$AX$5 -> 38749.025 | AY19: 0 | AZ19: =AW19+AX19+AY19 -> 3138671.1 | BA19: =AZ19*$BA$5 -> 117700.16 | BC19: =$BC$5*1.12 -> 33600 | BE19: =AZ19+BA19+BB19+BC19+BD19 -> 3289971.2 | BG19: =BE19+BF19 -> 3289971.2 | BI19: =BG19+BH19 -> 3289971.2 | BK19: =BI19+BJ19 -> 3289971.2 | BM19: =BK19+BL19 -> 3289971.2 | BO19: =BM19+BN19 -> 3289971.2 | BQ19: =BO19+BP19 -> 3289971.2 | BS19: =BQ19+BR19 -> 3289971.2 | BU19: =BS19+BT19 -> 3289971.2 | BW19: =$BW$2+$BW$3-BC19 -> 56400 | BX19: =SUM(BU19:BW19) -> 3346371.2 | BZ19: =BX19+BY19 -> 3346371.2 | CA19: =BZ19 -> 3346371.2 | CB19: =CA19-CD19 -> 3346371.2 | CD19: =CC19*J19 -> 0 | CE19: =CD19*$CE$5 -> 0 | CF19: =CD19+CE19 -> 0 | CG19: =CA19+CE19 -> 3346371.2 | CH19: =CG19 -> 3346371.2 | CI19: =IF(CB19<=$CB$3,0,12%*CB19) -> 0 | CJ19: =CH19*CJ$5 -> 343003.05 | CK19: =CH19*CK$5 -> 117122.99 | CL19: =SUM(CH19:CK19) -> 3806497.3 | CM19: =$CM$5 -> 0.125 | CN19: =CL19*CM19 -> 475812.16 | CO19: =$CO$5 -> 30000 | CP19: =CN19-CO19 -> 445812.16 | CQ19: =VLOOKUP(E19,$IF$6:$IH$19,3,FALSE) -> 18 | CR19: =CP19/CQ19 -> 24767.342 | CS19: =100%-CM19 -> 0.875 | CT19: =CL19*CS19 -> 3330685.1 | CU19: =-PMT($CU$5/12,240,CT19,0) -> 25822.766 | CV19: =-PMT($CU$5/12,180,CT19,0) -> 29937.139 | CW19: =-PMT($CU$5/12,120,CT19,0) -> 38672.078 | CX19: =-PMT($CU$5/12,60,CT19,0) -> 65951.557 | CY19: =(CL19*80%)*$CY$5 -> 270562.14 | CZ19: =(CL19*80%)*$CZ$5 -> 107060.12 | DA19: =(CL19*80%)*$DA$5 -> 77328.008 | DB19: =(CL19*80%)*$DB$5 -> 58850.174 | EA19: =AT19/AR19 -> 0 | EB19: =CF19/CB19 -> 0 | EC19: =$EC$7 -> 45839 | ED19: =(YEAR(EC19)-YEAR($ED$5))*12+MONTH(EC19)-MONTH($ED$5) -> 20 | EF19: =EC19+65 -> 45904 | EG19: =(YEAR(EF19)-YEAR($EG$5))*12+MONTH(EF19)-MONTH($EG$5)+$EG$4+$EG$3 -> 22 | EH19: BOI | EI19: CTS BARE WITH HIC | EJ19: =EK19/J19 -> 0 | EK19: =AV19 -> 0 | EL19: =AV19/AR19 -> 0 | EP19: =EN19-EO19 -> 0 | ET19: 2M | EU19: =G19=ET19 -> TRUE | EV19: RAYAN FRITZ BABE | EW19: AS IS | EY19: NON BOI- BIR THRESHOLD(CTS FITTED) | EZ19: NON-BOI -BIR THRESHOLD (CTS FITTED) | FA19: =CA19-CH19 -> 0 | FB19: Step Up w/ 2.5%: | FC19: 12.5% Equity Step-up, 2.50% Lumpsum | FI19: SOLD | FJ19: SOLD | FK19: =FI19=FJ19 -> TRUE | FP19: =FP18-1 -> 29 | FQ19: =EDATE(FR19,FP19) -> 46235 | FR19: 45352 | FW19: 0.15 | FX19: 13992.593 | FY19: 14429.862 | GA19: =CL19 -> 3806497.3 | GB19: =$GB$5 -> 0.15 | GC19: =GA19*GB19 -> 570974.59 | GD19: =CO19 -> 30000 | GE19: =GC19-GD19 -> 540974.59 | GF19: =$GF$5 -> 35 | GG19: =GE19/GF19 -> 15456.417 | GI19: =GA19 -> 3806497.3 | GJ19: =GI19*$GJ$5 -> 380649.73 | GK19: =GI19*$GK$5 -> 95162.432 | GL19: 15000 | GM19: =GJ19-GL19 -> 365649.73 | GN19: =$GN$5 -> 35 | GO19: =GM19/GN19 -> 10447.135 | GS19: =CL19 -> 3806497.3 | GT19: =CM19 -> 0.125 | GU19: =CN19 -> 475812.16 | GV19: =CO19 -> 30000 | GW19: =CP19 -> 445812.16 | GX19: =CQ19 -> 18 | GY19: =CR19 -> 24767.342 | GZ19: =CS19 -> 0.875 | ... HE19: =CX19 -> 65951.557 | HG19: =GS19 -> 3806497.3 | HH19: =GT19 -> 0.125 | HI19: =GU19 -> 475812.16 | HJ19: =GV19 -> 30000 | HK19: =GW19 -> 445812.16 | HL19: =$HL$5 -> 33 | HM19: =HK19/HL19 -> 13509.459 | HN19: =100%-HH19 -> 0.875 | HO19: =HG19*HN19 -> 3330685.1 | HP19: =-PMT(7%/12,240,HO19,0) -> 25822.766 | HQ19: =-PMT(7%/12,180,HO19,0) -> 29937.139 | HR19: =-PMT(7%/12,120,HO19,0) -> 38672.078 | HS19: =-PMT(7%/12,60,HO19,0) -> 65951.557 | HU19: =HM19-GY19 -> -11257.883 | IF19: 14th Floor | IG19: =DATE(2027,2,1) -> 46419 | IH19: =DATEDIF($IH$5,IG19,"m") -> 17
A20: =A19+1 -> 14 | B20: SOLD | C20: =C19+1 -> 14 | D20: 2nd Floor | E20: =D20 -> 2nd Floor | G20: 2N | H20: N | I20: Studio | J20: 22 | L20: South | M20: Inner | N20: =$N$5 -> 100909.09 | O20: =J20*N20 -> 2220000 | P20: =$P$13 -> 22400 | Q20: =$Q$5 -> 50000 | Z20: =$Z$5 -> 75000 | AA20: =SUM(P20:Z20) -> 147400 | AB20: =O20+AA20 -> 2367400 | AC20: =AB20*$AC$5 -> 59185 | AD20: =AB20+AC20 -> 2426585 | AE20: =AD20*$AE$5 -> 60664.625 | AF20: =AD20+AE20 -> 2487249.6 | AG20: =AF20*$AG$5 -> 62181.241 | AH20: =AF20+AG20 -> 2549430.9 | AI20: =AH20*$AI$5 -> 127471.54 | AJ20: =AH20+AI20 -> 2676902.4 | AK20: =AJ20*$AK$5 -> 26769.024 | AL20: =$AL$5 -> 27537.41 | AO20: =AJ20+AK20+AL20+AM20+AN20 -> 2731208.8 | AP20: =AO20*$AP$5 -> 368713.19 | AQ20: =AO20+AP20 -> 3099922 | AR20: =AQ20 -> 3099922 | AU20: =AT20*$AU$5 -> 0 | AV20: =AT20+AU20 -> 0 | AW20: =AQ20+AU20 -> 3099922 | AX20: =AW20*$AX$5 -> 38749.025 | AY20: 0 | AZ20: =AW20+AX20+AY20 -> 3138671.1 | BA20: =AZ20*$BA$5 -> 117700.16 | BC20: =$BC$5*1.12 -> 33600 | BE20: =AZ20+BA20+BB20+BC20+BD20 -> 3289971.2 | BG20: =BE20+BF20 -> 3289971.2 | BI20: =BG20+BH20 -> 3289971.2 | BK20: =BI20+BJ20 -> 3289971.2 | BM20: =BK20+BL20 -> 3289971.2 | BO20: =BM20+BN20 -> 3289971.2 | BQ20: =BO20+BP20 -> 3289971.2 | BS20: =BQ20+BR20 -> 3289971.2 | BU20: =BS20+BT20 -> 3289971.2 | BW20: =$BW$2+$BW$3-BC20 -> 56400 | BX20: =SUM(BU20:BW20) -> 3346371.2 | BZ20: =BX20+BY20 -> 3346371.2 | CA20: =BZ20 -> 3346371.2 | CB20: =CA20-CD20 -> 3346371.2 | CD20: =CC20*J20 -> 0 | CE20: =CD20*$CE$5 -> 0 | CF20: =CD20+CE20 -> 0 | CG20: =CA20+CE20 -> 3346371.2 | CH20: =CG20 -> 3346371.2 | CI20: =IF(CB20<=$CB$3,0,12%*CB20) -> 0 | CJ20: =CH20*CJ$5 -> 343003.05 | CK20: =CH20*CK$5 -> 117122.99 | CL20: =SUM(CH20:CK20) -> 3806497.3 | CM20: =$CM$5 -> 0.125 | CN20: =CL20*CM20 -> 475812.16 | CO20: =$CO$5 -> 30000 | CP20: =CN20-CO20 -> 445812.16 | CQ20: =VLOOKUP(E20,$IF$6:$IH$19,3,FALSE) -> 18 | CR20: =CP20/CQ20 -> 24767.342 | CS20: =100%-CM20 -> 0.875 | CT20: =CL20*CS20 -> 3330685.1 | CU20: =-PMT($CU$5/12,240,CT20,0) -> 25822.766 | CV20: =-PMT($CU$5/12,180,CT20,0) -> 29937.139 | CW20: =-PMT($CU$5/12,120,CT20,0) -> 38672.078 | CX20: =-PMT($CU$5/12,60,CT20,0) -> 65951.557 | CY20: =(CL20*80%)*$CY$5 -> 270562.14 | CZ20: =(CL20*80%)*$CZ$5 -> 107060.12 | DA20: =(CL20*80%)*$DA$5 -> 77328.008 | DB20: =(CL20*80%)*$DB$5 -> 58850.174 | EA20: =AT20/AR20 -> 0 | EB20: =CF20/CB20 -> 0 | EC20: =$EC$7 -> 45839 | ED20: =(YEAR(EC20)-YEAR($ED$5))*12+MONTH(EC20)-MONTH($ED$5) -> 20 | EF20: =EC20+65 -> 45904 | EG20: =(YEAR(EF20)-YEAR($EG$5))*12+MONTH(EF20)-MONTH($EG$5)+$EG$4+$EG$3 -> 22 | EH20: BOI | EI20: CTS BARE WITH HIC | EJ20: =EK20/J20 -> 0 | EK20: =AV20 -> 0 | EL20: =AV20/AR20 -> 0 | EP20: =EN20-EO20 -> 0 | ET20: 2N | EU20: =G20=ET20 -> TRUE | EV20: MARIA TERESA ESTRADA | EW20: FROM 2Q TO 2N | EY20: NON BOI- BIR THRESHOLD(CTS FITTED) | EZ20: NON-BOI -BIR THRESHOLD (CTS FITTED) | FA20: =CA20-CH20 -> 0 | FB20: w/ 2.5% Lumpsum: | FC20: 12.5% Equity spread, 2.50% Lumpsum | FI20: SOLD | FJ20: SOLD | FK20: =FI20=FJ20 -> TRUE | FP20: =FP19-1 -> 28 | FQ20: =EDATE(FR20,FP20) -> 46235 | FR20: 45383 | FW20: 0.125 | FX20: 11584.737 | FY20: 11946.76 | GA20: =CL20 -> 3806497.3 | GB20: =$GB$5 -> 0.15 | GC20: =GA20*GB20 -> 570974.59 | GD20: =CO20 -> 30000 | GE20: =GC20-GD20 -> 540974.59 | GF20: =$GF$5 -> 35 | GG20: =GE20/GF20 -> 15456.417 | GI20: =GA20 -> 3806497.3 | GJ20: =GI20*$GJ$5 -> 380649.73 | GK20: =GI20*$GK$5 -> 95162.432 | GL20: 15000 | GM20: =GJ20-GL20 -> 365649.73 | GN20: =$GN$5 -> 35 | GO20: =GM20/GN20 -> 10447.135 | GS20: =CL20 -> 3806497.3 | GT20: =CM20 -> 0.125 | GU20: =CN20 -> 475812.16 | GV20: =CO20 -> 30000 | GW20: =CP20 -> 445812.16 | GX20: =CQ20 -> 18 | GY20: =CR20 -> 24767.342 | GZ20: =CS20 -> 0.875 | ... HE20: =CX20 -> 65951.557 | HG20: =GS20 -> 3806497.3 | HH20: =GT20 -> 0.125 | HI20: =GU20 -> 475812.16 | HJ20: =GV20 -> 30000 | HK20: =GW20 -> 445812.16 | HL20: =$HL$5 -> 33 | HM20: =HK20/HL20 -> 13509.459 | HN20: =100%-HH20 -> 0.875 | HO20: =HG20*HN20 -> 3330685.1 | HP20: =-PMT(7%/12,240,HO20,0) -> 25822.766 | HQ20: =-PMT(7%/12,180,HO20,0) -> 29937.139 | HR20: =-PMT(7%/12,120,HO20,0) -> 38672.078 | HS20: =-PMT(7%/12,60,HO20,0) -> 65951.557 | HU20: =HM20-GY20 -> -11257.883
A21: =A20+1 -> 15 | B21: SOLD | C21: =C20+1 -> 15 | D21: 2nd Floor | E21: =D21 -> 2nd Floor | G21: 2O | H21: O | I21: Studio | J21: 22 | L21: South | M21: Corner | N21: =$N$5 -> 100909.09 | O21: =J21*N21 -> 2220000 | P21: =$P$13 -> 22400 | Q21: =$Q$5 -> 50000 | V21: =J21*$V$5 -> 55000 | Z21: =$Z$5 -> 75000 | AA21: =SUM(P21:Z21) -> 202400 | AB21: =O21+AA21 -> 2422400 | AC21: =AB21*$AC$5 -> 60560 | AD21: =AB21+AC21 -> 2482960 | AE21: =AD21*$AE$5 -> 62074 | AF21: =AD21+AE21 -> 2545034 | AG21: =AF21*$AG$5 -> 63625.85 | AH21: =AF21+AG21 -> 2608659.9 | AI21: =AH21*$AI$5 -> 130432.99 | AJ21: =AH21+AI21 -> 2739092.8 | AK21: =AJ21*$AK$5 -> 27390.928 | AL21: =$AL$5 -> 27537.41 | AO21: =AJ21+AK21+AL21+AM21+AN21 -> 2794021.2 | AP21: =AO21*$AP$5 -> 377192.86 | AQ21: =AO21+AP21 -> 3171214 | AR21: =AQ21-AT21 -> 3171214 | AT21: =AS21*J21 -> 0 | AU21: =AT21*$AU$5 -> 0 | AV21: =AT21+AU21 -> 0 | AW21: =AQ21+AU21 -> 3171214 | AX21: =AW21*$AX$5 -> 39640.176 | AY21: 0 | AZ21: =AW21+AX21+AY21 -> 3210854.2 | BA21: =AZ21*$BA$5 -> 120407.03 | BC21: =$BC$5*1.12 -> 33600 | BE21: =AZ21+BA21+BB21+BC21+BD21 -> 3364861.2 | BG21: =BE21+BF21 -> 3364861.2 | BI21: =BG21+BH21 -> 3364861.2 | BK21: =BI21+BJ21 -> 3364861.2 | BM21: =BK21+BL21 -> 3364861.2 | BO21: =BM21+BN21 -> 3364861.2 | BQ21: =BO21+BP21 -> 3364861.2 | BS21: =BQ21+BR21 -> 3364861.2 | BU21: =BS21+BT21 -> 3364861.2 | BW21: =$BW$2+$BW$3-BC21 -> 56400 | BX21: =SUM(BU21:BW21) -> 3421261.2 | BZ21: =BX21+BY21 -> 3421261.2 | CA21: =BZ21 -> 3421261.2 | CB21: =CA21-CD21 -> 3421261.2 | CD21: =CC21*J21 -> 0 | CE21: =CD21*$CE$5 -> 0 | CF21: =CD21+CE21 -> 0 | CG21: =CA21+CE21 -> 3421261.2 | CH21: =CG21 -> 3421261.2 | CI21: =IF(CB21<=$CB$3,0,12%*CB21) -> 0 | CJ21: =CH21*CJ$5 -> 350679.28 | CK21: =CH21*CK$5 -> 119744.14 | CL21: =SUM(CH21:CK21) -> 3891684.7 | CM21: =$CM$5 -> 0.125 | CN21: =CL21*CM21 -> 486460.58 | CO21: =$CO$5 -> 30000 | CP21: =CN21-CO21 -> 456460.58 | CQ21: =VLOOKUP(E21,$IF$6:$IH$19,3,FALSE) -> 18 | CR21: =CP21/CQ21 -> 25358.921 | CS21: =100%-CM21 -> 0.875 | CT21: =CL21*CS21 -> 3405224.1 | CU21: =-PMT($CU$5/12,240,CT21,0) -> 26400.666 | CV21: =-PMT($CU$5/12,180,CT21,0) -> 30607.117 | CW21: =-PMT($CU$5/12,120,CT21,0) -> 39537.539 | CX21: =-PMT($CU$5/12,60,CT21,0) -> 67427.518 | CY21: =(CL21*80%)*$CY$5 -> 276617.18 | CZ21: =(CL21*80%)*$CZ$5 -> 109456.07 | DA21: =(CL21*80%)*$DA$5 -> 79058.568 | DB21: =(CL21*80%)*$DB$5 -> 60167.21 | EA21: =AT21/AR21 -> 0 | EB21: =CF21/CB21 -> 0 | EC21: =$EC$7 -> 45839 | ED21: =(YEAR(EC21)-YEAR($ED$5))*12+MONTH(EC21)-MONTH($ED$5) -> 20 | EF21: =EC21+65 -> 45904 | EG21: =(YEAR(EF21)-YEAR($EG$5))*12+MONTH(EF21)-MONTH($EG$5)+$EG$4+$EG$3 -> 22 | EH21: BOI | EI21: CTS BARE WITH HIC | EJ21: =EK21/J21 -> 0 | EK21: =AV21 -> 0 | EL21: =AV21/AR21 -> 0 | EP21: =EN21-EO21 -> 0 | ET21: 2O | EU21: =G21=ET21 -> TRUE | EV21: JIM JASON S. CAPALIHAN | EW21: AS IS | EY21: NON BOI- BIR THRESHOLD(CTS FITTED) | EZ21: NON-BOI -BIR THRESHOLD (CTS FITTED) | FA21: =CA21-CH21 -> 0 | FI21: SOLD | FJ21: SOLD | FK21: =FI21=FJ21 -> TRUE | FP21: =FP20-1 -> 27 | FQ21: =EDATE(FR21,FP21) -> 46235 | FR21: 45413 | FW21: 0.15 | FX21: 14637.846 | FY21: 15095.278 | GA21: =CL21 -> 3891684.7 | GB21: =$GB$5 -> 0.15 | GC21: =GA21*GB21 -> 583752.7 | GD21: =CO21 -> 30000 | GE21: =GC21-GD21 -> 553752.7 | GF21: =$GF$5 -> 35 | GG21: =GE21/GF21 -> 15821.506 | GI21: =GA21 -> 3891684.7 | GJ21: =GI21*$GJ$5 -> 389168.47 | GK21: =GI21*$GK$5 -> 97292.117 | GL21: 15000 | GM21: =GJ21-GL21 -> 374168.47 | GN21: =$GN$5 -> 35 | GO21: =GM21/GN21 -> 10690.528 | GS21: =CL21 -> 3891684.7 | GT21: =CM21 -> 0.125 | GU21: =CN21 -> 486460.58 | GV21: =CO21 -> 30000 | GW21: =CP21 -> 456460.58 | GX21: =CQ21 -> 18 | GY21: =CR21 -> 25358.921 | GZ21: =CS21 -> 0.875 | ... HE21: =CX21 -> 67427.518 | HG21: =GS21 -> 3891684.7 | HH21: =GT21 -> 0.125 | HI21: =GU21 -> 486460.58 | HJ21: =GV21 -> 30000 | HK21: =GW21 -> 456460.58 | HL21: =$HL$5 -> 33 | HM21: =HK21/HL21 -> 13832.139 | HN21: =100%-HH21 -> 0.875 | HO21: =HG21*HN21 -> 3405224.1 | HP21: =-PMT(7%/12,240,HO21,0) -> 26400.666 | HQ21: =-PMT(7%/12,180,HO21,0) -> 30607.117 | HR21: =-PMT(7%/12,120,HO21,0) -> 39537.539 | HS21: =-PMT(7%/12,60,HO21,0) -> 67427.518 | HU21: =HM21-GY21 -> -11526.782
A22: =A21+1 -> 16 | B22: SOLD | C22: 1 | D22: 3rd Floor | E22: =D22 -> 3rd Floor | G22: 3A | H22: A | I22: Studio | J22: 22 | L22: North | M22: End | N22: =$N$5 -> 100909.09 | O22: =J22*N22 -> 2220000 | P22: =$P$13 -> 22400 | Q22: =$Q$5 -> 50000 | W22: =J22*$W$5 -> 22000 | Z22: =$Z$5 -> 75000 | AA22: =SUM(P22:Z22) -> 169400 | AB22: =O22+AA22 -> 2389400 | AC22: =AB22*$AC$5 -> 59735 | AD22: =AB22+AC22 -> 2449135 | AE22: =AD22*$AE$5 -> 61228.375 | AF22: =AD22+AE22 -> 2510363.4 | AG22: =AF22*$AG$5 -> 62759.084 | AH22: =AF22+AG22 -> 2573122.5 | AI22: =AH22*$AI$5 -> 128656.12 | AJ22: =AH22+AI22 -> 2701778.6 | AK22: =AJ22*$AK$5 -> 27017.786 | AL22: =$AL$5 -> 27537.41 | AO22: =AJ22+AK22+AL22+AM22+AN22 -> 2756333.8 | AP22: =AO22*$AP$5 -> 372105.06 | AQ22: =AO22+AP22 -> 3128438.8 | AR22: =AQ22 -> 3128438.8 | AU22: =AT22*$AU$5 -> 0 | AV22: =AT22+AU22 -> 0 | AW22: =AQ22+AU22 -> 3128438.8 | AX22: =AW22*$AX$5 -> 39105.485 | AY22: 0 | AZ22: =AW22+AX22+AY22 -> 3167544.3 | BA22: =AZ22*$BA$5 -> 118782.91 | BC22: =$BC$5*1.12 -> 33600 | BE22: =AZ22+BA22+BB22+BC22+BD22 -> 3319927.2 | BG22: =BE22+BF22 -> 3319927.2 | BI22: =BG22+BH22 -> 3319927.2 | BK22: =BI22+BJ22 -> 3319927.2 | BM22: =BK22+BL22 -> 3319927.2 | BO22: =BM22+BN22 -> 3319927.2 | BQ22: =BO22+BP22 -> 3319927.2 | BS22: =BQ22+BR22 -> 3319927.2 | BU22: =BS22+BT22 -> 3319927.2 | BW22: =$BW$2+$BW$3-BC22 -> 56400 | BX22: =SUM(BU22:BW22) -> 3376327.2 | BZ22: =BX22+BY22 -> 3376327.2 | CA22: =BZ22 -> 3376327.2 | CB22: =CA22-CD22 -> 3376327.2 | CD22: =CC22*J22 -> 0 | CE22: =CD22*$CE$5 -> 0 | CF22: =CD22+CE22 -> 0 | CG22: =CA22+CE22 -> 3376327.2 | CH22: =CG22 -> 3376327.2 | CI22: =IF(CB22<=$CB$3,0,12%*CB22) -> 0 | CJ22: =CH22*CJ$5 -> 346073.54 | CK22: =CH22*CK$5 -> 118171.45 | CL22: =SUM(CH22:CK22) -> 3840572.2 | CM22: =$CM$5 -> 0.125 | CN22: =CL22*CM22 -> 480071.53 | CO22: =$CO$5 -> 30000 | CP22: =CN22-CO22 -> 450071.53 | CQ22: =VLOOKUP(E22,$IF$6:$IH$19,3,FALSE) -> 13 | CR22: =CP22/CQ22 -> 34620.887 | CS22: =100%-CM22 -> 0.875 | CT22: =CL22*CS22 -> 3360500.7 | CU22: =-PMT($CU$5/12,240,CT22,0) -> 26053.926 | CV22: =-PMT($CU$5/12,180,CT22,0) -> 30205.13 | CW22: =-PMT($CU$5/12,120,CT22,0) -> 39018.263 | CX22: =-PMT($CU$5/12,60,CT22,0) -> 66541.942 | CY22: =(CL22*80%)*$CY$5 -> 272984.15 | CZ22: =(CL22*80%)*$CZ$5 -> 108018.5 | DA22: =(CL22*80%)*$DA$5 -> 78020.232 | DB22: =(CL22*80%)*$DB$5 -> 59376.989 | EA22: =AT22/AR22 -> 0 | EB22: =CF22/CB22 -> 0 | EC22: =$EC$7 -> 45839 | ED22: =(YEAR(EC22)-YEAR($ED$5))*12+MONTH(EC22)-MONTH($ED$5) -> 20 | EF22: =EC22+65 -> 45904 | EG22: =(YEAR(EF22)-YEAR($EG$5))*12+MONTH(EF22)-MONTH($EG$5)+$EG$4+$EG$3 -> 22 | EH22: BOI | EI22: CTS BARE WITH HIC | EJ22: =EK22/J22 -> 0 | EK22: =AV22 -> 0 | EL22: =AV22/AR22 -> 0 | EP22: =EN22-EO22 -> 0 | ET22: 3A | EU22: =G22=ET22 -> TRUE | EV22: RICK STEPHEN RIEGO | EW22: AS IS | EY22: NON BOI- BIR THRESHOLD(CTS FITTED) | EZ22: NON-BOI -BIR THRESHOLD (CTS FITTED) | FA22: =CA22-CH22 -> 0 | FI22: SOLD | FJ22: SOLD | FK22: =FI22=FJ22 -> TRUE | FP22: =FP21-1 -> 26 | FQ22: =EDATE(FR22,FP22) -> 46235 | FR22: 45444 | FW22: 0.15 | FX22: 14136.81 | FY22: 14578.586 | GA22: =CL22 -> 3840572.2 | GB22: =$GB$5 -> 0.15 | GC22: =GA22*GB22 -> 576085.83 | GD22: =CO22 -> 30000 | GE22: =GC22-GD22 -> 546085.83 | GF22: =$GF$5 -> 35 | GG22: =GE22/GF22 -> 15602.452 | GI22: =GA22 -> 3840572.2 | GJ22: =GI22*$GJ$5 -> 384057.22 | GK22: =GI22*$GK$5 -> 96014.306 | GL22: 15000 | GM22: =GJ22-GL22 -> 369057.22 | GN22: =$GN$5 -> 35 | GO22: =GM22/GN22 -> 10544.492 | GS22: =CL22 -> 3840572.2 | GT22: =CM22 -> 0.125 | GU22: =CN22 -> 480071.53 | GV22: =CO22 -> 30000 | GW22: =CP22 -> 450071.53 | GX22: =CQ22 -> 13 | GY22: =CR22 -> 34620.887 | GZ22: =CS22 -> 0.875 | ... HE22: =CX22 -> 66541.942 | HG22: =GS22 -> 3840572.2 | HH22: =GT22 -> 0.125 | HI22: =GU22 -> 480071.53 | HJ22: =GV22 -> 30000 | HK22: =GW22 -> 450071.53 | HL22: =$HL$5 -> 33 | HM22: =HK22/HL22 -> 13638.531 | HN22: =100%-HH22 -> 0.875 | HO22: =HG22*HN22 -> 3360500.7 | HP22: =-PMT(7%/12,240,HO22,0) -> 26053.926 | HQ22: =-PMT(7%/12,180,HO22,0) -> 30205.13 | HR22: =-PMT(7%/12,120,HO22,0) -> 39018.263 | HS22: =-PMT(7%/12,60,HO22,0) -> 66541.942 | HU22: =HM22-GY22 -> -20982.356
A23: =A22+1 -> 17 | B23: SOLD | C23: =C22+1 -> 2 | D23: 3rd Floor | E23: =D23 -> 3rd Floor | G23: 3B | H23: B | I23: Studio | J23: 22 | L23: North | M23: Inner | N23: =$N$5 -> 100909.09 | O23: =J23*N23 -> 2220000 | P23: =$P$13 -> 22400 | Q23: =$Q$5 -> 50000 | Z23: =$Z$5 -> 75000 | AA23: =SUM(P23:Z23) -> 147400 | AB23: =O23+AA23 -> 2367400 | AC23: =AB23*$AC$5 -> 59185 | AD23: =AB23+AC23 -> 2426585 | AE23: =AD23*$AE$5 -> 60664.625 | AF23: =AD23+AE23 -> 2487249.6 | AG23: =AF23*$AG$5 -> 62181.241 | AH23: =AF23+AG23 -> 2549430.9 | AI23: =AH23*$AI$5 -> 127471.54 | AJ23: =AH23+AI23 -> 2676902.4 | AK23: =AJ23*$AK$5 -> 26769.024 | AL23: =$AL$5 -> 27537.41 | AO23: =AJ23+AK23+AL23+AM23+AN23 -> 2731208.8 | AP23: =AO23*$AP$5 -> 368713.19 | AQ23: =AO23+AP23 -> 3099922 | AR23: =AQ23 -> 3099922 | AU23: =AT23*$AU$5 -> 0 | AV23: =AT23+AU23 -> 0 | AW23: =AQ23+AU23 -> 3099922 | AX23: =AW23*$AX$5 -> 38749.025 | AY23: 0 | AZ23: =AW23+AX23+AY23 -> 3138671.1 | BA23: =AZ23*$BA$5 -> 117700.16 | BC23: =$BC$5*1.12 -> 33600 | BE23: =AZ23+BA23+BB23+BC23+BD23 -> 3289971.2 | BG23: =BE23+BF23 -> 3289971.2 | BI23: =BG23+BH23 -> 3289971.2 | BK23: =BI23+BJ23 -> 3289971.2 | BM23: =BK23+BL23 -> 3289971.2 | BO23: =BM23+BN23 -> 3289971.2 | BQ23: =BO23+BP23 -> 3289971.2 | BS23: =BQ23+BR23 -> 3289971.2 | BU23: =BS23+BT23 -> 3289971.2 | BW23: =$BW$2+$BW$3-BC23 -> 56400 | BX23: =SUM(BU23:BW23) -> 3346371.2 | BZ23: =BX23+BY23 -> 3346371.2 | CA23: =BZ23 -> 3346371.2 | CB23: =CA23-CD23 -> 3346371.2 | CD23: =CC23*J23 -> 0 | CE23: =CD23*$CE$5 -> 0 | CF23: =CD23+CE23 -> 0 | CG23: =CA23+CE23 -> 3346371.2 | CH23: =CG23 -> 3346371.2 | CI23: =IF(CB23<=$CB$3,0,12%*CB23) -> 0 | CJ23: =CH23*CJ$5 -> 343003.05 | CK23: =CH23*CK$5 -> 117122.99 | CL23: =SUM(CH23:CK23) -> 3806497.3 | CM23: =$CM$5 -> 0.125 | CN23: =CL23*CM23 -> 475812.16 | CO23: =$CO$5 -> 30000 | CP23: =CN23-CO23 -> 445812.16 | CQ23: =VLOOKUP(E23,$IF$6:$IH$19,3,FALSE) -> 13 | CR23: =CP23/CQ23 -> 34293.243 | CS23: =100%-CM23 -> 0.875 | CT23: =CL23*CS23 -> 3330685.1 | CU23: =-PMT($CU$5/12,240,CT23,0) -> 25822.766 | CV23: =-PMT($CU$5/12,180,CT23,0) -> 29937.139 | CW23: =-PMT($CU$5/12,120,CT23,0) -> 38672.078 | CX23: =-PMT($CU$5/12,60,CT23,0) -> 65951.557 | CY23: =(CL23*80%)*$CY$5 -> 270562.14 | CZ23: =(CL23*80%)*$CZ$5 -> 107060.12 | DA23: =(CL23*80%)*$DA$5 -> 77328.008 | DB23: =(CL23*80%)*$DB$5 -> 58850.174 | EA23: =AT23/AR23 -> 0 | EB23: =CF23/CB23 -> 0 | EC23: =$EC$7 -> 45839 | ED23: =(YEAR(EC23)-YEAR($ED$5))*12+MONTH(EC23)-MONTH($ED$5) -> 20 | EF23: =EC23+65 -> 45904 | EG23: =(YEAR(EF23)-YEAR($EG$5))*12+MONTH(EF23)-MONTH($EG$5)+$EG$4+$EG$3 -> 22 | EH23: BOI | EI23: CTS BARE WITH HIC | EJ23: =EK23/J23 -> 0 | EK23: =AV23 -> 0 | EL23: =AV23/AR23 -> 0 | EP23: =EN23-EO23 -> 0 | ET23: 3B | EU23: =G23=ET23 -> TRUE | EV23: SUSANITA DELA PEÑA | EW23: AS IS | EY23: NON BOI- BIR THRESHOLD(CTS FITTED) | EZ23: NON-BOI -BIR THRESHOLD (CTS FITTED) | FA23: =CA23-CH23 -> 0 | FI23: SOLD | FJ23: SOLD | FK23: =FI23=FJ23 -> TRUE | FP23: =FP22-1 -> 25 | FQ23: =EDATE(FR23,FP23) -> 46235 | FR23: 45474 | FW23: 0.125 | FX23: 11584.737 | FY23: 11946.76 | GA23: =CL23 -> 3806497.3 | GB23: =$GB$5 -> 0.15 | GC23: =GA23*GB23 -> 570974.59 | GD23: =CO23 -> 30000 | GE23: =GC23-GD23 -> 540974.59 | GF23: =$GF$5 -> 35 | GG23: =GE23/GF23 -> 15456.417 | GI23: =GA23 -> 3806497.3 | GJ23: =GI23*$GJ$5 -> 380649.73 | GK23: =GI23*$GK$5 -> 95162.432 | GL23: 15000 | GM23: =GJ23-GL23 -> 365649.73 | GN23: =$GN$5 -> 35 | GO23: =GM23/GN23 -> 10447.135 | GS23: =CL23 -> 3806497.3 | GT23: =CM23 -> 0.125 | GU23: =CN23 -> 475812.16 | GV23: =CO23 -> 30000 | GW23: =CP23 -> 445812.16 | GX23: =CQ23 -> 13 | GY23: =CR23 -> 34293.243 | GZ23: =CS23 -> 0.875 | ... HE23: =CX23 -> 65951.557 | HG23: =GS23 -> 3806497.3 | HH23: =GT23 -> 0.125 | HI23: =GU23 -> 475812.16 | HJ23: =GV23 -> 30000 | HK23: =GW23 -> 445812.16 | HL23: =$HL$5 -> 33 | HM23: =HK23/HL23 -> 13509.459 | HN23: =100%-HH23 -> 0.875 | HO23: =HG23*HN23 -> 3330685.1 | HP23: =-PMT(7%/12,240,HO23,0) -> 25822.766 | HQ23: =-PMT(7%/12,180,HO23,0) -> 29937.139 | HR23: =-PMT(7%/12,120,HO23,0) -> 38672.078 | HS23: =-PMT(7%/12,60,HO23,0) -> 65951.557 | HU23: =HM23-GY23 -> -20783.784
A24: =A23+1 -> 18 | B24: SOLD | C24: =C23+1 -> 3 | D24: 3rd Floor | E24: =D24 -> 3rd Floor | G24: 3C | H24: C | I24: Studio | J24: 22 | L24: North | M24: End | N24: =$N$5 -> 100909.09 | O24: =J24*N24 -> 2220000 | P24: =$P$13 -> 22400 | Q24: =$Q$5 -> 50000 | W24: =J24*$W$5 -> 22000 | Z24: =$Z$5 -> 75000 | AA24: =SUM(P24:Z24) -> 169400 | AB24: =O24+AA24 -> 2389400 | AC24: =AB24*$AC$5 -> 59735 | AD24: =AB24+AC24 -> 2449135 | AE24: =AD24*$AE$5 -> 61228.375 | AF24: =AD24+AE24 -> 2510363.4 | AG24: =AF24*$AG$5 -> 62759.084 | AH24: =AF24+AG24 -> 2573122.5 | AI24: =AH24*$AI$5 -> 128656.12 | AJ24: =AH24+AI24 -> 2701778.6 | AK24: =AJ24*$AK$5 -> 27017.786 | AL24: =$AL$5 -> 27537.41 | AO24: =AJ24+AK24+AL24+AM24+AN24 -> 2756333.8 | AP24: =AO24*$AP$5 -> 372105.06 | AQ24: =AO24+AP24 -> 3128438.8 | AR24: =AQ24 -> 3128438.8 | AU24: =AT24*$AU$5 -> 0 | AV24: =AT24+AU24 -> 0 | AW24: =AQ24+AU24 -> 3128438.8 | AX24: =AW24*$AX$5 -> 39105.485 | AY24: 0 | AZ24: =AW24+AX24+AY24 -> 3167544.3 | BA24: =AZ24*$BA$5 -> 118782.91 | BC24: =$BC$5*1.12 -> 33600 | BE24: =AZ24+BA24+BB24+BC24+BD24 -> 3319927.2 | BG24: =BE24+BF24 -> 3319927.2 | BI24: =BG24+BH24 -> 3319927.2 | BK24: =BI24+BJ24 -> 3319927.2 | BM24: =BK24+BL24 -> 3319927.2 | BO24: =BM24+BN24 -> 3319927.2 | BQ24: =BO24+BP24 -> 3319927.2 | BS24: =BQ24+BR24 -> 3319927.2 | BU24: =BS24+BT24 -> 3319927.2 | BW24: =$BW$2+$BW$3-BC24 -> 56400 | BX24: =SUM(BU24:BW24) -> 3376327.2 | BZ24: =BX24+BY24 -> 3376327.2 | CA24: =BZ24 -> 3376327.2 | CB24: =CA24-CD24 -> 3376327.2 | CD24: =CC24*J24 -> 0 | CE24: =CD24*$CE$5 -> 0 | CF24: =CD24+CE24 -> 0 | CG24: =CA24+CE24 -> 3376327.2 | CH24: =CG24 -> 3376327.2 | CI24: =IF(CB24<=$CB$3,0,12%*CB24) -> 0 | CJ24: =CH24*CJ$5 -> 346073.54 | CK24: =CH24*CK$5 -> 118171.45 | CL24: =SUM(CH24:CK24) -> 3840572.2 | CM24: =$CM$5 -> 0.125 | CN24: =CL24*CM24 -> 480071.53 | CO24: =$CO$5 -> 30000 | CP24: =CN24-CO24 -> 450071.53 | CQ24: =VLOOKUP(E24,$IF$6:$IH$19,3,FALSE) -> 13 | CR24: =CP24/CQ24 -> 34620.887 | CS24: =100%-CM24 -> 0.875 | CT24: =CL24*CS24 -> 3360500.7 | CU24: =-PMT($CU$5/12,240,CT24,0) -> 26053.926 | CV24: =-PMT($CU$5/12,180,CT24,0) -> 30205.13 | CW24: =-PMT($CU$5/12,120,CT24,0) -> 39018.263 | CX24: =-PMT($CU$5/12,60,CT24,0) -> 66541.942 | CY24: =(CL24*80%)*$CY$5 -> 272984.15 | CZ24: =(CL24*80%)*$CZ$5 -> 108018.5 | DA24: =(CL24*80%)*$DA$5 -> 78020.232 | DB24: =(CL24*80%)*$DB$5 -> 59376.989 | EA24: =AT24/AR24 -> 0 | EB24: =CF24/CB24 -> 0 | EC24: =$EC$7 -> 45839 | ED24: =(YEAR(EC24)-YEAR($ED$5))*12+MONTH(EC24)-MONTH($ED$5) -> 20 | EF24: =EC24+65 -> 45904 | EG24: =(YEAR(EF24)-YEAR($EG$5))*12+MONTH(EF24)-MONTH($EG$5)+$EG$4+$EG$3 -> 22 | EH24: BOI | EI24: CTS BARE WITH HIC | EJ24: =EK24/J24 -> 0 | EK24: =AV24 -> 0 | EL24: =AV24/AR24 -> 0 | EP24: =EN24-EO24 -> 0 | ET24: 3C | EU24: =G24=ET24 -> TRUE | EV24: ARIEL GERADA | EW24: AS IS | EY24: NON BOI- BIR THRESHOLD(CTS FITTED) | EZ24: NON-BOI -BIR THRESHOLD (CTS FITTED) | FA24: =CA24-CH24 -> 0 | FB24: SPECIAL STEP-UP TERM | FI24: SOLD | FJ24: SOLD | FK24: =FI24=FJ24 -> TRUE | FP24: =FP23-1 -> 24 | FQ24: =EDATE(FR24,FP24) -> 46235 | FR24: 45505 | FW24: 0.125 | FX24: 11704.918 | FY24: 12070.696 | GA24: =CL24 -> 3840572.2 | GB24: =FW24 -> 0.125 | GC24: =GA24*GB24 -> 480071.53 | GD24: =CO24 -> 30000 | GE24: =GC24-GD24 -> 450071.53 | GF24: =$GF$5 -> 35 | GG24: =GE24/GF24 -> 12859.187 | GI24: =GA24 -> 3840572.2 | GJ24: =GI24*$GJ$5 -> 384057.22 | GK24: =GI24*$GK$5 -> 96014.306 | GL24: 15000 | GM24: =GJ24-GL24 -> 369057.22 | GN24: =$GN$5 -> 35 | GO24: =GM24/GN24 -> 10544.492 | GS24: =CL24 -> 3840572.2 | GT24: =CM24 -> 0.125 | GU24: =CN24 -> 480071.53 | GV24: =CO24 -> 30000 | GW24: =CP24 -> 450071.53 | GX24: =CQ24 -> 13 | GY24: =CR24 -> 34620.887 | GZ24: =CS24 -> 0.875 | ... HE24: =CX24 -> 66541.942 | HG24: =GS24 -> 3840572.2 | HH24: =GT24 -> 0.125 | HI24: =GU24 -> 480071.53 | HJ24: =GV24 -> 30000 | HK24: =GW24 -> 450071.53 | HL24: =$HL$5 -> 33 | HM24: =HK24/HL24 -> 13638.531 | HN24: =100%-HH24 -> 0.875 | HO24: =HG24*HN24 -> 3360500.7 | HP24: =-PMT(7%/12,240,HO24,0) -> 26053.926 | HQ24: =-PMT(7%/12,180,HO24,0) -> 30205.13 | HR24: =-PMT(7%/12,120,HO24,0) -> 39018.263 | HS24: =-PMT(7%/12,60,HO24,0) -> 66541.942 | HU24: =HM24-GY24 -> -20982.356
A25: =A24+1 -> 19 | C25: =C24+1 -> 4 | D25: 3rd Floor | E25: =D25 -> 3rd Floor | G25: 3D | H25: D | I25: Studio | J25: 22 | L25: North | M25: End | N25: =$N$5 -> 100909.09 | O25: =J25*N25 -> 2220000 | P25: =$P$13 -> 22400 | Q25: =$Q$5 -> 50000 | W25: =J25*$W$5 -> 22000 | Z25: =$Z$5 -> 75000 | AA25: =SUM(P25:Z25) -> 169400 | AB25: =O25+AA25 -> 2389400 | AC25: =AB25*$AC$5 -> 59735 | AD25: =AB25+AC25 -> 2449135 | AE25: =AD25*$AE$5 -> 61228.375 | AF25: =AD25+AE25 -> 2510363.4 | AG25: =AF25*$AG$5 -> 62759.084 | AH25: =AF25+AG25 -> 2573122.5 | AI25: =AH25*$AI$5 -> 128656.12 | AJ25: =AH25+AI25 -> 2701778.6 | AK25: =AJ25*$AK$5 -> 27017.786 | AL25: =$AL$5 -> 27537.41 | AO25: =AJ25+AK25+AL25+AM25+AN25 -> 2756333.8 | AP25: =AO25*$AP$5 -> 372105.06 | AQ25: =AO25+AP25 -> 3128438.8 | AR25: =AQ25 -> 3128438.8 | AU25: =AT25*$AU$5 -> 0 | AV25: =AT25+AU25 -> 0 | AW25: =AQ25+AU25 -> 3128438.8 | AX25: =AW25*$AX$5 -> 39105.485 | AY25: 0 | AZ25: =AW25+AX25+AY25 -> 3167544.3 | BA25: =AZ25*$BA$5 -> 118782.91 | BC25: =$BC$5*1.12 -> 33600 | BE25: =AZ25+BA25+BB25+BC25+BD25 -> 3319927.2 | BG25: =BE25+BF25 -> 3319927.2 | BI25: =BG25+BH25 -> 3319927.2 | BK25: =BI25+BJ25 -> 3319927.2 | BM25: =BK25+BL25 -> 3319927.2 | BO25: =BM25+BN25 -> 3319927.2 | BQ25: =BO25+BP25 -> 3319927.2 | BS25: =BQ25+BR25 -> 3319927.2 | BU25: =BS25+BT25 -> 3319927.2 | BW25: =$BW$2+$BW$3-BC25 -> 56400 | BX25: =SUM(BU25:BW25) -> 3376327.2 | BZ25: =BX25+BY25 -> 3376327.2 | CA25: =BZ25 -> 3376327.2 | CB25: =CA25-CD25 -> 3376327.2 | CD25: =CC25*J25 -> 0 | CE25: =CD25*$CE$5 -> 0 | CF25: =CD25+CE25 -> 0 | CG25: =CA25+CE25 -> 3376327.2 | CH25: =CG25 -> 3376327.2 | CI25: =IF(CB25<=$CB$3,0,12%*CB25) -> 0 | CJ25: =CH25*CJ$5 -> 346073.54 | CK25: =CH25*CK$5 -> 118171.45 | CL25: =SUM(CH25:CK25) -> 3840572.2 | CM25: =$CM$5 -> 0.125 | CN25: =CL25*CM25 -> 480071.53 | CO25: =$CO$5 -> 30000 | CP25: =CN25-CO25 -> 450071.53 | CQ25: =VLOOKUP(E25,$IF$6:$IH$19,3,FALSE) -> 13 | CR25: =CP25/CQ25 -> 34620.887 | CS25: =100%-CM25 -> 0.875 | CT25: =CL25*CS25 -> 3360500.7 | CU25: =-PMT($CU$5/12,240,CT25,0) -> 26053.926 | CV25: =-PMT($CU$5/12,180,CT25,0) -> 30205.13 | CW25: =-PMT($CU$5/12,120,CT25,0) -> 39018.263 | CX25: =-PMT($CU$5/12,60,CT25,0) -> 66541.942 | CY25: =(CL25*80%)*$CY$5 -> 272984.15 | CZ25: =(CL25*80%)*$CZ$5 -> 108018.5 | DA25: =(CL25*80%)*$DA$5 -> 78020.232 | DB25: =(CL25*80%)*$DB$5 -> 59376.989 | EA25: =AT25/AR25 -> 0 | EB25: =CF25/CB25 -> 0 | EC25: =$EC$7 -> 45839 | ED25: =(YEAR(EC25)-YEAR($ED$5))*12+MONTH(EC25)-MONTH($ED$5) -> 20 | EF25: =EC25+65 -> 45904 | EG25: =(YEAR(EF25)-YEAR($EG$5))*12+MONTH(EF25)-MONTH($EG$5)+$EG$4+$EG$3 -> 22 | EH25: BOI | EI25: CTS BARE WITH HIC | EJ25: =EK25/J25 -> 0 | EK25: =AV25 -> 0 | EL25: =AV25/AR25 -> 0 | EP25: =EN25-EO25 -> 0 | ET25: 3D | EU25: =G25=ET25 -> TRUE | EY25: NON BOI- BIR THRESHOLD(CTS FITTED) | EZ25: NON-BOI -BIR THRESHOLD (CTS FITTED) | FA25: =CA25-CH25 -> 0 | FB25: =FD9 -> 0 | FC25: =FC9 -> 0 | FI25: SOLD | FJ25: SOLD | FK25: =FI25=FJ25 -> TRUE | FP25: =FP24-1 -> 23 | FQ25: =EDATE(FR25,FP25) -> 46235 | FR25: 45536 | FW25: 0.125 | FX25: 11704.918 | FY25: 12070.696 | GA25: =CL25 -> 3840572.2 | GB25: =FW25 -> 0.125 | GC25: =GA25*GB25 -> 480071.53 | GD25: =CO25 -> 30000 | GE25: =GC25-GD25 -> 450071.53 | GF25: =$GF$5 -> 35 | GG25: =GE25/GF25 -> 12859.187 | GI25: =GA25 -> 3840572.2 | GJ25: =GI25*$GJ$5 -> 384057.22 | GK25: =GI25*$GK$5 -> 96014.306 | GL25: 15000 | GM25: =GJ25-GL25 -> 369057.22 | GN25: =$GN$5 -> 35 | GO25: =GM25/GN25 -> 10544.492 | GS25: =CL25 -> 3840572.2 | GT25: =CM25 -> 0.125 | GU25: =CN25 -> 480071.53 | GV25: =CO25 -> 30000 | GW25: =CP25 -> 450071.53 | GX25: =CQ25 -> 13 | GY25: =CR25 -> 34620.887 | GZ25: =CS25 -> 0.875 | ... HE25: =CX25 -> 66541.942 | HG25: =GS25 -> 3840572.2 | HH25: =GT25 -> 0.125 | HI25: =GU25 -> 480071.53 | HJ25: =GV25 -> 30000 | HK25: =GW25 -> 450071.53 | HL25: =$HL$5 -> 33 | HM25: =HK25/HL25 -> 13638.531 | HN25: =100%-HH25 -> 0.875 | HO25: =HG25*HN25 -> 3360500.7 | HP25: =-PMT(7%/12,240,HO25,0) -> 26053.926 | HQ25: =-PMT(7%/12,180,HO25,0) -> 30205.13 | HR25: =-PMT(7%/12,120,HO25,0) -> 39018.263 | HS25: =-PMT(7%/12,60,HO25,0) -> 66541.942 | HU25: =HM25-GY25 -> -20982.356
A26: =A25+1 -> 20 | C26: =C25+1 -> 5 | D26: 3rd Floor | E26: =D26 -> 3rd Floor | G26: 3E | H26: E | I26: Studio | J26: 22 | L26: North | M26: End | N26: =$N$5 -> 100909.09 | O26: =J26*N26 -> 2220000 | P26: =$P$13 -> 22400 | Q26: =$Q$5 -> 50000 | W26: =J26*$W$5 -> 22000 | Z26: =$Z$5 -> 75000 | AA26: =SUM(P26:Z26) -> 169400 | AB26: =O26+AA26 -> 2389400 | AC26: =AB26*$AC$5 -> 59735 | AD26: =AB26+AC26 -> 2449135 | AE26: =AD26*$AE$5 -> 61228.375 | AF26: =AD26+AE26 -> 2510363.4 | AG26: =AF26*$AG$5 -> 62759.084 | AH26: =AF26+AG26 -> 2573122.5 | AI26: =AH26*$AI$5 -> 128656.12 | AJ26: =AH26+AI26 -> 2701778.6 | AK26: =AJ26*$AK$5 -> 27017.786 | AL26: =$AL$5 -> 27537.41 | AO26: =AJ26+AK26+AL26+AM26+AN26 -> 2756333.8 | AP26: =AO26*$AP$5 -> 372105.06 | AQ26: =AO26+AP26 -> 3128438.8 | AR26: =AQ26 -> 3128438.8 | AU26: =AT26*$AU$5 -> 0 | AV26: =AT26+AU26 -> 0 | AW26: =AQ26+AU26 -> 3128438.8 | AX26: =AW26*$AX$5 -> 39105.485 | AY26: 0 | AZ26: =AW26+AX26+AY26 -> 3167544.3 | BA26: =AZ26*$BA$5 -> 118782.91 | BC26: =$BC$5*1.12 -> 33600 | BD26: 8990.8966 | BE26: =AZ26+BA26+BB26+BC26+BD26 -> 3328918.1 | BF26: 42723.767 | BG26: =BE26+BF26 -> 3371641.9 | BI26: =BG26+BH26 -> 3371641.9 | BK26: =BI26+BJ26 -> 3371641.9 | BM26: =BK26+BL26 -> 3371641.9 | BO26: =BM26+BN26 -> 3371641.9 | BP26: =$BP$5/37 -> 5065.371 | BQ26: =BO26+BP26 -> 3376707.3 | BR26: =$BR$5/42 -> 3544.6104 | BS26: =BQ26+BR26 -> 3380251.9 | BT26: =$BT$5/41 -> 1609.3168 | BU26: =BS26+BT26 -> 3381861.2 | BV26: =$BV$5/43 -> 1163.3401 | BW26: =$BW$2+$BW$3-BC26 -> 56400 | BX26: =SUM(BU26:BW26) -> 3439424.5 | BY26: =$BY$5/44 -> 30549.184 | BZ26: =BX26+BY26 -> 3469973.7 | CA26: =BZ26 -> 3469973.7 | CB26: =CA26-CD26 -> 3469973.7 | CD26: =CC26*J26 -> 0 | CE26: =CD26*$CE$5 -> 0 | CF26: =CD26+CE26 -> 0 | CG26: =CA26+CE26 -> 3469973.7 | CH26: =CG26 -> 3469973.7 | CI26: =IF(CB26<=$CB$3,0,12%*CB26) -> 0 | CJ26: =CH26*CJ$5 -> 355672.31 | CK26: =CH26*CK$5 -> 121449.08 | CL26: =SUM(CH26:CK26) -> 3947095.1 | CM26: =$CM$5 -> 0.125 | CN26: =CL26*CM26 -> 493386.89 | CO26: =$CO$5 -> 30000 | CP26: =CN26-CO26 -> 463386.89 | CQ26: =VLOOKUP(E26,$IF$6:$IH$19,3,FALSE) -> 13 | CR26: =CP26/CQ26 -> 35645.145 | CS26: =100%-CM26 -> 0.875 | CT26: =CL26*CS26 -> 3453708.2 | CU26: =-PMT($CU$5/12,240,CT26,0) -> 26776.563 | CV26: =-PMT($CU$5/12,180,CT26,0) -> 31042.906 | CW26: =-PMT($CU$5/12,120,CT26,0) -> 40100.481 | CX26: =-PMT($CU$5/12,60,CT26,0) -> 68387.562 | CY26: =(CL26*80%)*$CY$5 -> 280555.7 | CZ26: =(CL26*80%)*$CZ$5 -> 111014.52 | DA26: =(CL26*80%)*$DA$5 -> 80184.217 | DB26: =(CL26*80%)*$DB$5 -> 61023.881 | EA26: =AT26/AR26 -> 0 | EB26: =CF26/CB26 -> 0 | EC26: =$EC$7 -> 45839 | ED26: =(YEAR(EC26)-YEAR($ED$5))*12+MONTH(EC26)-MONTH($ED$5) -> 20 | EF26: =EC26+65 -> 45904 | EG26: =(YEAR(EF26)-YEAR($EG$5))*12+MONTH(EF26)-MONTH($EG$5)+$EG$4+$EG$3 -> 22 | EH26: BOI | EI26: CTS BARE WITH HIC | EJ26: =EK26/J26 -> 0 | EK26: =AV26 -> 0 | EL26: =AV26/AR26 -> 0 | EP26: =EN26-EO26 -> 0 | ET26: 3E | EU26: =G26=ET26 -> TRUE | EY26: NON BOI- BIR THRESHOLD(CTS FITTED) | EZ26: NON-BOI -BIR THRESHOLD (CTS FITTED) | FA26: =CA26-CH26 -> 0 | FB26: =FD10 -> 0 | FC26: =FC10 -> 0 | FI26: UNSOLD | FJ26: UNSOLD | FK26: =FI26=FJ26 -> TRUE | FP26: =FP25-1 -> 22 | FQ26: =EDATE(FR26,FP26) -> 46235 | FR26: 45566 | FW26: 0.125 | FX26: 11704.918 | FY26: 12070.696 | GA26: =CL26 -> 3947095.1 | GB26: =FW26 -> 0.125 | GC26: =GA26*GB26 -> 493386.89 | GD26: =CO26 -> 30000 | GE26: =GC26-GD26 -> 463386.89 | GF26: =$GF$5 -> 35 | GG26: =GE26/GF26 -> 13239.625 | GI26: =GA26 -> 3947095.1 | GJ26: =GI26*$GJ$5 -> 394709.51 | GK26: =GI26*$GK$5 -> 98677.378 | GL26: 15000 | GM26: =GJ26-GL26 -> 379709.51 | GN26: =$GN$5 -> 35 | GO26: =GM26/GN26 -> 10848.843 | GS26: =CL26 -> 3947095.1 | GT26: =CM26 -> 0.125 | GU26: =CN26 -> 493386.89 | GV26: =CO26 -> 30000 | GW26: =CP26 -> 463386.89 | GX26: =CQ26 -> 13 | GY26: =CR26 -> 35645.145 | GZ26: =CS26 -> 0.875 | ... HE26: =CX26 -> 68387.562 | HG26: =GS26 -> 3947095.1 | HH26: =GT26 -> 0.125 | HI26: =GU26 -> 493386.89 | HJ26: =GV26 -> 30000 | HK26: =GW26 -> 463386.89 | HL26: =$HL$5 -> 33 | HM26: =HK26/HL26 -> 14042.027 | HN26: =100%-HH26 -> 0.875 | HO26: =HG26*HN26 -> 3453708.2 | HP26: =-PMT(7%/12,240,HO26,0) -> 26776.563 | HQ26: =-PMT(7%/12,180,HO26,0) -> 31042.906 | HR26: =-PMT(7%/12,120,HO26,0) -> 40100.481 | HS26: =-PMT(7%/12,60,HO26,0) -> 68387.562 | HU26: =HM26-GY26 -> -21603.118
A27: =A26+1 -> 21 | C27: =C26+1 -> 6 | D27: 3rd Floor | E27: =D27 -> 3rd Floor | G27: 3F | H27: F | I27: Studio | J27: 22 | L27: North | M27: End | N27: =$N$5 -> 100909.09 | O27: =J27*N27 -> 2220000 | P27: =$P$13 -> 22400 | Q27: =$Q$5 -> 50000 | W27: =J27*$W$5 -> 22000 | Z27: =$Z$5 -> 75000 | AA27: =SUM(P27:Z27) -> 169400 | AB27: =O27+AA27 -> 2389400 | AC27: =AB27*$AC$5 -> 59735 | AD27: =AB27+AC27 -> 2449135 | AE27: =AD27*$AE$5 -> 61228.375 | AF27: =AD27+AE27 -> 2510363.4 | AG27: =AF27*$AG$5 -> 62759.084 | AH27: =AF27+AG27 -> 2573122.5 | AI27: =AH27*$AI$5 -> 128656.12 | AJ27: =AH27+AI27 -> 2701778.6 | AK27: =AJ27*$AK$5 -> 27017.786 | AL27: =$AL$5 -> 27537.41 | AO27: =AJ27+AK27+AL27+AM27+AN27 -> 2756333.8 | AP27: =AO27*$AP$5 -> 372105.06 | AQ27: =AO27+AP27 -> 3128438.8 | AR27: =AQ27 -> 3128438.8 | AU27: =AT27*$AU$5 -> 0 | AV27: =AT27+AU27 -> 0 | AW27: =AQ27+AU27 -> 3128438.8 | AX27: =AW27*$AX$5 -> 39105.485 | AY27: 0 | AZ27: =AW27+AX27+AY27 -> 3167544.3 | BA27: =AZ27*$BA$5 -> 118782.91 | BC27: =$BC$5*1.12 -> 33600 | BE27: =AZ27+BA27+BB27+BC27+BD27 -> 3319927.2 | BG27: =BE27+BF27 -> 3319927.2 | BI27: =BG27+BH27 -> 3319927.2 | BK27: =BI27+BJ27 -> 3319927.2 | BM27: =BK27+BL27 -> 3319927.2 | BO27: =BM27+BN27 -> 3319927.2 | BQ27: =BO27+BP27 -> 3319927.2 | BS27: =BQ27+BR27 -> 3319927.2 | BU27: =BS27+BT27 -> 3319927.2 | BW27: =$BW$2+$BW$3-BC27 -> 56400 | BX27: =SUM(BU27:BW27) -> 3376327.2 | BZ27: =BX27+BY27 -> 3376327.2 | CA27: =BZ27 -> 3376327.2 | CB27: =CA27-CD27 -> 3376327.2 | CD27: =CC27*J27 -> 0 | CE27: =CD27*$CE$5 -> 0 | CF27: =CD27+CE27 -> 0 | CG27: =CA27+CE27 -> 3376327.2 | CH27: =CG27 -> 3376327.2 | CI27: =IF(CB27<=$CB$3,0,12%*CB27) -> 0 | CJ27: =CH27*CJ$5 -> 346073.54 | CK27: =CH27*CK$5 -> 118171.45 | CL27: =SUM(CH27:CK27) -> 3840572.2 | CM27: =$CM$5 -> 0.125 | CN27: =CL27*CM27 -> 480071.53 | CO27: =$CO$5 -> 30000 | CP27: =CN27-CO27 -> 450071.53 | CQ27: =VLOOKUP(E27,$IF$6:$IH$19,3,FALSE) -> 13 | CR27: =CP27/CQ27 -> 34620.887 | CS27: =100%-CM27 -> 0.875 | CT27: =CL27*CS27 -> 3360500.7 | CU27: =-PMT($CU$5/12,240,CT27,0) -> 26053.926 | CV27: =-PMT($CU$5/12,180,CT27,0) -> 30205.13 | CW27: =-PMT($CU$5/12,120,CT27,0) -> 39018.263 | CX27: =-PMT($CU$5/12,60,CT27,0) -> 66541.942 | CY27: =(CL27*80%)*$CY$5 -> 272984.15 | CZ27: =(CL27*80%)*$CZ$5 -> 108018.5 | DA27: =(CL27*80%)*$DA$5 -> 78020.232 | DB27: =(CL27*80%)*$DB$5 -> 59376.989 | EA27: =AT27/AR27 -> 0 | EB27: =CF27/CB27 -> 0 | EC27: =$EC$7 -> 45839 | ED27: =(YEAR(EC27)-YEAR($ED$5))*12+MONTH(EC27)-MONTH($ED$5) -> 20 | EF27: =EC27+65 -> 45904 | EG27: =(YEAR(EF27)-YEAR($EG$5))*12+MONTH(EF27)-MONTH($EG$5)+$EG$4+$EG$3 -> 22 | EH27: BOI | EI27: CTS BARE WITH HIC | EJ27: =EK27/J27 -> 0 | EK27: =AV27 -> 0 | EL27: =AV27/AR27 -> 0 | EP27: =EN27-EO27 -> 0 | ET27: 3F | EU27: =G27=ET27 -> TRUE | EY27: NON BOI- BIR THRESHOLD(CTS FITTED) | EZ27: NON-BOI -BIR THRESHOLD (CTS FITTED) | FA27: =CA27-CH27 -> 0 | FB27: =FD11 -> 0 | FC27: =FC11 -> 0 | FI27: SOLD | FJ27: SOLD | FK27: =FI27=FJ27 -> TRUE | FP27: 20 | FQ27: =EDATE(FR27,FP27) -> 46204 | FR27: 45597 | FS27: based on updated sched (IOM) July 2026+2 months PMD | FW27: 0.125 | FX27: 11704.918 | FY27: 12070.696 | GA27: =CL27 -> 3840572.2 | GB27: =FW27 -> 0.125 | GC27: =GA27*GB27 -> 480071.53 | GD27: =CO27 -> 30000 | GE27: =GC27-GD27 -> 450071.53 | GF27: =$GF$5 -> 35 | GG27: =GE27/GF27 -> 12859.187 | GI27: =GA27 -> 3840572.2 | GJ27: =GI27*$GJ$5 -> 384057.22 | GK27: =GI27*$GK$5 -> 96014.306 | GL27: 15000 | GM27: =GJ27-GL27 -> 369057.22 | GN27: =$GN$5 -> 35 | GO27: =GM27/GN27 -> 10544.492 | GS27: =CL27 -> 3840572.2 | GT27: =CM27 -> 0.125 | GU27: =CN27 -> 480071.53 | GV27: =CO27 -> 30000 | GW27: =CP27 -> 450071.53 | GX27: =CQ27 -> 13 | GY27: =CR27 -> 34620.887 | GZ27: =CS27 -> 0.875 | ... HE27: =CX27 -> 66541.942 | HG27: =GS27 -> 3840572.2 | HH27: =GT27 -> 0.125 | HI27: =GU27 -> 480071.53 | HJ27: =GV27 -> 30000 | HK27: =GW27 -> 450071.53 | HL27: =$HL$5 -> 33 | HM27: =HK27/HL27 -> 13638.531 | HN27: =100%-HH27 -> 0.875 | HO27: =HG27*HN27 -> 3360500.7 | HP27: =-PMT(7%/12,240,HO27,0) -> 26053.926 | HQ27: =-PMT(7%/12,180,HO27,0) -> 30205.13 | HR27: =-PMT(7%/12,120,HO27,0) -> 39018.263 | HS27: =-PMT(7%/12,60,HO27,0) -> 66541.942 | HU27: =HM27-GY27 -> -20982.356
